Workbook
Name _IPC2018: '[1]Tarifas IDRD 2022'!#REF!
Name _IPC2018: '[1]Tarifas IDRD 2022'!#REF!
Name _IPC2018: 'Tarifas 2025'!#REF!
Name _IPC2022: '[1]Tarifas IDRD 2022'!#REF!
Name AMPAROS_DIS: Tabla2[#All]
Name AMPAROS_DIS: #REF!
Name AMPAROS_DIS: #REF!
Name AMPAROS_DIS: Tabla2[#All]
Name AMPAROS_OBR: #REF!
Name AMPAROS_OBR: [1]!Tabla5[#All]
Name AMPAROS_OBR: [1]!Tabla5[#All]
Name AMPAROS_OBR: #REF!
Name AMPAROS_OBRAS: [1]!Tabla5[#All]
Name AMPAROS_OS: #REF!
Name CIO: '[1]BASE CIO 2022'!$A:$F
Name CIO: '[1]BASE CIO 2022'!$A:$F
Name CIO: 'INSUMOS 2025'!$A:$F
Name ESPE2: 'Tarifas 2025'!$L$2:$L$19
Name PERS_OBRA: Tabla1[#All]
Name PERS_OBRA: [1]!Tabla1[#All]
Name PERS_OBRA: [1]!Tabla1[#All]
Name PERS_OBRA: Tabla1[#All]
Name PERSONAL_OBRA: [1]!Tabla1[#All]
Name PROF3: 'Tarifas 2025'!$M$2:$M$29
Name PROF4: 'Tarifas 2025'!$N$2:$N$38
Name PROF5: 'Tarifas 2025'!$O$2:$O$39
Name PROF6: 'Tarifas 2025'!$P$2:$P$22
Name PROF7: 'Tarifas 2025'!$R$2:$R$14
Name PROF8: 'Tarifas 2025'!$S$2:$S$2
Name PROFAUX: 'Tarifas 2025'!$T$2:$T$4
Name TARIFA_IDRD: '[1]Tarifas IDRD 2022'!$A$2:$G$38
Name TARIFA_IDRD: '[1]Tarifas IDRD 2022'!$A$2:$G$38
Name TARIFA_IDRD: 'Tarifas 2025'!$A$2:$J$37
Name Tipo_Ensayo: '[2]EnsayosLab y Campamento'!$B$3:$B$390

Sheet Portada
A9: UNIDAD ADMINISTRATIVA ESPECIAL DE ORGANIZACIONES SOLIDARIAS
A10: OBRA PÚBLICA - ADECUACIÓN Y REMODELACIÓN SEXTO PISO
A11: INSTALACIONES DE LA ENTIDAD
A16: CÁLCULOS DE AIU DE OBRA V-3
A17: PROYECTO ADECUACIÓN Y REMODELACIÓN SEXTO PISO EDIFICIO SEDE CENTRAL EN BOGOTÁ D.C.
A18: COMPONENTE PRESUPUESTAL
A22: LLEVAR A CABO LA ADECUACIÓN Y REMODELACIÓN DEL SEXTO PISO DE LA SEDE CENTRAL DE LA UNIDAD ADMINISTRATIVA ESPECIAL DE ORGANIZACIONES SOLIDARIAS UBICADA EN LA CRA. 10 NO. 15-22 BOGOTÁ D.C. POR EL SISTEMA DE PRECIOS FIJOS Y VALORES UNITARIOS SIN FÓRMULA DE REAJUSTE.
A30: 45870
A31: ,

Sheet Presupuesto Of.
A1: =+Portada!A9 -> UNIDAD ADMINISTRATIVA ESPECIAL DE ORGANIZACIONES SOLIDARIAS
A2: PRESUPUESTO OFICIAL
A4: OBJETO:
A5: =+Portada!A22 -> LLEVAR A CABO LA ADECUACIÓN Y REMODELACIÓN DEL SEXTO PISO DE LA SEDE CENTRAL DE LA UNIDAD ADMINISTRATIVA ESPECIAL DE ORGANIZACIONES SOLIDARIAS UBICADA EN LA CRA. 10 NO. 15-22 BOGOTÁ D.C. POR EL SISTEMA DE PRECIOS FIJOS Y VALORES UNITARIOS SIN FÓRMULA DE REAJUSTE.
A6: =+Portada!A16 -> CÁLCULOS DE AIU DE OBRA V-3
A7: =[1]Portada!A24 -> 0
A8: Tiempo de desarrollo total | C8: =+Portada!A17 -> PROYECTO ADECUACIÓN Y REMODELACIÓN SEXTO PISO EDIFICIO SEDE CENTRAL EN BOGOTÁ D.C. | F8: de | G8: =+Personal!AJ6 -> 3 | H8: meses distribuidos así:
A10: Periodo de | B10: ETAPA INGENIERÍA DETALLE | C10: 0.5 | D10: MES
A11: Periodo de | B11: ETAPA DE OBRA | C11: 3 | D11: MESES
A15: Este presupuesto fue calculado por | D15: =+A36 -> ARQ. OSCAR ENRIQUE MAYORGA TORRADO | F15: del Grupo de Gestión Administrativa
A20: =+Resumen!A6 -> I. PERSONAL | E20: =+Resumen!C12 -> 97149978
A21: =+Resumen!A14 -> II. + III. COSTOS DIRECTOS OPERACIONALES: ALQUILER DE EQUIPOS, ENSAYOS DE LABORATORIO, SUMINISTROS Y OTROS ELEMENTOS | E21: =+Resumen!C17 -> 5646139
A22: =+Resumen!A19 -> IV. OTROS COSTOS DIRECTOS OPERACIONALES: CAMPAMENTO, CERRAMIENTOS, VIGILANCIA, ETC. | E22: =+Resumen!C21 -> 3446991
A23: =+Resumen!A22 -> IV. SUBTOTAL DE PERSONAL Y COSTOS DIRECTOS OPERACIONALES | E23: =+Resumen!C22 -> 106243108
A24: TOTAL | E24: =SUM(E20:E23) -> 212486216
A25: =[3]Resumen!A31 -> ADMINISTRACIÓN | D25: =+Resumen!B30 -> 0.2894 | E25: =+Resumen!C30 -> 188262574
A26: =[3]Resumen!A32 -> IMPREVISTOS | D26: =+Resumen!B31 -> 0.01 | E26: =+Resumen!C31 -> 8829252
A27: =[3]Resumen!A33 -> UTILIDAD | D27: =+Resumen!B32 -> 0.04 | E27: =+Resumen!C32 -> 35317010
A28: =[3]Resumen!A35 -> VALOR TOTAL DEL AIU | D28: =+Resumen!B34 -> 0.3394 | E28: =+Resumen!C34 -> 232408836
A30: VALOR PRESUPUESTO TOTAL DE OBRA | E30: =+'[5]UAEOS 6o. Piso Presp V3'!$N$7 -> 744063375
A32: Elaboró:
A36: ARQ. OSCAR ENRIQUE MAYORGA TORRADO
A38: Cargo | B38: Contratista HUSJDMI
A43: Revisó:
A44: ÁNGELA MARIA GUTIÉRREZ RESTREPO

Sheet Tarifas 2025
A1: ESCALAS SALARIALES PERSONAL 2024 - 2025 - 2026 | K1: ESPECIALISTA (I) CATEGORÍA 1 (E.G.12;E.E.10) | L1: ESPECIALISTA (II) CATEGORÍA 2 (E.G.10;E.E.7) | M1: PROFESIONAL CATEGORÍA 3 (E.G.8;E.E.5) | N1: PROFESIONAL CATEGORÍA 4 (E.G.6;E.E.4) | O1: PROFESIONAL CATEGORÍA 5 (E.G.4;E.E.3) | P1: PROFESIONAL CATEGORÍA 6 (E.G.3;E.E.1) | Q1: PROFESIONAL CATEGORÍA 6A (E.G.3;E.E.1) | R1: PROFESIONAL CATEGORÍA 7 (E.G.2) | S1: PROFESIONAL CATEGORÍA 8 (E.G.2) | T1: PROFESIONAL AUXILIAR | W1: Seriedad De La Oferta
A2: DESCRIPCIÓN FUNCIONAL | B2: CATEGORÍA | C2: NIVEL | D2: EQUIV | E2: TARIFAS 2022 5,62% | F2: tarifa 2023 incre. IPC 13,12% | G2: Tarifa 2024 Increm.. IPC 9,28% | H2: Tarifa 2025 Proy. IPC 5,20% | I2: Tarifa 2026 Proy. IPC 3,90% | J2: tarifa 2024 Proy. IPC 7,86% | L2: Asesor Director | M2: Director Construcciones | N2: Ing. Ambiental y/o Sanitario (Coordinador Componente) | O2: Residente de Interventoría | P2: Abogado | R2: Residente 2 | S2: Ing. Calidad | T2: Ingeniero Auxiliar | W2: Cumplimiento
F3: 0.1312 | G3: 0.0928 | H3: 0.052 | I3: 0.039 | J3: 0.0786 | L3: Director de Obra | M3: Director Interventoría | N3: Especialista Arq. Diseñador Junior | O3: Calidad | P3: Ingeniero Hidrosanitario y Gas | R3: Ing. Eléctrico | T3: Auxiliar Administrativo | W3: Buen Manejo Del Anticipo
A4: ASESOR | C4: PERSONAL PROFESIONAL | D4: =IF(A4=$K$1,"ESPE1",IF(A4=$L$1,"ESPE2",IF(A4=$M$1,"PROF3",IF(A4=$N$1,"PROF4",IF(A4=$O$1,"PROF5",IF(A4=$P$1,"PROF6",IF(A4=$Q$1,"PROF6A",IF(A4=$R$1,"PROF7",IF(A4=$S$1,"PROF8",IF(A4=$T$1,"PROFAUX",A4)))))))))) -> ASESOR | E4: 12702869 | F4: =ROUND(E4+(E4*$F$3),0) -> 14369485 | G4: =+F4+(F4*$G$3) -> 15702973 | H4: =+G4+(F4*$H$3) -> 16450186 | I4: =+H4+(H4*$I$3) -> 17091744 | J4: =ROUND(F4+(F4*$J$3),0) -> 15498927 | K4: Director del Equipo Validador | L4: Director de Interventoría | M4: Director de Obra | N4: Especialista Arq. Paisajista | O4: Director del proyecto | P4: Profesional Presupuestos y Porgramación | R4: Ing. Calidad | T4: Arquitecto Auxiliar | W4: Pago De Salarios, Prestaciones
A5: ESPECIALISTA (I) CATEGORÍA 1 (E.G.12;E.E.10) | B5: 1 | C5: PERSONAL PROFESIONAL | D5: =IF(A5=$K$1,"ESPE1",IF(A5=$L$1,"ESPE2",IF(A5=$M$1,"PROF3",IF(A5=$N$1,"PROF4",IF(A5=$O$1,"PROF5",IF(A5=$P$1,"PROF6",IF(A5=$Q$1,"PROF6A",IF(A5=$R$1,"PROF7",IF(A5=$S$1,"PROF8",IF(A5=$T$1,"PROFAUX",A5)))))))))) -> ESPE1 | E5: 11935649 | F5: =ROUND(E5+(E5*$F$3),0) -> 13501606 | G5: =+F5+(F5*$G$3) -> 14754555 | H5: =+G5+(F5*$H$3) -> 15456639 | I5: =+H5+(H5*$I$3) -> 16059447 | J5: =ROUND(F5+(F5*$J$3),0) -> 14562832 | L5: Director de Obra Eléctrico | M5: Especialista Geotecnista | N5: Arq. o Ing. Bioclimático | O5: Profesional SG-SST | P5: Profesional Calidad | R5: Ing. Transito | W5: Estabilidad De La Obra
A6: ESPECIALISTA (II) CATEGORÍA 2 (E.G.10;E.E.7) | B6: 2 | C6: PERSONAL PROFESIONAL | D6: =IF(A6=$K$1,"ESPE1",IF(A6=$L$1,"ESPE2",IF(A6=$M$1,"PROF3",IF(A6=$N$1,"PROF4",IF(A6=$O$1,"PROF5",IF(A6=$P$1,"PROF6",IF(A6=$Q$1,"PROF6A",IF(A6=$R$1,"PROF7",IF(A6=$S$1,"PROF8",IF(A6=$T$1,"PROFAUX",A6)))))))))) -> ESPE2 | E6: 7919042 | F6: =ROUND(E6+(E6*$F$3),0) -> 8958020 | G6: =+F6+(F6*$G$3) -> 9789324.3 | H6: =+G6+(F6*$H$3) -> 10255141 | I6: =+H6+(H6*$I$3) -> 10655092 | J6: =ROUND(F6+(F6*$J$3),0) -> 9662120 | L6: Gerente de Proyecto | M6: Diseñador Estructural | N6: Director de Estudios y Diseños y Obra | O6: Especialista Estructural | P6: Profesional Seguridad y Salud en el Trabajo SST | R6: Ing. Forestal de apoyo | W6: Calidad Del Bien O Servicio
A7: PROFESIONAL CATEGORÍA 3 (E.G.8;E.E.5) | B7: 3 | C7: PERSONAL PROFESIONAL | D7: =IF(A7=$K$1,"ESPE1",IF(A7=$L$1,"ESPE2",IF(A7=$M$1,"PROF3",IF(A7=$N$1,"PROF4",IF(A7=$O$1,"PROF5",IF(A7=$P$1,"PROF6",IF(A7=$Q$1,"PROF6A",IF(A7=$R$1,"PROF7",IF(A7=$S$1,"PROF8",IF(A7=$T$1,"PROFAUX",A7)))))))))) -> PROF3 | E7: 7615465 | F7: =ROUND(E7+(E7*$F$3),0) -> 8614614 | G7: =+F7+(F7*$G$3) -> 9414050.2 | H7: =+G7+(F7*$H$3) -> 9862010.1 | I7: =+H7+(H7*$I$3) -> 10246629 | J7: =ROUND(F7+(F7*$J$3),0) -> 9291723 | L7: Abogado espe. En contratación pública | M7: Ingeniero Residente | N7: Director de Interventoría | O7: Abogado Contratación | P7: Ingeniero o Arquitecto Residente de Obra | R7: Ing. Programación | W7: Correcto Funcionamiento
A8: PROFESIONAL CATEGORÍA 4 (E.G.6;E.E.4) | B8: 4 | C8: PERSONAL PROFESIONAL | D8: =IF(A8=$K$1,"ESPE1",IF(A8=$L$1,"ESPE2",IF(A8=$M$1,"PROF3",IF(A8=$N$1,"PROF4",IF(A8=$O$1,"PROF5",IF(A8=$P$1,"PROF6",IF(A8=$Q$1,"PROF6A",IF(A8=$R$1,"PROF7",IF(A8=$S$1,"PROF8",IF(A8=$T$1,"PROFAUX",A8)))))))))) -> PROF4 | E8: 6405660 | F8: =ROUND(E8+(E8*$F$3),0) -> 7246083 | G8: =+F8+(F8*$G$3) -> 7918519.5 | H8: =+G8+(F8*$H$3) -> 8295315.8 | I8: =+H8+(H8*$I$3) -> 8618833.1 | J8: =ROUND(F8+(F8*$J$3),0) -> 7815625 | L8: Biólogo | M8: Especialista Hidráulico | N8: Especialista Eléctrico | O8: Especialista Geotecnia | P8: SISO | R8: Ing. Ambiental | W8: Provision Repuestos Y Accesorios
A9: PROFESIONAL CATEGORÍA 5 (E.G.4;E.E.3) | B9: 5 | C9: PERSONAL PROFESIONAL | D9: =IF(A9=$K$1,"ESPE1",IF(A9=$L$1,"ESPE2",IF(A9=$M$1,"PROF3",IF(A9=$N$1,"PROF4",IF(A9=$O$1,"PROF5",IF(A9=$P$1,"PROF6",IF(A9=$Q$1,"PROF6A",IF(A9=$R$1,"PROF7",IF(A9=$S$1,"PROF8",IF(A9=$T$1,"PROFAUX",A9)))))))))) -> PROF5 | E9: 5056860 | F9: =ROUND(E9+(E9*$F$3),0) -> 5720320 | G9: =+F9+(F9*$G$3) -> 6251165.7 | H9: =+G9+(F9*$H$3) -> 6548622.3 | I9: =+H9+(H9*$I$3) -> 6804018.6 | J9: =ROUND(F9+(F9*$J$3),0) -> 6169937 | L9: Arquitecto Asesor - Maestria | M9: Ing. Ambiental | N9: Especialista Estructural | O9: Ing. En Informática o Telecomunic. O Electrico o Electrónico o Experto en seguridad | P9: Ing. Geotecnista | R9: Arqueólogo | W9: Responsabilidad Civil Extracontractual
A10: PROFESIONAL CATEGORÍA 6 (E.G.3;E.E.1) | B10: 6 | C10: PERSONAL PROFESIONAL | D10: =IF(A10=$K$1,"ESPE1",IF(A10=$L$1,"ESPE2",IF(A10=$M$1,"PROF3",IF(A10=$N$1,"PROF4",IF(A10=$O$1,"PROF5",IF(A10=$P$1,"PROF6",IF(A10=$Q$1,"PROF6A",IF(A10=$R$1,"PROF7",IF(A10=$S$1,"PROF8",IF(A10=$T$1,"PROFAUX",A10)))))))))) -> PROF6 | E10: 4963432 | F10: =ROUND(E10+(E10*$F$3),0) -> 5614634 | G10: =+F10+(F10*$G$3) -> 6135672 | H10: =+G10+(F10*$H$3) -> 6427633 | I10: =+H10+(H10*$I$3) -> 6678310.7 | J10: =ROUND(F10+(F10*$J$3),0) -> 6055944 | L10: Arquitecto Diseñador Senior - Maestria | M10: Arquitecto Urbanista | N10: Especialista Hidráulico | O10: Ingeniero Eléctrico Esp. Redes Secas | P10: Ingeniero Eléctrico | R10: SISO | W10: Disposiciones Legales
A11: PROFESIONAL CATEGORÍA 6A (E.G.3;E.E.1) | B11: 9 | C11: PERSONAL PROFESIONAL | D11: =IF(A11=$K$1,"ESPE1",IF(A11=$L$1,"ESPE2",IF(A11=$M$1,"PROF3",IF(A11=$N$1,"PROF4",IF(A11=$O$1,"PROF5",IF(A11=$P$1,"PROF6",IF(A11=$Q$1,"PROF6A",IF(A11=$R$1,"PROF7",IF(A11=$S$1,"PROF8",IF(A11=$T$1,"PROFAUX",A11)))))))))) -> PROF6A | E11: 5159596 | F11: =ROUND(E11+(E11*$F$3),0) -> 5836535 | G11: =+F11+(F11*$G$3) -> 6378165.4 | H11: =+G11+(F11*$H$3) -> 6681665.3 | I11: =+H11+(H11*$I$3) -> 6942250.2 | J11: =ROUND(F11+(F11*$J$3),0) -> 6295287 | L11: Arquitecto Diseñador Junior - Especialización | M11: Arquitecto Paisajista | N11: Trabajador Social | O11: Ingeniero Eléctrico Diseñador | P11: Arquitecto | R11: Trabajador Social
A12: CONTADOR | B12: 7 | C12: PERSONAL PROFESIONAL | D12: =IF(A12=$K$1,"ESPE1",IF(A12=$L$1,"ESPE2",IF(A12=$M$1,"PROF3",IF(A12=$N$1,"PROF4",IF(A12=$O$1,"PROF5",IF(A12=$P$1,"PROF6",IF(A12=$Q$1,"PROF6A",IF(A12=$R$1,"PROF7",IF(A12=$S$1,"PROF8",IF(A12=$T$1,"PROFAUX",A12)))))))))) -> CONTADOR | E12: 4922862 | F12: =ROUND(E12+(E12*$F$3),0) -> 5568741 | G12: =+F12+(F12*$G$3) -> 6085520.2 | H12: =+G12+(F12*$H$3) -> 6375094.7 | I12: =+H12+(H12*$I$3) -> 6623723.4 | J12: =ROUND(F12+(F12*$J$3),0) -> 6006444 | L12: Arquitecto Urbanista | M12: Especialista Eléctrico | N12: Ingeniero Esp. Geotecnia y Pavimentos | O12: Ingeniero Hidráulico Esp. Redes Húmedas y Gas | P12: Ingeniero Agrónomo Residente | R12: Ing. Hidráulico
A13: TRABAJADOR SOCIAL | B13: 8 | C13: PERSONAL PROFESIONAL | D13: =IF(A13=$K$1,"ESPE1",IF(A13=$L$1,"ESPE2",IF(A13=$M$1,"PROF3",IF(A13=$N$1,"PROF4",IF(A13=$O$1,"PROF5",IF(A13=$P$1,"PROF6",IF(A13=$Q$1,"PROF6A",IF(A13=$R$1,"PROF7",IF(A13=$S$1,"PROF8",IF(A13=$T$1,"PROFAUX",A13)))))))))) -> TRABAJADOR SOCIAL | E13: 4661023 | F13: =ROUND(E13+(E13*$F$3),0) -> 5272549 | G13: =+F13+(F13*$G$3) -> 5761841.5 | H13: =+G13+(F13*$H$3) -> 6036014.1 | I13: =+H13+(H13*$I$3) -> 6271418.6 | J13: =ROUND(F13+(F13*$J$3),0) -> 5686971 | L13: Especialista Geotecnista | M13: Especialista Bioclimático | N13: Ing. Especialista en Pavimentos | O13: Ingeniero Mecánico | P13: Ingeniero Forestal | R13: Presupuesto y cantificacion de obra
A14: PROFESIONAL CATEGORÍA 7 (E.G.2) | B14: 10 | C14: PERSONAL PROFESIONAL | D14: =IF(A14=$K$1,"ESPE1",IF(A14=$L$1,"ESPE2",IF(A14=$M$1,"PROF3",IF(A14=$N$1,"PROF4",IF(A14=$O$1,"PROF5",IF(A14=$P$1,"PROF6",IF(A14=$Q$1,"PROF6A",IF(A14=$R$1,"PROF7",IF(A14=$S$1,"PROF8",IF(A14=$T$1,"PROFAUX",A14)))))))))) -> PROF7 | E14: 4008252 | F14: =ROUND(E14+(E14*$F$3),0) -> 4534135 | G14: =+F14+(F14*$G$3) -> 4954902.7 | H14: =+G14+(F14*$H$3) -> 5190677.7 | I14: =+H14+(H14*$I$3) -> 5393114.2 | J14: =ROUND(F14+(F14*$J$3),0) -> 4890518 | L14: Diseñador Estructural | M14: Esp. Electrónico (sonido, video) | N14: Residente de Obra | O14: Ingeniero Seguridad y Control | P14: Diseñador Gráfico. (Señalitica y señalizacion) | R14: Arq. o Ing. Auxiliar
A15: PROFESIONAL CATEGORÍA 8 (E.G.2) | B15: 11 | C15: PERSONAL PROFESIONAL | D15: =IF(A15=$K$1,"ESPE1",IF(A15=$L$1,"ESPE2",IF(A15=$M$1,"PROF3",IF(A15=$N$1,"PROF4",IF(A15=$O$1,"PROF5",IF(A15=$P$1,"PROF6",IF(A15=$Q$1,"PROF6A",IF(A15=$R$1,"PROF7",IF(A15=$S$1,"PROF8",IF(A15=$T$1,"PROFAUX",A15)))))))))) -> PROF8 | E15: 3648964 | F15: =ROUND(E15+(E15*$F$3),0) -> 4127708 | G15: =+F15+(F15*$G$3) -> 4510759.3 | H15: =+G15+(F15*$H$3) -> 4725400.1 | I15: =+H15+(H15*$I$3) -> 4909690.7 | J15: =ROUND(F15+(F15*$J$3),0) -> 4452146 | L15: Consultor Financiero | M15: Esp. Seguridad y control CCTV | N15: Residente de Obra Esp. Restauración Patrimonial | O15: Arq. Presupuesto, Programación y Control | P15: Ingeniero Tránsito
A16: PROFESIONAL AUXILIAR | B16: 12 | C16: PERSONAL PROFESIONAL | D16: =IF(A16=$K$1,"ESPE1",IF(A16=$L$1,"ESPE2",IF(A16=$M$1,"PROF3",IF(A16=$N$1,"PROF4",IF(A16=$O$1,"PROF5",IF(A16=$P$1,"PROF6",IF(A16=$Q$1,"PROF6A",IF(A16=$R$1,"PROF7",IF(A16=$S$1,"PROF8",IF(A16=$T$1,"PROFAUX",A16)))))))))) -> PROFAUX | E16: 2168806 | F16: =ROUND(E16+(E16*$F$3),0) -> 2453353 | G16: =+F16+(F16*$G$3) -> 2681024.2 | H16: =+G16+(F16*$H$3) -> 2808598.5 | I16: =+H16+(H16*$I$3) -> 2918133.9 | J16: =ROUND(F16+(F16*$J$3),0) -> 2646187 | L16: Consultor Jurídico | M16: Ingeniero Mecánico | N16: Ingeniero Residente de Interventoría | O16: Residente BIM Presupuestos y Programación | P16: Coordinador de Estudios y Diseños
A17: Topógrafo 1 | B17: 13 | C17: PERSONAL TÉCNICO O TECNÓLOGO | D17: =IF(A17=$K$1,"ESPE1",IF(A17=$L$1,"ESPE2",IF(A17=$M$1,"PROF3",IF(A17=$N$1,"PROF4",IF(A17=$O$1,"PROF5",IF(A17=$P$1,"PROF6",IF(A17=$Q$1,"PROF6A",IF(A17=$R$1,"PROF7",IF(A17=$S$1,"PROF8",IF(A17=$T$1,"PROFAUX",A17)))))))))) -> Topógrafo 1 | E17: 2798615 | F17: =ROUND(E17+(E17*$F$3),0) -> 3165793 | G17: =+F17+(F17*$G$3) -> 3459578.6 | H17: =+G17+(F17*$H$3) -> 3624199.8 | I17: =+H17+(H17*$I$3) -> 3765543.6 | J17: =ROUND(F17+(F17*$J$3),0) -> 3414624 | L17: Consultor técnico | M17: Asesor | N17: Ingeniero Residente Eléctrico | O17: Modelador BIM | P17: Biologo
A18: Topógrafo Auxiliar | B18: 14 | C18: PERSONAL TÉCNICO O TECNÓLOGO | D18: =IF(A18=$K$1,"ESPE1",IF(A18=$L$1,"ESPE2",IF(A18=$M$1,"PROF3",IF(A18=$N$1,"PROF4",IF(A18=$O$1,"PROF5",IF(A18=$P$1,"PROF6",IF(A18=$Q$1,"PROF6A",IF(A18=$R$1,"PROF7",IF(A18=$S$1,"PROF8",IF(A18=$T$1,"PROFAUX",A18)))))))))) -> Topógrafo Auxiliar | E18: 2228043 | F18: =ROUND(E18+(E18*$F$3),0) -> 2520362 | G18: =+F18+(F18*$G$3) -> 2754251.6 | H18: =+G18+(F18*$H$3) -> 2885310.4 | I18: =+H18+(H18*$I$3) -> 2997837.5 | J18: =ROUND(F18+(F18*$J$3),0) -> 2718462 | L18: Especialista en Acústica | M18: Prof. En Calidad de Obra Ing o Arq | N18: Ineniero Residente Especializado en Estructuras | O18: Arquitecto Esp. Imágenes, Videos 3D | P18: Contador Publico
A19: Tecnólogo En Ingeniería | B19: 15 | C19: PERSONAL TÉCNICO O TECNÓLOGO | D19: =IF(A19=$K$1,"ESPE1",IF(A19=$L$1,"ESPE2",IF(A19=$M$1,"PROF3",IF(A19=$N$1,"PROF4",IF(A19=$O$1,"PROF5",IF(A19=$P$1,"PROF6",IF(A19=$Q$1,"PROF6A",IF(A19=$R$1,"PROF7",IF(A19=$S$1,"PROF8",IF(A19=$T$1,"PROFAUX",A19)))))))))) -> Tecnólogo En Ingeniería | E19: 2474046 | F19: =ROUND(E19+(E19*$F$3),0) -> 2798641 | G19: =+F19+(F19*$G$3) -> 3058354.9 | H19: =+G19+(F19*$H$3) -> 3203884.2 | I19: =+H19+(H19*$I$3) -> 3328835.7 | J19: =ROUND(F19+(F19*$J$3),0) -> 3018614 | L19: Especialista PMI | M19: Coordinador Estudios Diseños | N19: Arquitecto Residente de Interventoría | O19: Trabajador Social | P19: Trabajador Social
A20: Maestro de Obra 1 | B20: 16 | C20: PERSONAL OPERARIO Y DE APOYO A LA GESTIÓN | D20: =IF(A20=$K$1,"ESPE1",IF(A20=$L$1,"ESPE2",IF(A20=$M$1,"PROF3",IF(A20=$N$1,"PROF4",IF(A20=$O$1,"PROF5",IF(A20=$P$1,"PROF6",IF(A20=$Q$1,"PROF6A",IF(A20=$R$1,"PROF7",IF(A20=$S$1,"PROF8",IF(A20=$T$1,"PROFAUX",A20)))))))))) -> Maestro de Obra 1 | E20: 2078361 | F20: =ROUND(E20+(E20*$F$3),0) -> 2351042 | G20: =+F20+(F20*$G$3) -> 2569218.7 | H20: =+G20+(F20*$H$3) -> 2691472.9 | I20: =+H20+(H20*$I$3) -> 2796440.3 | J20: =ROUND(F20+(F20*$J$3),0) -> 2535834 | M20: Diseñador Grafico (señalética y señalización) | N20: Programación, control y presupuesto | O20: Coordinador | P20: Ingeniero Seguridad y Control
A21: Laboratorista Inspector | B21: 17 | C21: PERSONAL OPERARIO Y DE APOYO A LA GESTIÓN | D21: =IF(A21=$K$1,"ESPE1",IF(A21=$L$1,"ESPE2",IF(A21=$M$1,"PROF3",IF(A21=$N$1,"PROF4",IF(A21=$O$1,"PROF5",IF(A21=$P$1,"PROF6",IF(A21=$Q$1,"PROF6A",IF(A21=$R$1,"PROF7",IF(A21=$S$1,"PROF8",IF(A21=$T$1,"PROFAUX",A21)))))))))) -> Laboratorista Inspector | E21: 2455942 | F21: =ROUND(E21+(E21*$F$3),0) -> 2778162 | G21: =+F21+(F21*$G$3) -> 3035975.4 | H21: =+G21+(F21*$H$3) -> 3180439.9 | I21: =+H21+(H21*$I$3) -> 3304477 | J21: =ROUND(F21+(F21*$J$3),0) -> 2996526 | M21: Presupuesto y Programación | N21: Esp. Seguridad y control CCTV | O21: Arq. Diseñador | P21: Especialista Gestión del Riesgo
A22: Operador De Equipo | B22: 18 | C22: PERSONAL OPERARIO Y DE APOYO A LA GESTIÓN | D22: =IF(A22=$K$1,"ESPE1",IF(A22=$L$1,"ESPE2",IF(A22=$M$1,"PROF3",IF(A22=$N$1,"PROF4",IF(A22=$O$1,"PROF5",IF(A22=$P$1,"PROF6",IF(A22=$Q$1,"PROF6A",IF(A22=$R$1,"PROF7",IF(A22=$S$1,"PROF8",IF(A22=$T$1,"PROFAUX",A22)))))))))) -> Operador De Equipo | E22: 2055965 | F22: =ROUND(E22+(E22*$F$3),0) -> 2325708 | G22: =+F22+(F22*$G$3) -> 2541533.7 | H22: =+G22+(F22*$H$3) -> 2662470.5 | I22: =+H22+(H22*$I$3) -> 2766306.9 | J22: =ROUND(F22+(F22*$J$3),0) -> 2508509 | M22: Experto en análisis y valoración de riesgos | N22: Ing. SST Seguridad Salud en el Trabajo | O22: Arq. Paisajista | P22: Especialista Ambiental
A23: Operador Auxiliar De Equipo | B23: 19 | C23: PERSONAL OPERARIO Y DE APOYO A LA GESTIÓN | D23: =IF(A23=$K$1,"ESPE1",IF(A23=$L$1,"ESPE2",IF(A23=$M$1,"PROF3",IF(A23=$N$1,"PROF4",IF(A23=$O$1,"PROF5",IF(A23=$P$1,"PROF6",IF(A23=$Q$1,"PROF6A",IF(A23=$R$1,"PROF7",IF(A23=$S$1,"PROF8",IF(A23=$T$1,"PROFAUX",A23)))))))))) -> Operador Auxiliar De Equipo | E23: 1519496 | F23: =ROUND(E23+(E23*$F$3),0) -> 1718854 | G23: =+F23+(F23*$G$3) -> 1878363.7 | H23: =+G23+(F23*$H$3) -> 1967744.1 | I23: =+H23+(H23*$I$3) -> 2044486.1 | J23: =ROUND(F23+(F23*$J$3),0) -> 1853956 | M23: Consultor técnico | N23: Ingeniero Mecánico | O23: Esp. Geotecnista
A24: Oficial de Albañilería 2 | B24: 20 | C24: PERSONAL OPERARIO Y DE APOYO A LA GESTIÓN | D24: =IF(A24=$K$1,"ESPE1",IF(A24=$L$1,"ESPE2",IF(A24=$M$1,"PROF3",IF(A24=$N$1,"PROF4",IF(A24=$O$1,"PROF5",IF(A24=$P$1,"PROF6",IF(A24=$Q$1,"PROF6A",IF(A24=$R$1,"PROF7",IF(A24=$S$1,"PROF8",IF(A24=$T$1,"PROFAUX",A24)))))))))) -> Oficial de Albañilería 2 | E24: 1769425 | F24: =ROUND(E24+(E24*$F$3),0) -> 2001574 | G24: =+F24+(F24*$G$3) -> 2187320.1 | H24: =+G24+(F24*$H$3) -> 2291401.9 | I24: =+H24+(H24*$I$3) -> 2380766.6 | J24: =ROUND(F24+(F24*$J$3),0) -> 2158898 | M24: Especialista Estructural | N24: Ing. En Informatica o telecomunicaciones o Eléctrico | O24: Contador
A25: Laboratorista Auxiliar | B25: 21 | C25: PERSONAL OPERARIO Y DE APOYO A LA GESTIÓN | D25: =IF(A25=$K$1,"ESPE1",IF(A25=$L$1,"ESPE2",IF(A25=$M$1,"PROF3",IF(A25=$N$1,"PROF4",IF(A25=$O$1,"PROF5",IF(A25=$P$1,"PROF6",IF(A25=$Q$1,"PROF6A",IF(A25=$R$1,"PROF7",IF(A25=$S$1,"PROF8",IF(A25=$T$1,"PROFAUX",A25)))))))))) -> Laboratorista Auxiliar | E25: 1754430 | F25: =ROUND(E25+(E25*$F$3),0) -> 1984611 | G25: =+F25+(F25*$G$3) -> 2168782.9 | H25: =+G25+(F25*$H$3) -> 2271982.7 | I25: =+H25+(H25*$I$3) -> 2360590 | J25: =ROUND(F25+(F25*$J$3),0) -> 2140601 | M25: Especialista en Urbanismo | N25: Profesional en Pedagogía Infantil | O25: Prof. Financiero Contable
A26: Cadenero 1 | B26: 22 | C26: PERSONAL OPERARIO Y DE APOYO A LA GESTIÓN | D26: =IF(A26=$K$1,"ESPE1",IF(A26=$L$1,"ESPE2",IF(A26=$M$1,"PROF3",IF(A26=$N$1,"PROF4",IF(A26=$O$1,"PROF5",IF(A26=$P$1,"PROF6",IF(A26=$Q$1,"PROF6A",IF(A26=$R$1,"PROF7",IF(A26=$S$1,"PROF8",IF(A26=$T$1,"PROFAUX",A26)))))))))) -> Cadenero 1 | E26: 1709131 | F26: =ROUND(E26+(E26*$F$3),0) -> 1933369 | G26: =+F26+(F26*$G$3) -> 2112785.6 | H26: =+G26+(F26*$H$3) -> 2213320.8 | I26: =+H26+(H26*$I$3) -> 2299640.3 | J26: =ROUND(F26+(F26*$J$3),0) -> 2085332 | M26: Especialista en paisajismo / espacio público | N26: Coordinador Estudios | O26: Ingeniero Forestal
A27: Conductor O Motorista | B27: 23 | C27: PERSONAL OPERARIO Y DE APOYO A LA GESTIÓN | D27: =IF(A27=$K$1,"ESPE1",IF(A27=$L$1,"ESPE2",IF(A27=$M$1,"PROF3",IF(A27=$N$1,"PROF4",IF(A27=$O$1,"PROF5",IF(A27=$P$1,"PROF6",IF(A27=$Q$1,"PROF6A",IF(A27=$R$1,"PROF7",IF(A27=$S$1,"PROF8",IF(A27=$T$1,"PROFAUX",A27)))))))))) -> Conductor O Motorista | E27: 1141907 | F27: =ROUND(E27+(E27*$F$3),0) -> 1291725 | G27: =+F27+(F27*$G$3) -> 1411597.1 | H27: =+G27+(F27*$H$3) -> 1478766.8 | I27: =+H27+(H27*$I$3) -> 1536438.7 | J27: =ROUND(F27+(F27*$J$3),0) -> 1393255 | M27: Especialista Ambiental | N27: Coordinador BIM | O27: Ingeniero Ambiental o Sanitario
A28: Secretaria 1 | B28: 24 | C28: PERSONAL OPERARIO Y DE APOYO A LA GESTIÓN | D28: =IF(A28=$K$1,"ESPE1",IF(A28=$L$1,"ESPE2",IF(A28=$M$1,"PROF3",IF(A28=$N$1,"PROF4",IF(A28=$O$1,"PROF5",IF(A28=$P$1,"PROF6",IF(A28=$Q$1,"PROF6A",IF(A28=$R$1,"PROF7",IF(A28=$S$1,"PROF8",IF(A28=$T$1,"PROFAUX",A28)))))))))) -> Secretaria 1 | E28: 1436940 | F28: =ROUND(E28+(E28*$F$3),0) -> 1625467 | G28: =+F28+(F28*$G$3) -> 1776310.3 | H28: =+G28+(F28*$H$3) -> 1860834.6 | I28: =+H28+(H28*$I$3) -> 1933407.2 | J28: =ROUND(F28+(F28*$J$3),0) -> 1753229 | M28: Especialista en Movilidad | N28: Diseñador Grafico (señalética y señalización) | O28: Biólogo o Ecólogo
A29: Secretaria 2 | B29: 25 | C29: PERSONAL OPERARIO Y DE APOYO A LA GESTIÓN | D29: =IF(A29=$K$1,"ESPE1",IF(A29=$L$1,"ESPE2",IF(A29=$M$1,"PROF3",IF(A29=$N$1,"PROF4",IF(A29=$O$1,"PROF5",IF(A29=$P$1,"PROF6",IF(A29=$Q$1,"PROF6A",IF(A29=$R$1,"PROF7",IF(A29=$S$1,"PROF8",IF(A29=$T$1,"PROFAUX",A29)))))))))) -> Secretaria 2 | E29: 1148160 | F29: =ROUND(E29+(E29*$F$3),0) -> 1298799 | G29: =+F29+(F29*$G$3) -> 1419327.5 | H29: =+G29+(F29*$H$3) -> 1486865.1 | I29: =+H29+(H29*$I$3) -> 1544852.8 | J29: =ROUND(F29+(F29*$J$3),0) -> 1400885 | M29: Arq. Escenografo | N29: Contador Publico | O29: Abogado
A30: Cadenero 2 | B30: 26 | C30: PERSONAL OPERARIO Y DE APOYO A LA GESTIÓN | D30: =IF(A30=$K$1,"ESPE1",IF(A30=$L$1,"ESPE2",IF(A30=$M$1,"PROF3",IF(A30=$N$1,"PROF4",IF(A30=$O$1,"PROF5",IF(A30=$P$1,"PROF6",IF(A30=$Q$1,"PROF6A",IF(A30=$R$1,"PROF7",IF(A30=$S$1,"PROF8",IF(A30=$T$1,"PROFAUX",A30)))))))))) -> Cadenero 2 | E30: 1444369 | F30: =ROUND(E30+(E30*$F$3),0) -> 1633870 | G30: =+F30+(F30*$G$3) -> 1785493.1 | H30: =+G30+(F30*$H$3) -> 1870454.4 | I30: =+H30+(H30*$I$3) -> 1943402.1 | J30: =ROUND(F30+(F30*$J$3),0) -> 1762292 | N30: Especialista en Finanzas | O30: Ing. o Arq. Residente
A31: Celador | B31: 27 | C31: PERSONAL OPERARIO Y DE APOYO A LA GESTIÓN | D31: =IF(A31=$K$1,"ESPE1",IF(A31=$L$1,"ESPE2",IF(A31=$M$1,"PROF3",IF(A31=$N$1,"PROF4",IF(A31=$O$1,"PROF5",IF(A31=$P$1,"PROF6",IF(A31=$Q$1,"PROF6A",IF(A31=$R$1,"PROF7",IF(A31=$S$1,"PROF8",IF(A31=$T$1,"PROFAUX",A31)))))))))) -> Celador | E31: 1000000 | F31: 1160000 | G31: 1300000 | H31: =+G31+(F31*$H$3) -> 1360320 | I31: =+H31+(H31*$I$3) -> 1413372.5 | J31: =ROUND(F31+(F31*$J$3),0) -> 1251176 | N31: Experto en Project Finance | O31: Ing. Residente Especializado en Estrcuturas
A32: Digitador 1 | B32: 28 | C32: PERSONAL OPERARIO Y DE APOYO A LA GESTIÓN | D32: =IF(A32=$K$1,"ESPE1",IF(A32=$L$1,"ESPE2",IF(A32=$M$1,"PROF3",IF(A32=$N$1,"PROF4",IF(A32=$O$1,"PROF5",IF(A32=$P$1,"PROF6",IF(A32=$Q$1,"PROF6A",IF(A32=$R$1,"PROF7",IF(A32=$S$1,"PROF8",IF(A32=$T$1,"PROFAUX",A32)))))))))) -> Digitador 1 | E32: 2267109 | F32: =ROUND(E32+(E32*$F$3),0) -> 2564554 | G32: =+F32+(F32*$G$3) -> 2802544.6 | H32: =+G32+(F32*$H$3) -> 2935901.4 | I32: =+H32+(H32*$I$3) -> 3050401.6 | J32: =ROUND(F32+(F32*$J$3),0) -> 2766128 | N32: Consultor contable y tributario | O32: Arq. Residente
A33: Digitador 2 | B33: 29 | C33: PERSONAL OPERARIO Y DE APOYO A LA GESTIÓN | D33: =IF(A33=$K$1,"ESPE1",IF(A33=$L$1,"ESPE2",IF(A33=$M$1,"PROF3",IF(A33=$N$1,"PROF4",IF(A33=$O$1,"PROF5",IF(A33=$P$1,"PROF6",IF(A33=$Q$1,"PROF6A",IF(A33=$R$1,"PROF7",IF(A33=$S$1,"PROF8",IF(A33=$T$1,"PROFAUX",A33)))))))))) -> Digitador 2 | E33: 1832633 | F33: =ROUND(E33+(E33*$F$3),0) -> 2073074 | G33: =+F33+(F33*$G$3) -> 2265455.3 | H33: =+G33+(F33*$H$3) -> 2373255.1 | I33: =+H33+(H33*$I$3) -> 2465812.1 | J33: =ROUND(F33+(F33*$J$3),0) -> 2236018 | N33: Especialista Social | O33: Ing. O Arq. Experto en Piscinas
A34: Administrador | B34: 30 | C34: PERSONAL OPERARIO Y DE APOYO A LA GESTIÓN | D34: =IF(A34=$K$1,"ESPE1",IF(A34=$L$1,"ESPE2",IF(A34=$M$1,"PROF3",IF(A34=$N$1,"PROF4",IF(A34=$O$1,"PROF5",IF(A34=$P$1,"PROF6",IF(A34=$Q$1,"PROF6A",IF(A34=$R$1,"PROF7",IF(A34=$S$1,"PROF8",IF(A34=$T$1,"PROFAUX",A34)))))))))) -> Administrador | E34: 2455942 | F34: =ROUND(E34+(E34*$F$3),0) -> 2778162 | G34: =+F34+(F34*$G$3) -> 3035975.4 | H34: =+G34+(F34*$H$3) -> 3180439.9 | I34: =+H34+(H34*$I$3) -> 3304477 | J34: =ROUND(F34+(F34*$J$3),0) -> 2996526 | N34: Arqueólogo de obra | O34: Diseñador Grafico (señalética y señalización)
A35: Almacenista | B35: 31 | C35: PERSONAL OPERARIO Y DE APOYO A LA GESTIÓN | D35: =IF(A35=$K$1,"ESPE1",IF(A35=$L$1,"ESPE2",IF(A35=$M$1,"PROF3",IF(A35=$N$1,"PROF4",IF(A35=$O$1,"PROF5",IF(A35=$P$1,"PROF6",IF(A35=$Q$1,"PROF6A",IF(A35=$R$1,"PROF7",IF(A35=$S$1,"PROF8",IF(A35=$T$1,"PROFAUX",A35)))))))))) -> Almacenista | E35: 1182962 | F35: =ROUND(E35+(E35*$F$3),0) -> 1338167 | G35: =+F35+(F35*$G$3) -> 1462348.9 | H35: =+G35+(F35*$H$3) -> 1531933.6 | I35: =+H35+(H35*$I$3) -> 1591679 | J35: =ROUND(F35+(F35*$J$3),0) -> 1443347 | N35: Especialista en seguros | O35: Ing. o Arq. Auxiliares (Arqueologo)
A36: Vigilante Armado 24 Horas (VigilanciaObras | B36: 32 | C36: PERSONAL OPERARIO Y DE APOYO A LA GESTIÓN | D36: =IF(A36=$K$1,"ESPE1",IF(A36=$L$1,"ESPE2",IF(A36=$M$1,"PROF3",IF(A36=$N$1,"PROF4",IF(A36=$O$1,"PROF5",IF(A36=$P$1,"PROF6",IF(A36=$Q$1,"PROF6A",IF(A36=$R$1,"PROF7",IF(A36=$S$1,"PROF8",IF(A36=$T$1,"PROFAUX",A36)))))))))) -> Vigilante Armado 24 Horas (VigilanciaObras | F36: 11442147 | G36: =+F36+(F36*$G$3) -> 12503978 | H36: =+G36+(F36*$H$3) -> 13098970 | I36: =+H36+(H36*$I$3) -> 13609830 | N36: Especialista en vías | O36: Asesor obra Proyecto Leed y Sostenibilidad
A37: Mensajero | B37: 33 | C37: PERSONAL OPERARIO Y DE APOYO A LA GESTIÓN | D37: Mensajero | E37: 1000000 | F37: 1160000 | G37: 1300000 | H37: =+G37+(F37*$H$3) -> 1360320 | I37: =+H37+(H37*$I$3) -> 1413372.5 | J37: =+F37+(F37*$J$3) -> 1251176 | K37: salario SLMLV | N37: Especialista electromecánico | O37: Consultor jurídico junior
N38: Abogado. Con postgrado en contratación estatal o derecho administrativo. Experiencia especifica en auditoría de contratos estatales | O38: Ing. Geometría y Señalización Vial
O39: Ing. Especialista Transito y Transporte

Sheet INSUMOS 2025
A1: Código | B1: Descripcion | C1: Unidad | D1: Fecha | E1: Año | F1: Precio Unitario | G1: Referencia | H1: Grupo | I1: Proveedor
A2: 2 | B2: ABRAZADERA 1" DELGADA DE CREMALLERA(A=9-10MM) | C2: UN | E2: 1900 | F2: 0 | H2: MOBILIARIO PARQUES | I2: 5898454121 - BALERCO S.A.S.
A3: 3 | B3: ABRAZADERA 1/2" DELGADA DE CREMALLERA | C3: UN | E3: 1900 | F3: 0 | H3: MOBILIARIO URBANO Y SEÑALIZAC. | I3: 5898454121 - BALERCO S.A.S.
A4: 4 | B4: ALAMBRE DE PUA Cal. 12½ | C4: ML | D4: 45013 | E4: 2023 | F4: 774 | H4: MOBILIARIO URBANO Y SEÑALIZAC. | I4: 5898454121 - BALERCO S.A.S.
A5: 5 | B5: ALAMBRE GALVANIZADO Cal. 10 | C5: KG | E5: 1900 | F5: 0 | H5: MOBILIARIO PARQUES | I5: 5898454121 - BALERCO S.A.S.
A6: 6 | B6: ALAMBRE GALVANIZADO Cal. 16 | C6: KG | D6: 44589 | E6: 2022 | F6: 7517 | H6: MOBILIARIO PARQUES | I6: 5898454121 - BALERCO S.A.S.
A7: 7 | B7: ALAMBRE GALVANIZADO Cal. 14 | C7: KG | D7: 43537 | E7: 2019 | F7: 4549 | H7: MOBILIARIO URBANO Y SEÑALIZAC. | I7: 5898454121 - BALERCO S.A.S.
A8: 9 | B8: ALAMBRE NEGRO Cal. 18 | C8: KG | D8: 45001 | E8: 2023 | F8: 6521 | H8: MOBILIARIO PARQUES | I8: 5898454121 - BALERCO S.A.S.
A9: 10 | B9: ANGULO ¼" x 2" | C9: ML | D9: 45016 | E9: 2023 | F9: 28516.01 | H9: MOBILIARIO PARQUES | I9: 5898454121 - BALERCO S.A.S.
A10: 11 | B10: ANGULO 1/8" x 3/4" | C10: ML | D10: 45016 | E10: 2023 | F10: 10210 | H10: MOBILIARIO PARQUES | I10: 5898454121 - BALERCO S.A.S.
A11: 12 | B11: CABLE ALMA ACERO 3/8" | C11: ML | E11: 1900 | F11: 0 | H11: MOBILIARIO PARQUES | I11: 5898454121 - BALERCO S.A.S.
A12: 13 | B12: CABLE ALMA FIBRA 3/8" | C12: ML | E12: 1900 | F12: 0 | H12: MOBILIARIO PARQUES | I12: 5898454121 - BALERCO S.A.S.
A13: 14 | B13: CANAL "U" DE 4" LIVIANO | C13: UN | E13: 1900 | F13: 0 | H13: MOBILIARIO PARQUES | I13: 5898454121 - BALERCO S.A.S.
A14: 15 | B14: SIKALISTO RESANE 25kg | C14: KG | E14: 1900 | F14: 0 | H14: MOBILIARIO PARQUES | I14: 5898454121 - BALERCO S.A.S.
A15: 17 | B15: ACOPLE PARA LAVAMANOS Y SANITARIO PLASTICO | C15: UN | E15: 1900 | F15: 0 | H15: MOBILIARIO PARQUES | I15: 5898454121 - BALERCO S.A.S.
A16: 18 | B16: Piso NEGRO EMEFLEX (Sum+transp) | C16: M2 | E16: 1900 | F16: 0 | H16: MOBILIARIO PARQUES | I16: 5898454121 - BALERCO S.A.S.
A17: 19 | B17: HIERRO PR-60 Corru/Fig 1" Kg | C17: KG | D17: 43532 | E17: 2019 | F17: 2760 | H17: VARIOS | I17: 8956232 - IDRD - MEDIA ARMONICA COTIZACIONES
A18: 20 | B18: HIERRO A-40 Liso/Rect ½" | C18: KG | D18: 44987 | E18: 2023 | F18: 4701 | H18: CABLES | I18: 66665555555 - IDRD - MEDIA ARITMETICA DE COTIZACIONES
A19: 21 | B19: HIERRO PR-60 Corru/Rec ½" | C19: ML | D19: 44987 | E19: 2023 | F19: 4701 | H19: MOBILIARIO URBANO Y SEÑALIZAC. | I19: 66665555555 - IDRD - MEDIA ARITMETICA DE COTIZACIONES
A20: 22 | B20: CASETEX Aligerante textil estr | C20: M2 | E20: 1900 | F20: 0 | H20: MOBILIARIO URBANO Y SEÑALIZAC. | I20: 555555555555 - IDRD - MEDIANA DE COTIZACIONES
A21: 23 | B21: HIERRO A-36 Liso/Rect 3/4" | C21: ML | D21: 44657 | E21: 2022 | F21: 2224 | H21: MISCELANEA | I21: 555555555555 - IDRD - MEDIANA DE COTIZACIONES
A22: 24 | B22: HIERRO PR-60 Corru/Rec 3/4" | C22: ML | D22: 44987 | E22: 2023 | F22: 10575.99 | H22: MISCELANEA | I22: 8956232 - IDRD - MEDIA ARMONICA COTIZACIONES
A23: 25 | B23: HIERRO A-40 Liso/Rect 3/8" | C23: KG | D23: 44987 | E23: 2023 | F23: 4701 | G23: DK-0B +DKT2B | H23: APARATOS ELECTRICOS | I23: 555555555555 - IDRD - MEDIANA DE COTIZACIONES
A24: 27 | B24: HIERRO CUADRADO 10mm | C24: ML | D24: 45009 | E24: 2023 | F24: 3984 | G24: DK-0B +DKT2B | H24: APARATOS ELECTRICOS | I24: 555555555555 - IDRD - MEDIANA DE COTIZACIONES
A25: 29 | B25: LAMINA COLD ROLLED Cal.16 4x8M | C25: UN | E25: 1900 | F25: 0 | G25: DK-0B +DKT2B | H25: APARATOS ELECTRICOS | I25: 6555555555 - IDRD - MENOR VALOR DE COTIZACIONES
A26: 30 | B26: LAMINA COLD ROLLED Cal.- 18 1x2 M | C26: UN | D26: 45013 | E26: 2023 | F26: 178243 | G26: DK-0B +DKT2B | H26: APARATOS ELECTRICOS | I26: 6555555555 - IDRD - MENOR VALOR DE COTIZACIONES
A27: 31 | B27: LAMINA COLD ROLLED Cal.20 1x2M | C27: UN | E27: 1900 | F27: 0 | H27: PISCINAS | I27: 6555555555 - IDRD - MENOR VALOR DE COTIZACIONES
A28: 32 | B28: LAMINA COLD ROLLED Cal.22 1x2M | C28: UN | E28: 1900 | F28: 0 | H28: PISCINAS | I28: 6555555555 - IDRD - MENOR VALOR DE COTIZACIONES
A29: 33 | B29: LAMINA COLD ROLLED Cal.24 1x2M | C29: UN | E29: 1900 | F29: 0 | H29: PISCINAS | I29: 6555555555 - IDRD - MENOR VALOR DE COTIZACIONES
A30: 35 | B30: MALLA CERRAMIENTO Eslabonada.Cal.10(Hueco 2"X2") | C30: M2 | D30: 45016 | E30: 2023 | F30: 28727 | H30: PISCINAS | I30: 6555555555 - IDRD - MENOR VALOR DE COTIZACIONES
A31: 36 | B31: ALAMBRE DE PUAS C-12.5X330 MTS | C31: RLL | E31: 1900 | F31: 0 | H31: PISCINAS | I31: 555555555555 - IDRD - MEDIANA DE COTIZACIONES
A32: 38 | B32: MALLA M-131 - 15 x 15 x 5mm | C32: UN | D32: 44657 | E32: 2022 | F32: 160388 | H32: PISCINAS | I32: 555555555555 - IDRD - MEDIANA DE COTIZACIONES
A33: 39 | B33: MALLA L-098 (HELIACERO) 20 x 20 x 5mm | C33: UN | E33: 1900 | F33: 0 | H33: PISCINAS | I33: 562221312 - IDRD - VALOR CIO AJUSTADO
A34: 40 | B34: MALLA M-188 - 15 x 15 x 6mm | C34: UN | D34: 44987 | E34: 2023 | F34: 222465 | H34: PISCINAS | I34: 562221312 - IDRD - VALOR CIO AJUSTADO
A35: 41 | B35: MALLA Q-8 CONCREMALLA-8.5MM(6x2.35M)Hueco:15X15CM | C35: UN | E35: 1900 | F35: 0 | H35: PISCINAS | I35: 562221312 - IDRD - VALOR CIO AJUSTADO
A36: 42 | B36: MALLA Q- 2 CONCREMALLA-4MM(6x2.35M)Hueco:15X15CM | C36: UN | E36: 1900 | F36: 0 | H36: PISCINAS | I36: 562221312 - IDRD - VALOR CIO AJUSTADO
A37: 43 | B37: MALLA Q- 5 -CONCREMALLA- 6MM(6x2.35)hUECO:15X15CM | C37: UN | E37: 1900 | F37: 0 | H37: PISCINAS | I37: 562221312 - IDRD - VALOR CIO AJUSTADO
A38: 44 | B38: MALLA Q- 0 CONCREMALLA-3MM(6x2.35M)Hueco:15X15CM | C38: UN | E38: 1900 | F38: 0 | H38: PISCINAS | I38: 562221312 - IDRD - VALOR CIO AJUSTADO
A39: 45 | B39: MALLA R- 21 CONCREMALLA-4mm(15x25 M ) | C39: UN | E39: 1900 | F39: 0 | H39: CABLES | I39: 562221312 - IDRD - VALOR CIO AJUSTADO
A40: 47 | B40: MALLA Q-3 CONCREMALLA-5MM(6x2.35M)Hueco:15X15CM | C40: UN | E40: 1900 | F40: 0 | H40: TUBERIA | I40: 562221312 - IDRD - VALOR CIO AJUSTADO
A41: 48 | B41: ALAMBRE DE COBRE DESNUDO No 14 | C41: ML | E41: 1900 | F41: 0 | H41: CABLES | I41: 562221312 - IDRD - VALOR CIO AJUSTADO
A42: 49 | B42: PERFIL ESTRUCTURAL C 120 X60 1.2 MM. | C42: ML | E42: 1900 | F42: 0 | H42: CABLES | I42: 562221312 - IDRD - VALOR CIO AJUSTADO
A43: 50 | B43: PERFIL ESTRUCTURAL C18 Galv. 16x6mts. ACESCO | C43: ML | E43: 1900 | F43: 0 | H43: CABLES | I43: 562221312 - IDRD - VALOR CIO AJUSTADO
A44: 51 | B44: PERFIL ESTRUCTURAL C 18 Galv. 22x8mts. ACESCO | C44: ML | E44: 1900 | F44: 0 | H44: MISCELANEA | I44: 555555555555 - IDRD - MEDIANA DE COTIZACIONES
A45: 52 | B45: PLATINA 1/4" x 1 1/2" x 6m | C45: UN | D45: 45013 | E45: 2023 | F45: 51866 | H45: CABLES | I45: 562221312 - IDRD - VALOR CIO AJUSTADO
A46: 53 | B46: TUBO CUADRADO 1" Cal. 18 CR | C46: ML | D46: 45062 | E46: 2023 | F46: 9050 | H46: MISCELANEA | I46: 6555555555 - IDRD - MENOR VALOR DE COTIZACIONES
A47: 54 | B47: TUBO CUADRADO 3/4" Cal. 20 | C47: ML | E47: 1900 | F47: 0 | H47: MISCELANEA | I47: 8956232 - IDRD - MEDIA ARMONICA COTIZACIONES
A48: 55 | B48: TUBO CUADRADO 1 1/2" Cal. 20 | C48: ML | D48: 45062 | E48: 2023 | F48: 10464 | G48: 14CM150 | H48: TUBERIA | I48: 562221312 - IDRD - VALOR CIO AJUSTADO
A49: 56 | B49: VIGA EN "I" 4" PESADA 6Mts. | C49: ML | E49: 1900 | F49: 0 | G49: MDCI | H49: PAVIMENTOS | I49: 555555555555 - IDRD - MEDIANA DE COTIZACIONES
A50: 57 | B50: VENTANA SALA COMEDOR 1.5X1.8 | C50: M2 | E50: 1900 | F50: 0 | G50: FACOMEC | H50: CABLES | I50: 860061089 - IDRD - PROYECCIÒN
A51: 59 | B51: VENTANA ALCOBA Cal. 20 | C51: M2 | E51: 1900 | F51: 0 | H51: Pisos | I51: 555555555555 - IDRD - MEDIANA DE COTIZACIONES
A52: 61 | B52: BALASTO SILVANIA 2X32 | C52: UN | E52: 1900 | F52: 0 | G52: 76CT1/0 | H52: CABLES | I52: 562221312 - IDRD - VALOR CIO AJUSTADO
A53: 62 | B53: ARENA LAVADA DE PEÑA (Sin Transporte) | C53: M3 | D53: 45086 | E53: 2023 | F53: 105092.01 | G53: 76CT1/0 | H53: CABLES | I53: 562221312 - IDRD - VALOR CIO AJUSTADO
A54: 63 | B54: BALASTRO DE RIO | C54: M3 | E54: 1900 | F54: 0 | G54: 76CT1/0 | H54: CABLES | I54: 562221312 - IDRD - VALOR CIO AJUSTADO
A55: 64 | B55: ARENA LAVADA DE RIO (Sin Transporte) | C55: M3 | D55: 45069 | E55: 2023 | F55: 66292 | H55: PLATINAS, TUBOS ESTRUCTU | I55: 562221312 - IDRD - VALOR CIO AJUSTADO
A56: 66 | B56: DUCTO TEL.LIV.3"(TUBO 6M)PAVCO | C56: ML | E56: 1900 | F56: 0 | H56: APARATOS ELECTRICOS | I56: 8956232 - IDRD - MEDIA ARMONICA COTIZACIONES
A57: 67 | B57: UNION PRESION Ø4"PVC- S/NORMA ICONTEC | C57: UN | D57: 44588 | E57: 2022 | F57: 48231 | H57: APARATOS ELECTRICOS | I57: 66665555555 - IDRD - MEDIA ARITMETICA DE COTIZACIONES
A58: 69 | B58: AYUDANTE ALBAÑIL GENERAL SIN PRESTAC. HORA | C58: HR | D58: 45329 | E58: 2024 | F58: 5075 | H58: TUBERIA | I58: 555555555555 - IDRD - MEDIANA DE COTIZACIONES
A59: 70 | B59: CEMENTO BLANCO 40 Kg | C59: KG | D59: 44988 | E59: 2023 | F59: 1681.01 | H59: TUBERIA | I59: 555555555555 - IDRD - MEDIANA DE COTIZACIONES
A60: 72 | B60: MINERAL COLOR ROJO | C60: KG | D60: 45009 | E60: 2023 | F60: 16971.99 | H60: TUBERIA | I60: 555555555555 - IDRD - MEDIANA DE COTIZACIONES
A61: 74 | B61: LAVAMANOS RIVIERA PREMIUM | C61: UN | E61: 1900 | F61: 0 | H61: MISCELANEA | I61: 6555555555 - IDRD - MENOR VALOR DE COTIZACIONES
A62: 77 | B62: LAVAMANOS CANCILLER BLANCO | C62: UN | E62: 1900 | F62: 0 | H62: APARATOS ELECTRICOS | I62: 8956232 - IDRD - MEDIA ARMONICA COTIZACIONES
A63: 78 | B63: SANITARIO NUEVO EMBAJADOR | C63: UN | E63: 1900 | F63: 0 | H63: CAJAS, ARMARIOS, TABLEROS | I63: 555555555555 - IDRD - MEDIANA DE COTIZACIONES
A64: 82 | B64: CONCRETO FLUIDO 3000 psi Gr=1" | C64: M3 | E64: 1900 | F64: 0 | H64: CORTACIRCUITOS | I64: 555555555555 - IDRD - MEDIANA DE COTIZACIONES
A65: 83 | B65: GRANITO DEL 2 A 3 BLANCO NEIVA (40Kg) | C65: BTO | D65: 45009 | E65: 2023 | F65: 18182 | H65: ACCESORIOS | I65: 666665454444 - IDRD - MENOR PRECIO DE COTIZACIONES
A66: 85 | B66: Gravilla Fina de rio 1/2" M3 (Con Transporte) | C66: M3 | D66: 45014 | E66: 2023 | F66: 172291 | H66: MEDIDORES | I66: 555555555555 - IDRD - MEDIANA DE COTIZACIONES
A67: 86 | B67: HIERRO 40 Liso/Rect ½" | C67: KG | D67: 44589 | E67: 2022 | F67: 5343 | H67: INST. ELECTRICAS | I67: 555555555555 - IDRD - MEDIANA DE COTIZACIONES
A68: 87 | B68: COCINA SIST.1 51x150 AMERICAN | C68: UN | E68: 1900 | F68: 0 | H68: CABLES | I68: 8956232 - IDRD - MEDIA ARMONICA COTIZACIONES
A69: 88 | B69: CAMPANA EXTRAC.44cm. AMERICAN | C69: UN | E69: 1900 | F69: 0 | G69: 3052007350 | H69: AISLAMIENTOS | I69: 562221312 - IDRD - VALOR CIO AJUSTADO
A70: 89 | B70: TABLETA YOMASA 10x10x2 Fab. | C70: UN | E70: 1900 | F70: 0 | G70: 10179 | H70: ACCESORIOS | I70: 66665555555 - IDRD - MEDIA ARITMETICA DE COTIZACIONES
A71: 91 | B71: MALLA Protec.10mmx10mm 2M.Anch | C71: ML | E71: 1900 | F71: 0 | G71: 26CA04 | H71: CABLES | I71: 8956232 - IDRD - MEDIA ARMONICA COTIZACIONES
A72: 93 | B72: BLOQUE ESCORIA CONCREBLOCK 15x20x60 Fab. | C72: UN | E72: 1900 | F72: 0 | H72: PREFABRICADOS METALICOS | I72: 8956232 - IDRD - MEDIA ARMONICA COTIZACIONES
A73: 94 | B73: TABLETA YOMASA 10x20x3 Obra | C73: UN | E73: 1900 | F73: 0 | H73: CERCHAS,VIGAS, ANG, PERFILES | I73: 8956232 - IDRD - MEDIA ARMONICA COTIZACIONES
A74: 98 | B74: PIEDRA MEDIA ZONGA - RAJON (25-40cm) Sum+Transporte | C74: M3 | D74: 45002 | E74: 2023 | F74: 94838 | H74: ACEROS,HIERROS/MALLAS,CERCHAS | I74: 555555555555 - IDRD - MEDIANA DE COTIZACIONES
A75: 99 | B75: CUBIERTA Arq. Galv.3.05 color | C75: UN | E75: 1900 | F75: 0 | H75: PREFABRICADOS METALICOS | I75: 555555555555 - IDRD - MEDIANA DE COTIZACIONES
A76: 101 | B76: TRITURADO DE MAQUINA DE 1A sin transp. | C76: M3 | E76: 1900 | F76: 0 | H76: INST. ELECTRICAS | I76: 6555555555 - IDRD - MENOR VALOR DE COTIZACIONES
A77: 103 | B77: VITROMURO .0.19 x0.19x0.08 | C77: UN | E77: 1900 | F77: 0 | H77: MISCELANEA | I77: 6555555555 - IDRD - MENOR VALOR DE COTIZACIONES
A78: 106 | B78: BLOQUE CONCRETO CONCREBLOCK 10x20x40 Fab. | C78: UN | E78: 1900 | F78: 0 | G78: TWC-12M | H78: CAJAS, ARMARIOS, TABLEROS | I78: 6555555555 - IDRD - MENOR VALOR DE COTIZACIONES
A79: 107 | B79: BLOQUE CONCRETO CONCREBLOCK 20x20x40 Fab. | C79: UN | E79: 1900 | F79: 0 | G79: TWC-12M | H79: CAJAS, ARMARIOS, TABLEROS | I79: 666666666252 - IDRD - MEDIA GEOMETRICA COTIZACIONES
A80: 109 | B80: MORTERO 2000 PSI Cte. - Ar | C80: M3 | E80: 1900 | F80: 0 | H80: ACEROS,HIERROS/MALLAS,CERCHAS | I80: 8956232 - IDRD - MEDIA ARMONICA COTIZACIONES
A81: 110 | B81: BLOQUE DIV. MODULARES 9x19x39 Liso Obra | C81: UN | E81: 1900 | F81: 0 | G81: M-221 | H81: MALLAS ELECTROSOLDADAS | I81: 8956232 - IDRD - MEDIA ARMONICA COTIZACIONES
A82: 111 | B82: BLOQUE ESTRUCT. MODULARES 39x19x18 Estrd. Obra | C82: UN | E82: 1900 | F82: 0 | H82: EQUIPO DE SEGURIDAD INDUSTRIAL | I82: 8956232 - IDRD - MEDIA ARMONICA COTIZACIONES
A83: 112 | B83: BLOQUE ESCORIA CONCREBLOCK 10x20x40 Fab. | C83: UN | E83: 1900 | F83: 0 | G83: .70 | H83: EQUIPO DE SEGURIDAD INDUSTRIAL | I83: 8956232 - IDRD - MEDIA ARMONICA COTIZACIONES
A84: 113 | B84: BLOQUE ESCORIA CONCREBLOCK 20x20x40 Fab. | C84: UN | E84: 1900 | F84: 0 | G84: 60X60cm | H84: MOBILIARIO URBANO Y SEÑALIZAC. | I84: 66665555555 - IDRD - MEDIA ARITMETICA DE COTIZACIONES
A85: 114 | B85: BLOQUE #4 STA/FE 33x23x9 Obra | C85: UN | D85: 43529 | E85: 2019 | F85: 1080 | G85: 60x60cm | H85: MOBILIARIO URBANO Y SEÑALIZAC. | I85: 66665555555 - IDRD - MEDIA ARITMETICA DE COTIZACIONES
A86: 115 | B86: CANTONERA ELECTRICA AUTA | C86: UN | E86: 1900 | F86: 0 | G86: 150x150 cm | H86: MOBILIARIO URBANO Y SEÑALIZAC. | I86: 8956232 - IDRD - MEDIA ARMONICA COTIZACIONES
A87: 116 | B87: BLOQUE #5 33x23x11.5 Obra Perf.Vertical + Trans | C87: UN | D87: 45014 | E87: 2023 | F87: 1935 | H87: EQUIPO DE SEGURIDAD INDUSTRIAL | I87: 6555555555 - IDRD - MENOR VALOR DE COTIZACIONES
A88: 117 | B88: CANTONERA ELECTRICA ESPAÑOLA DORCAR | C88: UN | D88: 43819 | E88: 2019 | F88: 53000.01 | H88: EQUIPO DE SEGURIDAD INDUSTRIAL | I88: 66665555555 - IDRD - MEDIA ARITMETICA DE COTIZACIONES
A89: 118 | B89: SARDINELES (H 30cm) B=17;L=1.0m | C89: UN | E89: 1900 | F89: 0 | G89: CD500 | H89: EQUIPO DE SEGURIDAD INDUSTRIAL | I89: 8956232 - IDRD - MEDIA ARMONICA COTIZACIONES
A90: 119 | B90: VENTANA BAÑO 0.60X0.60 | C90: UN | E90: 1900 | F90: 0 | H90: EQUIPO DE SEGURIDAD INDUSTRIAL | I90: 66665555555 - IDRD - MEDIA ARITMETICA DE COTIZACIONES
A91: 121 | B91: CANTONERA ELECTRICA GATO | C91: UN | E91: 1900 | F91: 0 | G91: 1232 | H91: FERRETERIA Y HERRAMIENTAS | I91: 6555555555 - IDRD - MENOR VALOR DE COTIZACIONES
A92: 122 | B92: LADRILLO PRENSADOMACIZO STA/FE 24.5x12x5.5 Obra | C92: UN | D92: 45009 | E92: 2023 | F92: 1118 | G92: Ref.10096 | H92: FERRETERIA Y HERRAMIENTAS | I92: 66665555555 - IDRD - MEDIA ARITMETICA DE COTIZACIONES
A93: 123 | B93: LADRILLO RECOCIDO COMUN 12x24x6 Dep. | C93: UN | D93: 45012 | E93: 2023 | F93: 663 | H93: EQUIPO ALQUILER Y MAQUINARIA | I93: 555555555555 - IDRD - MEDIANA DE COTIZACIONES
A94: 125 | B94: LADRILLO FACHADA MOORE 26x12.5x6 Vtrif. Fab. | C94: UN | E94: 1900 | F94: 0 | H94: ARBOLES Y PLANTAS | I94: 6555555555 - IDRD - MENOR VALOR DE COTIZACIONES
A95: 126 | B95: CINTA SIKA PVC O-22 | C95: ML | D95: 44592 | E95: 2022 | F95: 61639 | H95: CABLES | I95: 8956232 - IDRD - MEDIA ARMONICA COTIZACIONES
A96: 127 | B96: LAMINA EN DRY WALL 3/8" | C96: UN | D96: 45013 | E96: 2023 | F96: 38403 | H96: INST. ELECTRICAS | I96: 555555555555 - IDRD - MEDIANA DE COTIZACIONES
A97: 128 | B97: LADRILLO PORTANTE 30 STA/FE 29x14.5x9 Prensado Obr | C97: UN | D97: 44592 | E97: 2022 | F97: 3169.01 | H97: INST. ELECTRICAS | I97: 555555555555 - IDRD - MEDIANA DE COTIZACIONES
A98: 130 | B98: SARDINELES (H 40cm) B-17;L=1.0m | C98: UN | E98: 1900 | F98: 0 | H98: APARATOS ELECTRICOS | I98: 860061089 - IDRD - PROYECCIÒN
A99: 132 | B99: SARDINELES (H 45cm) | C99: UN | E99: 1900 | F99: 0 | H99: ACEROS Y HIERROS | I99: 66665555555 - IDRD - MEDIA ARITMETICA DE COTIZACIONES
A100: 133 | B100: CODO metalico 1" | C100: UN | E100: 1900 | F100: 0 | H100: CONCRETOS | I100: 66665555555 - IDRD - MEDIA ARITMETICA DE COTIZACIONES
...

Sheet Resumen
A1: =+Portada!$A$9 -> UNIDAD ADMINISTRATIVA ESPECIAL DE ORGANIZACIONES SOLIDARIAS
A2: CÁLCULO PRESUPUESTAL
A4: PROYECTO: ADECUACIÓN Y REMODELACIÓN EDIFICIO SEDE - SEXTO PISO - A.I.U. V-1 20/05/2025
A5: CÁLCULO A.I.U. CONSTRUCCIÓN COMPONENTE URBANO
A6: I. PERSONAL
A7: A – PERSONAL PROFESIONAL | C7: =SUMIF(Tabla1[[#All],[Columna3]],"PERSONAL PROFESIONAL",Tabla1[[#All],[Columna42]]) -> 55477801
A8: B – PERSONAL TÉCNICO – TECNÓLOGO | C8: =SUMIF(Tabla1[[#All],[Columna3]],"PERSONAL TÉCNICO O TECNÓLOGO",Tabla1[[#All],[Columna42]]) -> 0
A9: C – OPERARIO Y DE APOYO A LA GESTIÓN | C9: =SUMIF(Tabla1[[#All],[Columna3]],"PERSONAL OPERARIO Y DE APOYO A LA GESTIÓN",Tabla1[[#All],[Columna42]]) -> 8520479
A10: SUBTOTAL PERSONAL SIN PRESTACIONES | C10: =SUM(C7:C9) -> 63998280 | DC10: 43120566 | DD10: =+C10-DC10 -> 20877714
A11: PERSONAL CON PRESTACIONES
A12: I. TOTAL PERSONAL CON PRESTACIONES | C12: =+Personal!BA22 -> 97149978
A14: II. + III. COSTOS DIRECTOS OPERACIONALES: ALQUILER DE EQUIPOS, ENSAYOS DE LABORATORIO, SUMINISTROS Y OTROS ELEMENTOS
A15: D. ALQUILER DE EQUIPOS | C15: =+'EQUIPOS Y OTROS'!H20 -> 5646139 | DC15: 2718326 | DD15: =+C15-DC15 -> 2927813
A16: E. ENSAYOS DE LABORATORIO | C16: =+'EQUIPOS Y OTROS'!H55 -> 0
A17: II. + III. SUBTOTAL EQUIPOS Y ENSAYOS DE LABORATORIO | C17: =SUM(C15:C16) -> 5646139
A19: IV. OTROS COSTOS DIRECTOS OPERACIONALES: CAMPAMENTO, CERRAMIENTOS, VIGILANCIA, ETC.
A20: F. OTROS COSTOS DIRECTOS OPERACIONALES: CAMPAMENTO, CERRAMIENTOS, VIGILANCIA, ETC. Y OTROS GASTOS | C20: ='EQUIPOS Y OTROS'!J71 -> 3446991
A21: IV. SUBTOTAL OTROS COSTOS DIRECTOS OPERACIONALES: CAMPAMENTO, CERRAMIENTOS, VIGILANCIA, ETC. | C21: =SUM(C19:C20) -> 3446991
A22: IV. SUBTOTAL DE PERSONAL Y COSTOS DIRECTOS OPERACIONALES | C22: =C21+C17+C12 -> 106243108 | DC22: =1264309+485166 -> 1749475 | DD22: =+C22-DC22 -> 104493633
A23: V. PERFECCIONAMIENTO (IMPUESTOS Y PÓLIZAS)
A24: F. POLIZAS | C24: =+Administración!K32 -> 3397541.6
A25: G. IMPUESTOS | C25: =+Administración!E63 -> 76249424
A26: SUBTOTAL PERFECCIONAMIENTO (IMPUESTOS Y PÓLIZAS) | C26: =SUM(C24:C25) -> 79646966
A28: COMPOSICION AIU
A30: ADMINISTRACIÓN | B30: =+Administración!D70 -> 0.2894 | C30: =+Administración!E70 -> 188262574
A31: IMPREVISTOS | B31: =+Administración!D71 -> 0.01 | C31: =+Administración!E71 -> 8829252
A32: UTILIDAD | B32: =+Administración!D72 -> 0.04 | C32: =+Administración!E72 -> 35317010
A34: VALOR TOTAL DEL AIU | B34: =SUM(B30:B33) -> 0.3394 | C34: =SUM(C30:C33) -> 232408836
A36: VALOR ESPERADO | C36: 8.8292525e+08
B38: INTERVENTORÍA | C38: =+C36*0.12 -> 1.0595103e+08
A120: COSTO CONSULTORIA UDS 2021 STC | C120: 673368283
A121: DIFERENCIA ACEE - STC | C121: =+C120-#REF! -> #REF!
C122: =+C120-C121 -> #REF!
C123: =-C37/#REF! -> #REF!

Sheet Administración
A1: =+Resumen!A1 -> UNIDAD ADMINISTRATIVA ESPECIAL DE ORGANIZACIONES SOLIDARIAS
A2: =+Resumen!A2 -> CÁLCULO PRESUPUESTAL
A3: POLIZAS REQUERIDAS
A4: =+A39 -> CALCULO AIU - 2025
C6: AMPAROS | D6: OBRA | G6: PARA CALCULO RCE | J6: CÁLCULO FIDUCIA PARA ANTICIPO
D7: Tiempo (meses) | E7: Porcentaje | J7: MESES | K7: VLR POR 12 MESES | L7: CANTIDAD DE MESES | M7: VLR./UN MES
C8: Cumplimiento | D8: 6 | E8: 0.2 | G8: SALARIO MINIMO 2025 | H8: 1423500 | J8: 5 | K8: =+H8*J8 -> 7117500 | L8: 12 | M8: =+K8/L8 -> 593125
C9: Buen Manejo Del Anticipo | E9: 0.3 | K9: VLR TOTAL COSTO FIDUCIA | M9: =+M8*4 -> 2372500
C10: Seriedad De La Oferta | D10: 1 | E10: 0.1
C11: Calidad Del Bien O Servicio | E11: 0.2
C12: Pago De Salarios, Prestaciones | D12: =3*12 -> 36 | E12: 0.05 | G12: VLR. CONTRATO SMMLV | H12: =+D16/H8 -> 620.24956
C13: Estabilidad De La Obra | D13: 24 | E13: 0.1 | G13: SMMLV Contrato | H13: 200
C14: Responsabilidad Civil Extracontractual | H14: 300
H15: 400
C16: VALOR DEL CONTRATO | D16: =+Resumen!$C$36 -> 8.8292525e+08 | H16: 500
C17: INICIO | D17: 45889
C18: EJECUCION Y VIGENCIA (DÍAS) | D18: =3*30 -> 90
C19: FIN | D19: =IF(OR(D17="",D18=""),"",D17+D18) -> 45979
C21: AMPAROS | D21: DESDE | E21: HASTA | F21: PORCENTAJE | G21: SUMA ASEGURADA | H21: DIAS | I21: TASA | J21: VALOR PRIMA | L21: PORCENTAJE AFECTACIÓN
C22: SERIEDAD DE LA OFERTA | D22: =IF(H22>0,$D$17,"")-30 -> 45859 | E22: =IF(H22>0,$D$17+H22,"")-30 -> 45979 | F22: =IFERROR(IF(VLOOKUP($C22,AMPAROS_DIS,3,0)>0,VLOOKUP($C22,AMPAROS_DIS,3,0),""),"") -> 0.1 | G22: =IF(H22>0,$D$16*F22,"") -> 88292525 | H22: =IFERROR(SUM(VLOOKUP($C22,AMPAROS_DIS,2,0)*30,$D$18),0) -> 120 | I22: 0.0015 | J22: =IF(H22>0,((G22*I22)/365)*H22,0) -> 43541.519 | K22: =IF(J22>0,(J22*1.19)+1000,0) -> 52814.408 | L22: =IF(K22>0,K22/$D$16,0) -> 5.981753e-05
C23: CUMPLIMIENTO | D23: =IF(H23>0,$D$17,"") -> 45889 | E23: =IF(H23>0,$D$17+H23,"") -> 46159 | F23: =IFERROR(VLOOKUP($C23,AMPAROS_DIS,3,0),"") -> 0.2 | G23: =IF(H23>0,$D$16*F23,"") -> 1.7658505e+08 | H23: =IFERROR(SUM(VLOOKUP($C23,AMPAROS_DIS,2,0)*30,$D$18),0) -> 270 | I23: 0.0045 | J23: =IF(H23>0,((G23*I23)/365)*H23,0) -> 587810.51 | K23: =IF(J23>0,IF((J23*1.19)+1000<5000,5000,(J23*1.19)+1000),0) -> 700494.5 | L23: =IF(K23>0,K23/$D$16,0) -> 0.00079337917
C24: BUEN MANEJO DEL ANTICIPO | D24: =IF(H24>0,$D$17,"") -> 45889 | E24: =IF(H24>0,$D$17+H24,"") -> 45979 | F24: =IFERROR(VLOOKUP($C24,AMPAROS_DIS,3,0),"") -> 0.3 | G24: =IF(H24>0,$D$16*F24,"") -> 2.6487757e+08 | H24: =IFERROR(SUM(VLOOKUP($C24,AMPAROS_DIS,2,0)*30,$D$18),0) -> 90 | I24: 0.0045 | J24: =IF(H24>0,((G24*I24)/365)*H24,0) -> 293905.25 | K24: =IF(J24>0,(J24*1.19)+1000,0) -> 350747.25 | L24: =IF(K24>0,K24/$D$16,0) -> 0.00039725589
C25: PAGO DE SALARIOS, PRESTACIONES | D25: =IF(H25>0,$D$17,"") -> 45889 | E25: =IF(H25>0,$D$17+H25,"") -> 47059 | F25: =IFERROR(VLOOKUP($C25,AMPAROS_DIS,3,0),"") -> 0.05 | G25: =IF(H25>0,$D$16*F25,"") -> 44146262 | H25: =IFERROR(SUM(VLOOKUP($C25,AMPAROS_DIS,2,0)*30,$D$18),0) -> 1170 | I25: 0.0035 | J25: =IF(H25>0,((G25*I25)/365)*H25,0) -> 495284.78 | K25: =IF(J25>0,(J25*1.19)+1000,0) -> 590388.89 | L25: =IF(K25>0,K25/$D$16,0) -> 0.00066867369
C26: ESTABILIDAD DE LA OBRA | D26: =IF(H26>0,$D$17,"") -> 45889 | E26: =IF(H26>0,$D$17+H26,"") -> 46699 | F26: =IFERROR(VLOOKUP($C26,AMPAROS_DIS,3,0),"") -> 0.1 | G26: =IF(H26>0,$D$16*F26,"") -> 88292525 | H26: =IFERROR(SUM(VLOOKUP($C26,AMPAROS_DIS,2,0)*30,$D$18),0) -> 810 | I26: 0.0045 | J26: =IF(H26>0,((G26*I26)/365)*H26,0) -> 881715.76 | K26: =IF(J26>0,(J26*1.19)+1000,0) -> 1050241.8 | L26: =IF(K26>0,K26/$D$16,0) -> 0.0011895025
C27: CALIDAD DEL BIEN O SERVICIO | D27: =IF(H27>0,$D$17,"") -> 45889 | E27: =IF(H27>0,$D$17+H27,"") -> 45979 | F27: =IFERROR(VLOOKUP($C27,AMPAROS_DIS,3,0),"") -> 0.2 | G27: =IF(H27>0,$D$16*F27,"") -> 1.7658505e+08 | H27: =IFERROR(SUM(VLOOKUP($C27,AMPAROS_DIS,2,0)*30,$D$18),0) -> 90 | I27: 0.0045 | J27: =IF(H27>0,((G27*I27)/365)*H27,0) -> 195936.84 | K27: =IF(J27>0,(J27*1.19)+1000,0) -> 234164.83 | L27: =IF(K27>0,K27/$D$16,0) -> 0.00026521479
C28: CORRECTO FUNCIONAMIENTO | D28: =IF(H28>0,$D$17,"") | E28: =IF(H28>0,$D$17+H28,"") | F28: =IFERROR(VLOOKUP($C28,AMPAROS_DIS,3,0),"") | G28: =IF(H28>0,$D$16*F28,"") | H28: =IFERROR(SUM(VLOOKUP($C28,AMPAROS_DIS,2,0)*30,$D$18),0) -> 0 | I28: 0.0045 | J28: =IF(H28>0,((G28*I28)/365)*H28,0) -> 0 | K28: =IF(J28>0,(J28*1.19)+1000,0) -> 0 | L28: =IF(K28>0,K28/$D$16,0) -> 0
C29: PROVISION REPUESTOS Y ACCESORIOS | D29: =IF(H29>0,$D$17,"") | E29: =IF(H29>0,$D$17+H29,"") | F29: =IFERROR(VLOOKUP($C29,AMPAROS_DIS,3,0),"") | G29: =IF(H29>0,$D$16*F29,"") | H29: =IFERROR(SUM(VLOOKUP($C29,AMPAROS_DIS,2,0)*30,$D$18),0) -> 0 | I29: 0.005 | J29: =IF(H29>0,((G29*I29)/365)*H29,0) -> 0 | K29: =IF(J29>0,(J29*1.19)+1000,0) -> 0 | L29: =IF(K29>0,K29/$D$16,0) -> 0
C30: RESPONSABILIDAD CIVIL EXTRACONTRACTUAL | D30: =IF(H30>0,$D$17,"") -> 45889 | E30: =IF(H30>0,$D$17+H30,"") -> 45979 | F30: =+IF(D16=0,0,IF(H12<1500,H13*H8/D16,IF(H12<2500,H14*H8/D16,IF(H12<5000,H15*H8/D16,IF(H12<10000,H16*H8/D16,20%))))) -> 0.32245085 | G30: =IF(H30>0,$D$16*F30,"") -> 284700000 | H30: =IFERROR(SUM(VLOOKUP($C30,AMPAROS_DIS,2,0)*30,$D$18),0) -> 90 | I30: 0.005 | J30: =IF(H30>0,((G30*I30)/365)*H30,0) -> 351000 | K30: =IF(J30>0,(J30*1.19)+1000,0) -> 418690 | L30: =IF(K30>0,K30/$D$16,0) -> 0.00047420776
C31: DISPOSICIONES LEGALES | D31: =IF(H31>0,$D$17,"") | E31: =IF(H31>0,$D$17+H31,"") | F31: =IFERROR(VLOOKUP($C31,AMPAROS_DIS,3,0),"") | G31: =IF(H31>0,$D$16*F31,"") | H31: =IFERROR(SUM(VLOOKUP($C31,AMPAROS_DIS,2,0)*30,$D$18),0) -> 0 | I31: 0.012 | J31: =IF(H31>0,((G31*I31)/365)*H31,0) -> 0 | K31: =IF(J31>0,(J31*1.19)+1000,0) -> 0 | L31: =IF(K31>0,K31/$D$16,0) -> 0
C32: VALOR TOTAL DE POLIZAS | G32: =SUM(G22:G31) -> 1.123479e+09 | J32: =SUM(J22:J31) -> 2849194.7 | K32: =SUM(K22:K31) -> 3397541.6 | L32: =SUM(L22:L31) -> 0.0038480513
A36: =+A1 -> UNIDAD ADMINISTRATIVA ESPECIAL DE ORGANIZACIONES SOLIDARIAS
A37: =+A2 -> CÁLCULO PRESUPUESTAL
A38: =+Resumen!A4 -> PROYECTO: ADECUACIÓN Y REMODELACIÓN EDIFICIO SEDE - SEXTO PISO - A.I.U. V-1 20/05/2025
A39: CALCULO AIU - 2025
A41: B | B41: COSTOS DE PREFECCIONAMIENTO (IMPUESTOS Y PÓLIZAS) | E41: 1
B42: a. | C42: Seriedad De La Oferta | D42: =L22*$E$41 -> 5.981753e-05 | E42: =+K22 -> 52814.408
B43: b. | C43: Cumplimiento | D43: =L23*$E$41 -> 0.00079337917 | E43: =+K23 -> 700494.5
B44: c. | C44: Buen Manejo Del Anticipo | D44: =L24*$E$41 -> 0.00039725589 | E44: =+K24 -> 350747.25
B45: d. | C45: Pago De Salarios, Prestaciones | D45: =L25*$E$41 -> 0.00066867369 | E45: =+K25 -> 590388.89
B46: e. | C46: Estabilidad De La Obra | D46: =L26*$E$41 -> 0.0011895025 | E46: =+K26 -> 1050241.8
B47: f. | C47: Calidad Del Bien O Servicio | D47: =L27*$E$41 -> 0.00026521479 | E47: =+K27 -> 234164.83
B48: g. | C48: Correcto Funcionamiento | D48: =L28*$E$41 -> 0 | E48: =+K28 -> 0
B49: h. | C49: Provision Repuestos Y Accesorios | D49: =L29*$E$41 -> 0 | E49: =+K29 -> 0
B50: i. | C50: Responsabilidad Civil Extracontractual | D50: =L30*$E$41 -> 0.00047420776 | E50: =+K30 -> 418690
B51: j. | C51: Disposiciones Legales | D51: =L31*$E$41 -> 0 | E51: =+K31 -> 0
C52: Fiducia para Manejo Anticipo | D52: =ROUND(M9/D16,4) -> 0.0027 | E52: =+M9 -> 2372500
C53: SUBTOTAL POLIZAS | E53: =ROUND(SUM(E42:E52),0) -> 5770042
B54: k. | C54: Estampilla Universidad Distrital | D54: 0 | E54: =+D54*$D$16 -> 0
B55: l. | C55: Estampilla Procultura | D55: =0.005 -> 0.005 | E55: =+D55*$D$16 -> 4414626.2
B56: m. | C56: Estampilla Pro Adulto Mayor | D56: =0.02 -> 0.02 | E56: =+D56*$D$16 -> 17658505
B57: n. | C57: Estampilla Universidad Pedagógica y Universidad Nacional | D57: 0 | E57: =+D57*$D$16 -> 0
B58: o. | C58: Retención en la Fuente | D58: 0 | E58: =+D58*$D$16 -> 0
B59: p. | C59: Autoretención a título del Impuesto sobre la Renta y Complementario | D59: 0 | E59: =+D59*$D$16 -> 0
B60: q. | C60: ICA | D60: 0.00736 | E60: =+D60*$D$16 -> 6498329.8
B61: r. | C61: GMF 4 X 1000 | D61: =0.004 -> 0.004 | E61: =+D61*$D$16 -> 3531701
B62: s. | C62: CONTRIBUCIÓN ESPECIAL CONTRATOS DE OBRA PÚBLICA | D62: 0.05 | E62: =+D62*$D$16 -> 44146262
C63: SUBTOTAL IMPUESTOS | E63: =ROUND(SUM(E54:E62),0) -> 76249424
C65: SUBTOTAL IMPUESTOS Y PÓLIZAS | E65: =+E53+E63 -> 82019466
C67: VALOR COSTO DIRECTO TOTAL | D67: =+D106-E74 -> 6.5051641e+08
C70: ADMINISTRACIÓN | D70: =ROUND(E70/D67,4) -> 0.2894 | E70: =ROUND(+$E$65+'EQUIPOS Y OTROS'!H20+'EQUIPOS Y OTROS'!H55+'EQUIPOS Y OTROS'!J71+Personal!BA22,0) -> 188262574 | G70: =+E70/Personal!AJ6 -> 62754191
C71: IMPREVISTOS | D71: 0.01 | E71: =ROUND(D106*D71,0) -> 8829252
C72: UTILIDAD | D72: 0.04 | E72: =ROUND(D106*D72,0) -> 35317010
C74: TOTAL AIU | D74: =SUM(D70:D73) -> 0.3394 | E74: =SUM(E70:E72) -> 232408836
C106: VALOR ESPERADO | D106: 8.8292525e+08

Sheet Personal
A1: ="CRONOGRAMA "&Resumen!$A$4 -> CRONOGRAMA PROYECTO: ADECUACIÓN Y REMODELACIÓN EDIFICIO SEDE - SEXTO PISO - A.I.U. V-1 20/05/2025 | F1: DEDICACIÓN PERSONAL CONSTRUCCIÓN COMPONENTE PROFESIONAL
A2: =+Resumen!A5 -> CÁLCULO A.I.U. CONSTRUCCIÓN COMPONENTE URBANO | F2: AÑO
A3: DEDICACIÓN PERSONAL | G3: PERIODOS 2024 | J3: PERIODOS 2025 | W3: PERIODOS 2026
A4: CODIGO INTERNO | B4: A. PERSONAL REQUERIDO | F4: CANTIDAD DE PERSONAS POR ACTIVIDAD | G4: 11 | H4: 12 | I4: TOTAL DEDICACIÓN PROM / MES | J4: 1 | K4: 2 | L4: 3 | M4: 4 | N4: 5 | O4: 6 | P4: 7 | Q4: 8 | R4: 9 | S4: 10 | T4: 11 | U4: 12 | V4: TOTAL DEDICACIÓN PROM / MES | W4: 1 | X4: 2 | Y4: 3 | Z4: 4 | AA4: 5 | AB4: 6 | AC4: 7 | AD4: 8 | AE4: 9 | AF4: 10 | AG4: 11 | AH4: 12 | AI4: TOTAL DEDICACIÓN PROM / MES | AJ4: TOTAL PROY / MES | AK4: VALOR HOMBRE/MES SEGÚN CATEGORÍA | AN4: PLAZO | AQ4: DEDICACIÓN PROMEDIO MES % | AV4: DEDICACIÓN TOTAL HOMBRES EN EL PROYECTO | AY4: COSTO ($) TOTAL HOMBRES EN EL PROYECTO | AZ4: FACTOR PRESTACIONAL | BA4: VALOR TOTAL PERSONAL | BB4: VALOR HOMBRE/MES SEGÚN CATEGORÍA INCL. PREST.
B5: DESCRIPCIÓN FUNCIONAL | C5: EQUIV | E5: CARGO | G5: 0 | H5: 0 | I5: =(SUM(H5)/30)&" Meses" -> 0 Meses | O5: 0 | P5: 0 | Q5: 15 | R5: 30 | S5: 30 | T5: 15 | V5: =(SUM(J5:U5)/30)&" Meses" -> 3 Meses | AI5: =(SUM(W5:AH5)/30)&" Meses" -> 0 Meses | AJ5: =(SUM(W5:AH5)/30+SUM(J5:U5)/30)+SUM(G5:H5)/30&" Meses" -> 3 Meses | AK5: 2024 | AL5: 2025 | AM5: 2026 | AN5: MESES 2024 | AO5: MESES 2025 | AP5: MESES 2026 | AQ5: 2024 | AR5: 2025 | AS5: 2026 | AT5: DÍAS EFECTIVOS | AU5: TOTAL | AV5: 2024 | AW5: 2025 | AX5: 2026
G6: =IF(G5=0,0,IF(G5=15,0.5,IF(G5=30,1,IF(G5=45,1.5,0)))) -> 0 | H6: =IF(H5=0,0,IF(H5=15,0.5,IF(H5=30,1,IF(H5=45,1.5,0)))) -> 0 | I6: =(SUM(G5:H5)/30) -> 0 | J6: =IF(J5=0,0,IF(J5=15,0.5,1)) -> 0 | K6: =IF(K5=0,0,IF(K5=15,0.5,1)) -> 0 | L6: =IF(L5=0,0,IF(L5=15,0.5,IF(L5=30,1,IF(L5=45,1.5,0)))) -> 0 | M6: =IF(M5=0,0,IF(M5=15,0.5,IF(M5=30,1,IF(M5=45,1.5,0)))) -> 0 | N6: =IF(N5=0,0,IF(N5=15,0.5,IF(N5=30,1,IF(N5=45,1.5,0)))) -> 0 | O6: =IF(O5=0,0,IF(O5=15,0.5,IF(O5=30,1,IF(O5=45,1.5,0)))) -> 0 | P6: =IF(P5=0,0,IF(P5=15,0.5,IF(P5=30,1,IF(P5=45,1.5,0)))) -> 0 | Q6: =IF(Q5=0,0,IF(Q5=15,0.5,IF(Q5=30,1,IF(Q5=45,1.5,0)))) -> 0.5 | R6: =IF(R5=0,0,IF(R5=15,0.5,IF(R5=30,1,IF(R5=45,1.5,0)))) -> 1 | S6: =IF(S5=0,0,IF(S5=15,0.5,IF(S5=30,1,IF(S5=45,1.5,0)))) -> 1 | ... U6: =IF(U5=0,0,IF(U5=15,0.5,IF(U5=30,1,IF(U5=45,1.5,0)))) -> 0 | V6: =(SUM(J5:U5)/30) -> 3 | W6: =IF(W5=0,0,IF(W5=15,0.5,IF(W5=30,1,IF(W5=45,1.5,0)))) -> 0 | X6: =IF(X5=0,0,IF(X5=15,0.5,IF(X5=30,1,IF(X5=45,1.5,0)))) -> 0 | Y6: =IF(Y5=0,0,IF(Y5=15,0.5,IF(Y5=30,1,IF(Y5=45,1.5,0)))) -> 0 | Z6: =IF(Z5=0,0,IF(Z5=15,0.5,IF(Z5=30,1,IF(Z5=45,1.5,0)))) -> 0 | AA6: =IF(AA5=0,0,IF(AA5=15,0.5,IF(AA5=30,1,IF(AA5=45,1.5,0)))) -> 0 | AB6: =IF(AB5=0,0,IF(AB5=15,0.5,IF(AB5=30,1,IF(AB5=45,1.5,0)))) -> 0 | AC6: =IF(AC5=0,0,IF(AC5=15,0.5,IF(AC5=30,1,IF(AC5=45,1.5,0)))) -> 0 | AD6: =IF(AD5=0,0,IF(AD5=15,0.5,IF(AD5=30,1,IF(AD5=45,1.5,0)))) -> 0 | ... AH6: =IF(AH5=0,0,IF(AH5=15,0.5,IF(AH5=30,1,IF(AH5=45,1.5,0)))) -> 0 | AI6: =SUM(W5:AH5)/30 -> 0 | AJ6: =SUM(W5:AH5)/30+SUM(J5:U5)/30+SUM(G5:H5)/30 -> 3
B7: DIRECCIÓN Y COORDINACIÓN ESTUDIOS Y DISEÑOS Y CONSTRUCCIÓN
A8: =IFERROR(VLOOKUP($B8,TARIFA_IDRD,2,0),"") -> 4 | B8: PROFESIONAL CATEGORÍA 4 (E.G.6;E.E.4) | C8: =IFERROR(VLOOKUP($B8,TARIFA_IDRD,3,0),"") -> PERSONAL PROFESIONAL | D8: =IFERROR(VLOOKUP($B8,TARIFA_IDRD,4,0),"") -> PROF4 | E8: Director del proyecto | F8: 1 | I8: =IF(SUM($G$5:$H$5)=0,0,((Tabla1[[#This Row],[Columna51]]*$G$6)/$I$6)+((Tabla1[[#This Row],[Columna50]]*$H$6)/$I$6)) -> 0 | Q8: 0.5 | R8: 0.25 | S8: 0.25 | T8: 0.25 | V8: =IF(SUM($J$5:$U$5)=0,0,((Tabla1[[#This Row],[Columna5]]*$J$6)/$V$6)+((Tabla1[[#This Row],[Columna6]]*$K$6)/$V$6)+((Tabla1[[#This Row],[Columna7]]*$L$6)/$V$6)+((Tabla1[[#This Row],[Columna8]]*$M$6)/$V$6)+((Tabla1[[#This Row],[Columna9]]*$N$6)/$V$6)+((Tabla1[[#This Row],[Columna10]]*$O$6)/$V$6)+((Tabla1[[#This Row],[Columna11]]*$P$6)/$V$6)+((Tabla1[[#This Row],[Columna12]]*$Q$6)/$V$6)+((Tabla1[[#This Row],[Columna13]]*$R$6)/$V$6)+((Tabla1[[#This Row],[Columna14]]*$S$6)/$V$6)+((Tabla1[[#This Row],[Columna15]]*$T$6)/$V$6)+((Tabla1[[#This Row],[Columna16]]*$U$6)/$V$6)) -> 0.29166667 | AI8: =IF(SUM($W$5:$AH$5)=0,0,((Tabla1[[#This Row],[Columna18]]*$W$6)/$AI$6)+((Tabla1[[#This Row],[Columna19]]*$X$6)/$AI$6)+((Tabla1[[#This Row],[Columna20]]*$Y$6)/$AI$6)+((Tabla1[[#This Row],[Columna21]]*$Z$6)/$AI$6)+((Tabla1[[#This Row],[Columna22]]*$AA$6)/$AI$6)+((Tabla1[[#This Row],[Columna23]]*$AB$6)/$AI$6)+((Tabla1[[#This Row],[Columna24]]*$AC$6)/$AI$6)+((Tabla1[[#This Row],[Columna25]]*$AD$6)/$AI$6)+((Tabla1[[#This Row],[Columna26]]*$AE$6)/$AI$6)+((Tabla1[[#This Row],[Columna27]]*$AF$6)/$AI$6)+((Tabla1[[#This Row],[Columna28]]*$AG$6)/$AI$6)+((Tabla1[[#This Row],[Columna29]]*$AH$6)/$AI$6)) -> 0 | AJ8: =Tabla1[[#This Row],[Columna48]]+Tabla1[[#This Row],[Columna30]]+Tabla1[[#This Row],[Columna17]] -> 0.29166667 | AK8: =IFERROR(VLOOKUP($B8,TARIFA_IDRD,7,0),0) -> 7918519.5 | AL8: =IFERROR(VLOOKUP($B8,TARIFA_IDRD,8,0),0) -> 8295315.8 | AM8: =IFERROR(VLOOKUP($B8,TARIFA_IDRD,9,0),0) -> 8618833.1 | AN8: =+$I$6 -> 0 | AO8: =$V$6 -> 3 | AP8: =$AI$6 -> 0 | AQ8: =$I8 -> 0 | AR8: =$V8 -> 0.29166667 | AS8: =$AI8 -> 0 | AT8: =(((Tabla1[[#This Row],[Columna17]]*30)*$V$6)+(Tabla1[[#This Row],[Columna30]]*30)*$AI$6+(Tabla1[[#This Row],[Columna48]]*30)*$I$6)*Tabla1[[#This Row],[Columna32]] -> 26.25 | AU8: =$AJ8 -> 0.29166667 | AV8: =AN8*AQ8 -> 0 | AW8: =AO8*AR8 -> 0.875 | AX8: =AP8*AS8 -> 0 | AY8: =ROUND(((Tabla1[[#This Row],[Columna33]]*Tabla1[[#This Row],[Columna32]]*Tabla1[[#This Row],[Columna40]])+(Tabla1[[#This Row],[Columna34]]*Tabla1[[#This Row],[Columna32]]*Tabla1[[#This Row],[Columna41]])+Tabla1[[#This Row],[Columna47]]*Tabla1[[#This Row],[Columna32]]*Tabla1[[#This Row],[Columna49]]),0) -> 7258401 | AZ8: =+'[4]FACTOR PRESTACIONAL STC'!$C$28 -> 0.5195 | BA8: =ROUND(Tabla1[[#This Row],[Columna42]]*AZ8+Tabla1[[#This Row],[Columna42]],0) -> 11029140 | BB8: =+ROUND(Tabla1[[#This Row],[Columna34]]*AZ8+Tabla1[[#This Row],[Columna34]],0) -> 12604732
A9: =IFERROR(VLOOKUP($B9,TARIFA_IDRD,2,0),"") -> 5 | B9: PROFESIONAL CATEGORÍA 5 (E.G.4;E.E.3) | C9: =IFERROR(VLOOKUP($B9,TARIFA_IDRD,3,0),"") -> PERSONAL PROFESIONAL | D9: =IFERROR(VLOOKUP($B9,TARIFA_IDRD,4,0),"") -> PROF5 | E9: Ing. o Arq. Residente | F9: 1 | I9: =IF(SUM($G$5:$H$5)=0,0,((Tabla1[[#This Row],[Columna51]]*$G$6)/$I$6)+((Tabla1[[#This Row],[Columna50]]*$H$6)/$I$6)) -> 0 | Q9: 0.5 | R9: 1 | S9: 1 | T9: 1 | V9: =IF(SUM($J$5:$U$5)=0,0,((Tabla1[[#This Row],[Columna5]]*$J$6)/$V$6)+((Tabla1[[#This Row],[Columna6]]*$K$6)/$V$6)+((Tabla1[[#This Row],[Columna7]]*$L$6)/$V$6)+((Tabla1[[#This Row],[Columna8]]*$M$6)/$V$6)+((Tabla1[[#This Row],[Columna9]]*$N$6)/$V$6)+((Tabla1[[#This Row],[Columna10]]*$O$6)/$V$6)+((Tabla1[[#This Row],[Columna11]]*$P$6)/$V$6)+((Tabla1[[#This Row],[Columna12]]*$Q$6)/$V$6)+((Tabla1[[#This Row],[Columna13]]*$R$6)/$V$6)+((Tabla1[[#This Row],[Columna14]]*$S$6)/$V$6)+((Tabla1[[#This Row],[Columna15]]*$T$6)/$V$6)+((Tabla1[[#This Row],[Columna16]]*$U$6)/$V$6)) -> 0.91666667 | AI9: =IF(SUM($W$5:$AH$5)=0,0,((Tabla1[[#This Row],[Columna18]]*$W$6)/$AI$6)+((Tabla1[[#This Row],[Columna19]]*$X$6)/$AI$6)+((Tabla1[[#This Row],[Columna20]]*$Y$6)/$AI$6)+((Tabla1[[#This Row],[Columna21]]*$Z$6)/$AI$6)+((Tabla1[[#This Row],[Columna22]]*$AA$6)/$AI$6)+((Tabla1[[#This Row],[Columna23]]*$AB$6)/$AI$6)+((Tabla1[[#This Row],[Columna24]]*$AC$6)/$AI$6)+((Tabla1[[#This Row],[Columna25]]*$AD$6)/$AI$6)+((Tabla1[[#This Row],[Columna26]]*$AE$6)/$AI$6)+((Tabla1[[#This Row],[Columna27]]*$AF$6)/$AI$6)+((Tabla1[[#This Row],[Columna28]]*$AG$6)/$AI$6)+((Tabla1[[#This Row],[Columna29]]*$AH$6)/$AI$6)) -> 0 | AJ9: =Tabla1[[#This Row],[Columna48]]+Tabla1[[#This Row],[Columna30]]+Tabla1[[#This Row],[Columna17]] -> 0.91666667 | AK9: =IFERROR(VLOOKUP($B9,TARIFA_IDRD,7,0),0) -> 6251165.7 | AL9: =IFERROR(VLOOKUP($B9,TARIFA_IDRD,8,0),0) -> 6548622.3 | AM9: =IFERROR(VLOOKUP($B9,TARIFA_IDRD,9,0),0) -> 6804018.6 | AN9: =+$I$6 -> 0 | AO9: =$V$6 -> 3 | AP9: =$AI$6 -> 0 | AQ9: =$I9 -> 0 | AR9: =$V9 -> 0.91666667 | AS9: =$AI9 -> 0 | AT9: =(((Tabla1[[#This Row],[Columna17]]*30)*$V$6)+(Tabla1[[#This Row],[Columna30]]*30)*$AI$6+(Tabla1[[#This Row],[Columna48]]*30)*$I$6)*Tabla1[[#This Row],[Columna32]] -> 82.5 | AU9: =$AJ9 -> 0.91666667 | AV9: =AN9*AQ9 -> 0 | AW9: =AO9*AR9 -> 2.75 | AX9: =AP9*AS9 -> 0 | AY9: =ROUND(((Tabla1[[#This Row],[Columna33]]*Tabla1[[#This Row],[Columna32]]*Tabla1[[#This Row],[Columna40]])+(Tabla1[[#This Row],[Columna34]]*Tabla1[[#This Row],[Columna32]]*Tabla1[[#This Row],[Columna41]])+Tabla1[[#This Row],[Columna47]]*Tabla1[[#This Row],[Columna32]]*Tabla1[[#This Row],[Columna49]]),0) -> 18008711 | AZ9: =+'[4]FACTOR PRESTACIONAL STC'!$C$28 -> 0.5195 | BA9: =ROUND(Tabla1[[#This Row],[Columna42]]*AZ9+Tabla1[[#This Row],[Columna42]],0) -> 27364236 | BB9: =+ROUND(Tabla1[[#This Row],[Columna34]]*AZ9+Tabla1[[#This Row],[Columna34]],0) -> 9950632
B10: ESPECIALIDADES | BB10: =+ROUND(Tabla1[[#This Row],[Columna34]]*AZ10+Tabla1[[#This Row],[Columna34]],0) -> 0
A11: =IFERROR(VLOOKUP($B11,TARIFA_IDRD,2,0),"") -> 6 | B11: PROFESIONAL CATEGORÍA 6 (E.G.3;E.E.1) | C11: =IFERROR(VLOOKUP($B11,TARIFA_IDRD,3,0),"") -> PERSONAL PROFESIONAL | D11: =IFERROR(VLOOKUP($B11,TARIFA_IDRD,4,0),"") -> PROF6 | E11: Ingeniero Hidrosanitario y Gas | F11: 1 | I11: =IF(SUM($G$5:$H$5)=0,0,((Tabla1[[#This Row],[Columna51]]*$G$6)/$I$6)+((Tabla1[[#This Row],[Columna50]]*$H$6)/$I$6)) -> 0 | Q11: 0.5 | R11: 0.25 | S11: 0.25 | T11: 0 | V11: =IF(SUM($J$5:$U$5)=0,0,((Tabla1[[#This Row],[Columna5]]*$J$6)/$V$6)+((Tabla1[[#This Row],[Columna6]]*$K$6)/$V$6)+((Tabla1[[#This Row],[Columna7]]*$L$6)/$V$6)+((Tabla1[[#This Row],[Columna8]]*$M$6)/$V$6)+((Tabla1[[#This Row],[Columna9]]*$N$6)/$V$6)+((Tabla1[[#This Row],[Columna10]]*$O$6)/$V$6)+((Tabla1[[#This Row],[Columna11]]*$P$6)/$V$6)+((Tabla1[[#This Row],[Columna12]]*$Q$6)/$V$6)+((Tabla1[[#This Row],[Columna13]]*$R$6)/$V$6)+((Tabla1[[#This Row],[Columna14]]*$S$6)/$V$6)+((Tabla1[[#This Row],[Columna15]]*$T$6)/$V$6)+((Tabla1[[#This Row],[Columna16]]*$U$6)/$V$6)) -> 0.25 | AI11: =IF(SUM($W$5:$AH$5)=0,0,((Tabla1[[#This Row],[Columna18]]*$W$6)/$AI$6)+((Tabla1[[#This Row],[Columna19]]*$X$6)/$AI$6)+((Tabla1[[#This Row],[Columna20]]*$Y$6)/$AI$6)+((Tabla1[[#This Row],[Columna21]]*$Z$6)/$AI$6)+((Tabla1[[#This Row],[Columna22]]*$AA$6)/$AI$6)+((Tabla1[[#This Row],[Columna23]]*$AB$6)/$AI$6)+((Tabla1[[#This Row],[Columna24]]*$AC$6)/$AI$6)+((Tabla1[[#This Row],[Columna25]]*$AD$6)/$AI$6)+((Tabla1[[#This Row],[Columna26]]*$AE$6)/$AI$6)+((Tabla1[[#This Row],[Columna27]]*$AF$6)/$AI$6)+((Tabla1[[#This Row],[Columna28]]*$AG$6)/$AI$6)+((Tabla1[[#This Row],[Columna29]]*$AH$6)/$AI$6)) -> 0 | AJ11: =Tabla1[[#This Row],[Columna48]]+Tabla1[[#This Row],[Columna30]]+Tabla1[[#This Row],[Columna17]] -> 0.25 | AK11: =IFERROR(VLOOKUP($B11,TARIFA_IDRD,7,0),0) -> 6135672 | AL11: =IFERROR(VLOOKUP($B11,TARIFA_IDRD,8,0),0) -> 6427633 | AM11: =IFERROR(VLOOKUP($B11,TARIFA_IDRD,9,0),0) -> 6678310.7 | AN11: =+$I$6 -> 0 | AO11: =$V$6 -> 3 | AP11: =$AI$6 -> 0 | AQ11: =$I11 -> 0 | AR11: =$V11 -> 0.25 | AS11: =$AI11 -> 0 | AT11: =(((Tabla1[[#This Row],[Columna17]]*30)*$V$6)+(Tabla1[[#This Row],[Columna30]]*30)*$AI$6+(Tabla1[[#This Row],[Columna48]]*30)*$I$6)*Tabla1[[#This Row],[Columna32]] -> 22.5 | AU11: =$AJ11 -> 0.25 | AV11: =AN11*AQ11 -> 0 | AW11: =AO11*AR11 -> 0.75 | AX11: =AP11*AS11 -> 0 | AY11: =ROUND(((Tabla1[[#This Row],[Columna33]]*Tabla1[[#This Row],[Columna32]]*Tabla1[[#This Row],[Columna40]])+(Tabla1[[#This Row],[Columna34]]*Tabla1[[#This Row],[Columna32]]*Tabla1[[#This Row],[Columna41]])+Tabla1[[#This Row],[Columna47]]*Tabla1[[#This Row],[Columna32]]*Tabla1[[#This Row],[Columna49]]),0) -> 4820725 | AZ11: 0.5195 | BA11: =ROUND(Tabla1[[#This Row],[Columna42]]*AZ11+Tabla1[[#This Row],[Columna42]],0) -> 7325092 | BB11: =+ROUND(Tabla1[[#This Row],[Columna34]]*AZ11+Tabla1[[#This Row],[Columna34]],0) -> 9766788
A12: =IFERROR(VLOOKUP($B12,TARIFA_IDRD,2,0),"") -> 5 | B12: PROFESIONAL CATEGORÍA 5 (E.G.4;E.E.3) | C12: =IFERROR(VLOOKUP($B12,TARIFA_IDRD,3,0),"") -> PERSONAL PROFESIONAL | D12: =IFERROR(VLOOKUP($B12,TARIFA_IDRD,4,0),"") -> PROF5 | E12: Ingeniero Eléctrico Esp. Redes Secas | F12: 1 | I12: =IF(SUM($G$5:$H$5)=0,0,((Tabla1[[#This Row],[Columna51]]*$G$6)/$I$6)+((Tabla1[[#This Row],[Columna50]]*$H$6)/$I$6)) -> 0 | Q12: 0.5 | R12: 0.4 | S12: 0.4 | T12: 0.4 | V12: =IF(SUM($J$5:$U$5)=0,0,((Tabla1[[#This Row],[Columna5]]*$J$6)/$V$6)+((Tabla1[[#This Row],[Columna6]]*$K$6)/$V$6)+((Tabla1[[#This Row],[Columna7]]*$L$6)/$V$6)+((Tabla1[[#This Row],[Columna8]]*$M$6)/$V$6)+((Tabla1[[#This Row],[Columna9]]*$N$6)/$V$6)+((Tabla1[[#This Row],[Columna10]]*$O$6)/$V$6)+((Tabla1[[#This Row],[Columna11]]*$P$6)/$V$6)+((Tabla1[[#This Row],[Columna12]]*$Q$6)/$V$6)+((Tabla1[[#This Row],[Columna13]]*$R$6)/$V$6)+((Tabla1[[#This Row],[Columna14]]*$S$6)/$V$6)+((Tabla1[[#This Row],[Columna15]]*$T$6)/$V$6)+((Tabla1[[#This Row],[Columna16]]*$U$6)/$V$6)) -> 0.41666667 | AI12: =IF(SUM($W$5:$AH$5)=0,0,((Tabla1[[#This Row],[Columna18]]*$W$6)/$AI$6)+((Tabla1[[#This Row],[Columna19]]*$X$6)/$AI$6)+((Tabla1[[#This Row],[Columna20]]*$Y$6)/$AI$6)+((Tabla1[[#This Row],[Columna21]]*$Z$6)/$AI$6)+((Tabla1[[#This Row],[Columna22]]*$AA$6)/$AI$6)+((Tabla1[[#This Row],[Columna23]]*$AB$6)/$AI$6)+((Tabla1[[#This Row],[Columna24]]*$AC$6)/$AI$6)+((Tabla1[[#This Row],[Columna25]]*$AD$6)/$AI$6)+((Tabla1[[#This Row],[Columna26]]*$AE$6)/$AI$6)+((Tabla1[[#This Row],[Columna27]]*$AF$6)/$AI$6)+((Tabla1[[#This Row],[Columna28]]*$AG$6)/$AI$6)+((Tabla1[[#This Row],[Columna29]]*$AH$6)/$AI$6)) -> 0 | AJ12: =Tabla1[[#This Row],[Columna48]]+Tabla1[[#This Row],[Columna30]]+Tabla1[[#This Row],[Columna17]] -> 0.41666667 | AK12: =IFERROR(VLOOKUP($B12,TARIFA_IDRD,7,0),0) -> 6251165.7 | AL12: =IFERROR(VLOOKUP($B12,TARIFA_IDRD,8,0),0) -> 6548622.3 | AM12: =IFERROR(VLOOKUP($B12,TARIFA_IDRD,9,0),0) -> 6804018.6 | AN12: =+$I$6 -> 0 | AO12: =$V$6 -> 3 | AP12: =$AI$6 -> 0 | AQ12: =$I12 -> 0 | AR12: =$V12 -> 0.41666667 | AS12: =$AI12 -> 0 | AT12: =(((Tabla1[[#This Row],[Columna17]]*30)*$V$6)+(Tabla1[[#This Row],[Columna30]]*30)*$AI$6+(Tabla1[[#This Row],[Columna48]]*30)*$I$6)*Tabla1[[#This Row],[Columna32]] -> 37.5 | AU12: =$AJ12 -> 0.41666667 | AV12: =AN12*AQ12 -> 0 | AW12: =AO12*AR12 -> 1.25 | AX12: =AP12*AS12 -> 0 | AY12: =ROUND(((Tabla1[[#This Row],[Columna33]]*Tabla1[[#This Row],[Columna32]]*Tabla1[[#This Row],[Columna40]])+(Tabla1[[#This Row],[Columna34]]*Tabla1[[#This Row],[Columna32]]*Tabla1[[#This Row],[Columna41]])+Tabla1[[#This Row],[Columna47]]*Tabla1[[#This Row],[Columna32]]*Tabla1[[#This Row],[Columna49]]),0) -> 8185778 | AZ12: 0.5195 | BA12: =ROUND(Tabla1[[#This Row],[Columna42]]*AZ12+Tabla1[[#This Row],[Columna42]],0) -> 12438290 | BB12: =+ROUND(Tabla1[[#This Row],[Columna34]]*AZ12+Tabla1[[#This Row],[Columna34]],0) -> 9950632
A13: =IFERROR(VLOOKUP($B13,TARIFA_IDRD,2,0),"") -> 6 | B13: PROFESIONAL CATEGORÍA 6 (E.G.3;E.E.1) | C13: =IFERROR(VLOOKUP($B13,TARIFA_IDRD,3,0),"") -> PERSONAL PROFESIONAL | D13: =IFERROR(VLOOKUP($B13,TARIFA_IDRD,4,0),"") -> PROF6 | E13: Ingeniero Seguridad y Control | F13: 1 | I13: =IF(SUM($G$5:$H$5)=0,0,((Tabla1[[#This Row],[Columna51]]*$G$6)/$I$6)+((Tabla1[[#This Row],[Columna50]]*$H$6)/$I$6)) -> 0 | Q13: 0.5 | R13: 0.25 | S13: 0.25 | T13: 0.25 | V13: =IF(SUM($J$5:$U$5)=0,0,((Tabla1[[#This Row],[Columna5]]*$J$6)/$V$6)+((Tabla1[[#This Row],[Columna6]]*$K$6)/$V$6)+((Tabla1[[#This Row],[Columna7]]*$L$6)/$V$6)+((Tabla1[[#This Row],[Columna8]]*$M$6)/$V$6)+((Tabla1[[#This Row],[Columna9]]*$N$6)/$V$6)+((Tabla1[[#This Row],[Columna10]]*$O$6)/$V$6)+((Tabla1[[#This Row],[Columna11]]*$P$6)/$V$6)+((Tabla1[[#This Row],[Columna12]]*$Q$6)/$V$6)+((Tabla1[[#This Row],[Columna13]]*$R$6)/$V$6)+((Tabla1[[#This Row],[Columna14]]*$S$6)/$V$6)+((Tabla1[[#This Row],[Columna15]]*$T$6)/$V$6)+((Tabla1[[#This Row],[Columna16]]*$U$6)/$V$6)) -> 0.29166667 | AI13: =IF(SUM($W$5:$AH$5)=0,0,((Tabla1[[#This Row],[Columna18]]*$W$6)/$AI$6)+((Tabla1[[#This Row],[Columna19]]*$X$6)/$AI$6)+((Tabla1[[#This Row],[Columna20]]*$Y$6)/$AI$6)+((Tabla1[[#This Row],[Columna21]]*$Z$6)/$AI$6)+((Tabla1[[#This Row],[Columna22]]*$AA$6)/$AI$6)+((Tabla1[[#This Row],[Columna23]]*$AB$6)/$AI$6)+((Tabla1[[#This Row],[Columna24]]*$AC$6)/$AI$6)+((Tabla1[[#This Row],[Columna25]]*$AD$6)/$AI$6)+((Tabla1[[#This Row],[Columna26]]*$AE$6)/$AI$6)+((Tabla1[[#This Row],[Columna27]]*$AF$6)/$AI$6)+((Tabla1[[#This Row],[Columna28]]*$AG$6)/$AI$6)+((Tabla1[[#This Row],[Columna29]]*$AH$6)/$AI$6)) -> 0 | AJ13: =Tabla1[[#This Row],[Columna48]]+Tabla1[[#This Row],[Columna30]]+Tabla1[[#This Row],[Columna17]] -> 0.29166667 | AK13: =IFERROR(VLOOKUP($B13,TARIFA_IDRD,7,0),0) -> 6135672 | AL13: =IFERROR(VLOOKUP($B13,TARIFA_IDRD,8,0),0) -> 6427633 | AM13: =IFERROR(VLOOKUP($B13,TARIFA_IDRD,9,0),0) -> 6678310.7 | AN13: =+$I$6 -> 0 | AO13: =$V$6 -> 3 | AP13: =$AI$6 -> 0 | AQ13: =$I13 -> 0 | AR13: =$V13 -> 0.29166667 | AS13: =$AI13 -> 0 | AT13: =(((Tabla1[[#This Row],[Columna17]]*30)*$V$6)+(Tabla1[[#This Row],[Columna30]]*30)*$AI$6+(Tabla1[[#This Row],[Columna48]]*30)*$I$6)*Tabla1[[#This Row],[Columna32]] -> 26.25 | AU13: =$AJ13 -> 0.29166667 | AV13: =AN13*AQ13 -> 0 | AW13: =AO13*AR13 -> 0.875 | AX13: =AP13*AS13 -> 0 | AY13: =ROUND(((Tabla1[[#This Row],[Columna33]]*Tabla1[[#This Row],[Columna32]]*Tabla1[[#This Row],[Columna40]])+(Tabla1[[#This Row],[Columna34]]*Tabla1[[#This Row],[Columna32]]*Tabla1[[#This Row],[Columna41]])+Tabla1[[#This Row],[Columna47]]*Tabla1[[#This Row],[Columna32]]*Tabla1[[#This Row],[Columna49]]),0) -> 5624179 | AZ13: 0.5195 | BA13: =ROUND(Tabla1[[#This Row],[Columna42]]*AZ13+Tabla1[[#This Row],[Columna42]],0) -> 8545940 | BB13: =+ROUND(Tabla1[[#This Row],[Columna34]]*AZ13+Tabla1[[#This Row],[Columna34]],0) -> 9766788
A14: =IFERROR(VLOOKUP($B14,TARIFA_IDRD,2,0),"") -> 6 | B14: PROFESIONAL CATEGORÍA 6 (E.G.3;E.E.1) | C14: =IFERROR(VLOOKUP($B14,TARIFA_IDRD,3,0),"") -> PERSONAL PROFESIONAL | D14: =IFERROR(VLOOKUP($B14,TARIFA_IDRD,4,0),"") -> PROF6 | E14: Esp. Presupuestos y Porgramación | F14: 1 | I14: =IF(SUM($G$5:$H$5)=0,0,((Tabla1[[#This Row],[Columna51]]*$G$6)/$I$6)+((Tabla1[[#This Row],[Columna50]]*$H$6)/$I$6)) -> 0 | Q14: 0.25 | R14: 0.25 | S14: 0.25 | T14: 0.25 | V14: =IF(SUM($J$5:$U$5)=0,0,((Tabla1[[#This Row],[Columna5]]*$J$6)/$V$6)+((Tabla1[[#This Row],[Columna6]]*$K$6)/$V$6)+((Tabla1[[#This Row],[Columna7]]*$L$6)/$V$6)+((Tabla1[[#This Row],[Columna8]]*$M$6)/$V$6)+((Tabla1[[#This Row],[Columna9]]*$N$6)/$V$6)+((Tabla1[[#This Row],[Columna10]]*$O$6)/$V$6)+((Tabla1[[#This Row],[Columna11]]*$P$6)/$V$6)+((Tabla1[[#This Row],[Columna12]]*$Q$6)/$V$6)+((Tabla1[[#This Row],[Columna13]]*$R$6)/$V$6)+((Tabla1[[#This Row],[Columna14]]*$S$6)/$V$6)+((Tabla1[[#This Row],[Columna15]]*$T$6)/$V$6)+((Tabla1[[#This Row],[Columna16]]*$U$6)/$V$6)) -> 0.25 | AI14: =IF(SUM($W$5:$AH$5)=0,0,((Tabla1[[#This Row],[Columna18]]*$W$6)/$AI$6)+((Tabla1[[#This Row],[Columna19]]*$X$6)/$AI$6)+((Tabla1[[#This Row],[Columna20]]*$Y$6)/$AI$6)+((Tabla1[[#This Row],[Columna21]]*$Z$6)/$AI$6)+((Tabla1[[#This Row],[Columna22]]*$AA$6)/$AI$6)+((Tabla1[[#This Row],[Columna23]]*$AB$6)/$AI$6)+((Tabla1[[#This Row],[Columna24]]*$AC$6)/$AI$6)+((Tabla1[[#This Row],[Columna25]]*$AD$6)/$AI$6)+((Tabla1[[#This Row],[Columna26]]*$AE$6)/$AI$6)+((Tabla1[[#This Row],[Columna27]]*$AF$6)/$AI$6)+((Tabla1[[#This Row],[Columna28]]*$AG$6)/$AI$6)+((Tabla1[[#This Row],[Columna29]]*$AH$6)/$AI$6)) -> 0 | AJ14: =Tabla1[[#This Row],[Columna48]]+Tabla1[[#This Row],[Columna30]]+Tabla1[[#This Row],[Columna17]] -> 0.25 | AK14: =IFERROR(VLOOKUP($B14,TARIFA_IDRD,7,0),0) -> 6135672 | AL14: =IFERROR(VLOOKUP($B14,TARIFA_IDRD,8,0),0) -> 6427633 | AM14: =IFERROR(VLOOKUP($B14,TARIFA_IDRD,9,0),0) -> 6678310.7 | AN14: =+$I$6 -> 0 | AO14: =$V$6 -> 3 | AP14: =$AI$6 -> 0 | AQ14: =$I14 -> 0 | AR14: =$V14 -> 0.25 | AS14: =$AI14 -> 0 | AT14: =(((Tabla1[[#This Row],[Columna17]]*30)*$V$6)+(Tabla1[[#This Row],[Columna30]]*30)*$AI$6+(Tabla1[[#This Row],[Columna48]]*30)*$I$6)*Tabla1[[#This Row],[Columna32]] -> 22.5 | AU14: =$AJ14 -> 0.25 | AV14: =AN14*AQ14 -> 0 | AW14: =AO14*AR14 -> 0.75 | AX14: =AP14*AS14 -> 0 | AY14: =ROUND(((Tabla1[[#This Row],[Columna33]]*Tabla1[[#This Row],[Columna32]]*Tabla1[[#This Row],[Columna40]])+(Tabla1[[#This Row],[Columna34]]*Tabla1[[#This Row],[Columna32]]*Tabla1[[#This Row],[Columna41]])+Tabla1[[#This Row],[Columna47]]*Tabla1[[#This Row],[Columna32]]*Tabla1[[#This Row],[Columna49]]),0) -> 4820725 | AZ14: 0.5195 | BA14: =ROUND(Tabla1[[#This Row],[Columna42]]*AZ14+Tabla1[[#This Row],[Columna42]],0) -> 7325092 | BB14: =+ROUND(Tabla1[[#This Row],[Columna34]]*AZ14+Tabla1[[#This Row],[Columna34]],0) -> 9766788
A15: =IFERROR(VLOOKUP($B15,TARIFA_IDRD,2,0),"") -> 6 | B15: PROFESIONAL CATEGORÍA 6 (E.G.3;E.E.1) | C15: =IFERROR(VLOOKUP($B15,TARIFA_IDRD,3,0),"") -> PERSONAL PROFESIONAL | D15: =IFERROR(VLOOKUP($B15,TARIFA_IDRD,4,0),"") -> PROF6 | E15: SISO | F15: 1 | I15: =IF(SUM($G$5:$H$5)=0,0,((Tabla1[[#This Row],[Columna51]]*$G$6)/$I$6)+((Tabla1[[#This Row],[Columna50]]*$H$6)/$I$6)) -> 0 | Q15: 0.25 | R15: 0.25 | S15: 0.25 | T15: 0.25 | V15: =IF(SUM($J$5:$U$5)=0,0,((Tabla1[[#This Row],[Columna5]]*$J$6)/$V$6)+((Tabla1[[#This Row],[Columna6]]*$K$6)/$V$6)+((Tabla1[[#This Row],[Columna7]]*$L$6)/$V$6)+((Tabla1[[#This Row],[Columna8]]*$M$6)/$V$6)+((Tabla1[[#This Row],[Columna9]]*$N$6)/$V$6)+((Tabla1[[#This Row],[Columna10]]*$O$6)/$V$6)+((Tabla1[[#This Row],[Columna11]]*$P$6)/$V$6)+((Tabla1[[#This Row],[Columna12]]*$Q$6)/$V$6)+((Tabla1[[#This Row],[Columna13]]*$R$6)/$V$6)+((Tabla1[[#This Row],[Columna14]]*$S$6)/$V$6)+((Tabla1[[#This Row],[Columna15]]*$T$6)/$V$6)+((Tabla1[[#This Row],[Columna16]]*$U$6)/$V$6)) -> 0.25 | AI15: =IF(SUM($W$5:$AH$5)=0,0,((Tabla1[[#This Row],[Columna18]]*$W$6)/$AI$6)+((Tabla1[[#This Row],[Columna19]]*$X$6)/$AI$6)+((Tabla1[[#This Row],[Columna20]]*$Y$6)/$AI$6)+((Tabla1[[#This Row],[Columna21]]*$Z$6)/$AI$6)+((Tabla1[[#This Row],[Columna22]]*$AA$6)/$AI$6)+((Tabla1[[#This Row],[Columna23]]*$AB$6)/$AI$6)+((Tabla1[[#This Row],[Columna24]]*$AC$6)/$AI$6)+((Tabla1[[#This Row],[Columna25]]*$AD$6)/$AI$6)+((Tabla1[[#This Row],[Columna26]]*$AE$6)/$AI$6)+((Tabla1[[#This Row],[Columna27]]*$AF$6)/$AI$6)+((Tabla1[[#This Row],[Columna28]]*$AG$6)/$AI$6)+((Tabla1[[#This Row],[Columna29]]*$AH$6)/$AI$6)) -> 0 | AJ15: =Tabla1[[#This Row],[Columna48]]+Tabla1[[#This Row],[Columna30]]+Tabla1[[#This Row],[Columna17]] -> 0.25 | AK15: =IFERROR(VLOOKUP($B15,TARIFA_IDRD,7,0),0) -> 6135672 | AL15: =IFERROR(VLOOKUP($B15,TARIFA_IDRD,8,0),0) -> 6427633 | AM15: =IFERROR(VLOOKUP($B15,TARIFA_IDRD,9,0),0) -> 6678310.7 | AN15: =+$I$6 -> 0 | AO15: =$V$6 -> 3 | AP15: =$AI$6 -> 0 | AQ15: =$I15 -> 0 | AR15: =$V15 -> 0.25 | AS15: =$AI15 -> 0 | AT15: =(((Tabla1[[#This Row],[Columna17]]*30)*$V$6)+(Tabla1[[#This Row],[Columna30]]*30)*$AI$6+(Tabla1[[#This Row],[Columna48]]*30)*$I$6)*Tabla1[[#This Row],[Columna32]] -> 22.5 | AU15: =$AJ15 -> 0.25 | AV15: =AN15*AQ15 -> 0 | AW15: =AO15*AR15 -> 0.75 | AX15: =AP15*AS15 -> 0 | AY15: =ROUND(((Tabla1[[#This Row],[Columna33]]*Tabla1[[#This Row],[Columna32]]*Tabla1[[#This Row],[Columna40]])+(Tabla1[[#This Row],[Columna34]]*Tabla1[[#This Row],[Columna32]]*Tabla1[[#This Row],[Columna41]])+Tabla1[[#This Row],[Columna47]]*Tabla1[[#This Row],[Columna32]]*Tabla1[[#This Row],[Columna49]]),0) -> 4820725 | AZ15: 0.5195 | BA15: =ROUND(Tabla1[[#This Row],[Columna42]]*AZ15+Tabla1[[#This Row],[Columna42]],0) -> 7325092 | BB15: =+ROUND(Tabla1[[#This Row],[Columna34]]*AZ15+Tabla1[[#This Row],[Columna34]],0) -> 9766788
A16: =IFERROR(VLOOKUP($B16,TARIFA_IDRD,2,0),"") -> 5 | B16: PROFESIONAL CATEGORÍA 5 (E.G.4;E.E.3) | C16: =IFERROR(VLOOKUP($B16,TARIFA_IDRD,3,0),"") -> PERSONAL PROFESIONAL | D16: =IFERROR(VLOOKUP($B16,TARIFA_IDRD,4,0),"") -> PROF5 | E16: Abogado Contratación | F16: 1 | I16: =IF(SUM($G$5:$H$5)=0,0,((Tabla1[[#This Row],[Columna51]]*$G$6)/$I$6)+((Tabla1[[#This Row],[Columna50]]*$H$6)/$I$6)) -> 0 | Q16: 0.05 | R16: 0.05 | S16: 0.05 | T16: 0.05 | V16: =IF(SUM($J$5:$U$5)=0,0,((Tabla1[[#This Row],[Columna5]]*$J$6)/$V$6)+((Tabla1[[#This Row],[Columna6]]*$K$6)/$V$6)+((Tabla1[[#This Row],[Columna7]]*$L$6)/$V$6)+((Tabla1[[#This Row],[Columna8]]*$M$6)/$V$6)+((Tabla1[[#This Row],[Columna9]]*$N$6)/$V$6)+((Tabla1[[#This Row],[Columna10]]*$O$6)/$V$6)+((Tabla1[[#This Row],[Columna11]]*$P$6)/$V$6)+((Tabla1[[#This Row],[Columna12]]*$Q$6)/$V$6)+((Tabla1[[#This Row],[Columna13]]*$R$6)/$V$6)+((Tabla1[[#This Row],[Columna14]]*$S$6)/$V$6)+((Tabla1[[#This Row],[Columna15]]*$T$6)/$V$6)+((Tabla1[[#This Row],[Columna16]]*$U$6)/$V$6)) -> 0.05 | AI16: =IF(SUM($W$5:$AH$5)=0,0,((Tabla1[[#This Row],[Columna18]]*$W$6)/$AI$6)+((Tabla1[[#This Row],[Columna19]]*$X$6)/$AI$6)+((Tabla1[[#This Row],[Columna20]]*$Y$6)/$AI$6)+((Tabla1[[#This Row],[Columna21]]*$Z$6)/$AI$6)+((Tabla1[[#This Row],[Columna22]]*$AA$6)/$AI$6)+((Tabla1[[#This Row],[Columna23]]*$AB$6)/$AI$6)+((Tabla1[[#This Row],[Columna24]]*$AC$6)/$AI$6)+((Tabla1[[#This Row],[Columna25]]*$AD$6)/$AI$6)+((Tabla1[[#This Row],[Columna26]]*$AE$6)/$AI$6)+((Tabla1[[#This Row],[Columna27]]*$AF$6)/$AI$6)+((Tabla1[[#This Row],[Columna28]]*$AG$6)/$AI$6)+((Tabla1[[#This Row],[Columna29]]*$AH$6)/$AI$6)) -> 0 | AJ16: =Tabla1[[#This Row],[Columna48]]+Tabla1[[#This Row],[Columna30]]+Tabla1[[#This Row],[Columna17]] -> 0.05 | AK16: =IFERROR(VLOOKUP($B16,TARIFA_IDRD,7,0),0) -> 6251165.7 | AL16: =IFERROR(VLOOKUP($B16,TARIFA_IDRD,8,0),0) -> 6548622.3 | AM16: =IFERROR(VLOOKUP($B16,TARIFA_IDRD,9,0),0) -> 6804018.6 | AN16: =+$I$6 -> 0 | AO16: =$V$6 -> 3 | AP16: =$AI$6 -> 0 | AQ16: =$I16 -> 0 | AR16: =$V16 -> 0.05 | AS16: =$AI16 -> 0 | AT16: =(((Tabla1[[#This Row],[Columna17]]*30)*$V$6)+(Tabla1[[#This Row],[Columna30]]*30)*$AI$6+(Tabla1[[#This Row],[Columna48]]*30)*$I$6)*Tabla1[[#This Row],[Columna32]] -> 4.5 | AU16: =$AJ16 -> 0.05 | AV16: =AN16*AQ16 -> 0 | AW16: =AO16*AR16 -> 0.15 | AX16: =AP16*AS16 -> 0 | AY16: =ROUND(((Tabla1[[#This Row],[Columna33]]*Tabla1[[#This Row],[Columna32]]*Tabla1[[#This Row],[Columna40]])+(Tabla1[[#This Row],[Columna34]]*Tabla1[[#This Row],[Columna32]]*Tabla1[[#This Row],[Columna41]])+Tabla1[[#This Row],[Columna47]]*Tabla1[[#This Row],[Columna32]]*Tabla1[[#This Row],[Columna49]]),0) -> 982293 | AZ16: 0.5195 | BA16: =ROUND(Tabla1[[#This Row],[Columna42]]*AZ16+Tabla1[[#This Row],[Columna42]],0) -> 1492594 | BB16: =+ROUND(Tabla1[[#This Row],[Columna34]]*AZ16+Tabla1[[#This Row],[Columna34]],0) -> 9950632
A17: =IFERROR(VLOOKUP($B17,TARIFA_IDRD,2,0),"") -> 7 | B17: CONTADOR | C17: =IFERROR(VLOOKUP($B17,TARIFA_IDRD,3,0),"") -> PERSONAL PROFESIONAL | D17: =IFERROR(VLOOKUP($B17,TARIFA_IDRD,4,0),"") -> CONTADOR | F17: 1 | I17: =IF(SUM($G$5:$H$5)=0,0,((Tabla1[[#This Row],[Columna51]]*$G$6)/$I$6)+((Tabla1[[#This Row],[Columna50]]*$H$6)/$I$6)) -> 0 | Q17: 0.05 | R17: 0.05 | S17: 0.05 | T17: 0.05 | V17: =IF(SUM($J$5:$U$5)=0,0,((Tabla1[[#This Row],[Columna5]]*$J$6)/$V$6)+((Tabla1[[#This Row],[Columna6]]*$K$6)/$V$6)+((Tabla1[[#This Row],[Columna7]]*$L$6)/$V$6)+((Tabla1[[#This Row],[Columna8]]*$M$6)/$V$6)+((Tabla1[[#This Row],[Columna9]]*$N$6)/$V$6)+((Tabla1[[#This Row],[Columna10]]*$O$6)/$V$6)+((Tabla1[[#This Row],[Columna11]]*$P$6)/$V$6)+((Tabla1[[#This Row],[Columna12]]*$Q$6)/$V$6)+((Tabla1[[#This Row],[Columna13]]*$R$6)/$V$6)+((Tabla1[[#This Row],[Columna14]]*$S$6)/$V$6)+((Tabla1[[#This Row],[Columna15]]*$T$6)/$V$6)+((Tabla1[[#This Row],[Columna16]]*$U$6)/$V$6)) -> 0.05 | AI17: =IF(SUM($W$5:$AH$5)=0,0,((Tabla1[[#This Row],[Columna18]]*$W$6)/$AI$6)+((Tabla1[[#This Row],[Columna19]]*$X$6)/$AI$6)+((Tabla1[[#This Row],[Columna20]]*$Y$6)/$AI$6)+((Tabla1[[#This Row],[Columna21]]*$Z$6)/$AI$6)+((Tabla1[[#This Row],[Columna22]]*$AA$6)/$AI$6)+((Tabla1[[#This Row],[Columna23]]*$AB$6)/$AI$6)+((Tabla1[[#This Row],[Columna24]]*$AC$6)/$AI$6)+((Tabla1[[#This Row],[Columna25]]*$AD$6)/$AI$6)+((Tabla1[[#This Row],[Columna26]]*$AE$6)/$AI$6)+((Tabla1[[#This Row],[Columna27]]*$AF$6)/$AI$6)+((Tabla1[[#This Row],[Columna28]]*$AG$6)/$AI$6)+((Tabla1[[#This Row],[Columna29]]*$AH$6)/$AI$6)) -> 0 | AJ17: =Tabla1[[#This Row],[Columna48]]+Tabla1[[#This Row],[Columna30]]+Tabla1[[#This Row],[Columna17]] -> 0.05 | AK17: =IFERROR(VLOOKUP($B17,TARIFA_IDRD,7,0),0) -> 6085520.2 | AL17: =IFERROR(VLOOKUP($B17,TARIFA_IDRD,8,0),0) -> 6375094.7 | AM17: =IFERROR(VLOOKUP($B17,TARIFA_IDRD,9,0),0) -> 6623723.4 | AN17: =+$I$6 -> 0 | AO17: =$V$6 -> 3 | AP17: =$AI$6 -> 0 | AQ17: =$I17 -> 0 | AR17: =$V17 -> 0.05 | AS17: =$AI17 -> 0 | AT17: =(((Tabla1[[#This Row],[Columna17]]*30)*$V$6)+(Tabla1[[#This Row],[Columna30]]*30)*$AI$6+(Tabla1[[#This Row],[Columna48]]*30)*$I$6)*Tabla1[[#This Row],[Columna32]] -> 4.5 | AU17: =$AJ17 -> 0.05 | AV17: =AN17*AQ17 -> 0 | AW17: =AO17*AR17 -> 0.15 | AX17: =AP17*AS17 -> 0 | AY17: =ROUND(((Tabla1[[#This Row],[Columna33]]*Tabla1[[#This Row],[Columna32]]*Tabla1[[#This Row],[Columna40]])+(Tabla1[[#This Row],[Columna34]]*Tabla1[[#This Row],[Columna32]]*Tabla1[[#This Row],[Columna41]])+Tabla1[[#This Row],[Columna47]]*Tabla1[[#This Row],[Columna32]]*Tabla1[[#This Row],[Columna49]]),0) -> 956264 | AZ17: 0.5195 | BA17: =ROUND(Tabla1[[#This Row],[Columna42]]*AZ17+Tabla1[[#This Row],[Columna42]],0) -> 1453043 | BB17: =+ROUND(Tabla1[[#This Row],[Columna34]]*AZ17+Tabla1[[#This Row],[Columna34]],0) -> 9686956
A18: =IFERROR(VLOOKUP($B18,TARIFA_IDRD,2,0),"") -> 16 | B18: Maestro de Obra 1 | C18: =IFERROR(VLOOKUP($B18,TARIFA_IDRD,3,0),"") -> PERSONAL OPERARIO Y DE APOYO A LA GESTIÓN | D18: =IFERROR(VLOOKUP($B18,TARIFA_IDRD,4,0),"") -> Maestro de Obra 1 | F18: 1 | I18: =IF(SUM($G$5:$H$5)=0,0,((Tabla1[[#This Row],[Columna51]]*$G$6)/$I$6)+((Tabla1[[#This Row],[Columna50]]*$H$6)/$I$6)) -> 0 | Q18: 1 | R18: 1 | S18: 1 | T18: 1 | V18: =IF(SUM($J$5:$U$5)=0,0,((Tabla1[[#This Row],[Columna5]]*$J$6)/$V$6)+((Tabla1[[#This Row],[Columna6]]*$K$6)/$V$6)+((Tabla1[[#This Row],[Columna7]]*$L$6)/$V$6)+((Tabla1[[#This Row],[Columna8]]*$M$6)/$V$6)+((Tabla1[[#This Row],[Columna9]]*$N$6)/$V$6)+((Tabla1[[#This Row],[Columna10]]*$O$6)/$V$6)+((Tabla1[[#This Row],[Columna11]]*$P$6)/$V$6)+((Tabla1[[#This Row],[Columna12]]*$Q$6)/$V$6)+((Tabla1[[#This Row],[Columna13]]*$R$6)/$V$6)+((Tabla1[[#This Row],[Columna14]]*$S$6)/$V$6)+((Tabla1[[#This Row],[Columna15]]*$T$6)/$V$6)+((Tabla1[[#This Row],[Columna16]]*$U$6)/$V$6)) -> 1 | AI18: =IF(SUM($W$5:$AH$5)=0,0,((Tabla1[[#This Row],[Columna18]]*$W$6)/$AI$6)+((Tabla1[[#This Row],[Columna19]]*$X$6)/$AI$6)+((Tabla1[[#This Row],[Columna20]]*$Y$6)/$AI$6)+((Tabla1[[#This Row],[Columna21]]*$Z$6)/$AI$6)+((Tabla1[[#This Row],[Columna22]]*$AA$6)/$AI$6)+((Tabla1[[#This Row],[Columna23]]*$AB$6)/$AI$6)+((Tabla1[[#This Row],[Columna24]]*$AC$6)/$AI$6)+((Tabla1[[#This Row],[Columna25]]*$AD$6)/$AI$6)+((Tabla1[[#This Row],[Columna26]]*$AE$6)/$AI$6)+((Tabla1[[#This Row],[Columna27]]*$AF$6)/$AI$6)+((Tabla1[[#This Row],[Columna28]]*$AG$6)/$AI$6)+((Tabla1[[#This Row],[Columna29]]*$AH$6)/$AI$6)) -> 0 | AJ18: =Tabla1[[#This Row],[Columna48]]+Tabla1[[#This Row],[Columna30]]+Tabla1[[#This Row],[Columna17]] -> 1 | AK18: =IFERROR(VLOOKUP($B18,TARIFA_IDRD,7,0),0) -> 2569218.7 | AL18: =IFERROR(VLOOKUP($B18,TARIFA_IDRD,8,0),0) -> 2691472.9 | AM18: =IFERROR(VLOOKUP($B18,TARIFA_IDRD,9,0),0) -> 2796440.3 | AN18: =+$I$6 -> 0 | AO18: =$V$6 -> 3 | AP18: =$AI$6 -> 0 | AQ18: =$I18 -> 0 | AR18: =$V18 -> 1 | AS18: =$AI18 -> 0 | AT18: =(((Tabla1[[#This Row],[Columna17]]*30)*$V$6)+(Tabla1[[#This Row],[Columna30]]*30)*$AI$6+(Tabla1[[#This Row],[Columna48]]*30)*$I$6)*Tabla1[[#This Row],[Columna32]] -> 90 | AU18: =$AJ18 -> 1 | AV18: =AN18*AQ18 -> 0 | AW18: =AO18*AR18 -> 3 | AX18: =AP18*AS18 -> 0 | AY18: =ROUND(((Tabla1[[#This Row],[Columna33]]*Tabla1[[#This Row],[Columna32]]*Tabla1[[#This Row],[Columna40]])+(Tabla1[[#This Row],[Columna34]]*Tabla1[[#This Row],[Columna32]]*Tabla1[[#This Row],[Columna41]])+Tabla1[[#This Row],[Columna47]]*Tabla1[[#This Row],[Columna32]]*Tabla1[[#This Row],[Columna49]]),0) -> 8074419 | AZ18: 0.4989 | BA18: =ROUND(Tabla1[[#This Row],[Columna42]]*AZ18+Tabla1[[#This Row],[Columna42]],0) -> 12102747 | BB18: =+ROUND(Tabla1[[#This Row],[Columna34]]*AZ18+Tabla1[[#This Row],[Columna34]],0) -> 4034249
A19: =IFERROR(VLOOKUP($B19,TARIFA_IDRD,2,0),"") -> 25 | B19: Secretaria 2 | C19: =IFERROR(VLOOKUP($B19,TARIFA_IDRD,3,0),"") -> PERSONAL OPERARIO Y DE APOYO A LA GESTIÓN | D19: =IFERROR(VLOOKUP($B19,TARIFA_IDRD,4,0),"") -> Secretaria 2 | F19: 1 | I19: =IF(SUM($G$5:$H$5)=0,0,((Tabla1[[#This Row],[Columna51]]*$G$6)/$I$6)+((Tabla1[[#This Row],[Columna50]]*$H$6)/$I$6)) -> 0 | Q19: 0.1 | R19: 0.1 | S19: 0.1 | T19: 0.1 | V19: =IF(SUM($J$5:$U$5)=0,0,((Tabla1[[#This Row],[Columna5]]*$J$6)/$V$6)+((Tabla1[[#This Row],[Columna6]]*$K$6)/$V$6)+((Tabla1[[#This Row],[Columna7]]*$L$6)/$V$6)+((Tabla1[[#This Row],[Columna8]]*$M$6)/$V$6)+((Tabla1[[#This Row],[Columna9]]*$N$6)/$V$6)+((Tabla1[[#This Row],[Columna10]]*$O$6)/$V$6)+((Tabla1[[#This Row],[Columna11]]*$P$6)/$V$6)+((Tabla1[[#This Row],[Columna12]]*$Q$6)/$V$6)+((Tabla1[[#This Row],[Columna13]]*$R$6)/$V$6)+((Tabla1[[#This Row],[Columna14]]*$S$6)/$V$6)+((Tabla1[[#This Row],[Columna15]]*$T$6)/$V$6)+((Tabla1[[#This Row],[Columna16]]*$U$6)/$V$6)) -> 0.1 | AI19: =IF(SUM($W$5:$AH$5)=0,0,((Tabla1[[#This Row],[Columna18]]*$W$6)/$AI$6)+((Tabla1[[#This Row],[Columna19]]*$X$6)/$AI$6)+((Tabla1[[#This Row],[Columna20]]*$Y$6)/$AI$6)+((Tabla1[[#This Row],[Columna21]]*$Z$6)/$AI$6)+((Tabla1[[#This Row],[Columna22]]*$AA$6)/$AI$6)+((Tabla1[[#This Row],[Columna23]]*$AB$6)/$AI$6)+((Tabla1[[#This Row],[Columna24]]*$AC$6)/$AI$6)+((Tabla1[[#This Row],[Columna25]]*$AD$6)/$AI$6)+((Tabla1[[#This Row],[Columna26]]*$AE$6)/$AI$6)+((Tabla1[[#This Row],[Columna27]]*$AF$6)/$AI$6)+((Tabla1[[#This Row],[Columna28]]*$AG$6)/$AI$6)+((Tabla1[[#This Row],[Columna29]]*$AH$6)/$AI$6)) -> 0 | AJ19: =Tabla1[[#This Row],[Columna48]]+Tabla1[[#This Row],[Columna30]]+Tabla1[[#This Row],[Columna17]] -> 0.1 | AK19: =IFERROR(VLOOKUP($B19,TARIFA_IDRD,7,0),0) -> 1419327.5 | AL19: =IFERROR(VLOOKUP($B19,TARIFA_IDRD,8,0),0) -> 1486865.1 | AM19: =IFERROR(VLOOKUP($B19,TARIFA_IDRD,9,0),0) -> 1544852.8 | AN19: =+$I$6 -> 0 | AO19: =$V$6 -> 3 | AP19: =$AI$6 -> 0 | AQ19: =$I19 -> 0 | AR19: =$V19 -> 0.1 | AS19: =$AI19 -> 0 | AT19: =(((Tabla1[[#This Row],[Columna17]]*30)*$V$6)+(Tabla1[[#This Row],[Columna30]]*30)*$AI$6+(Tabla1[[#This Row],[Columna48]]*30)*$I$6)*Tabla1[[#This Row],[Columna32]] -> 9 | AU19: =$AJ19 -> 0.1 | AV19: =AN19*AQ19 -> 0 | AW19: =AO19*AR19 -> 0.3 | AX19: =AP19*AS19 -> 0 | AY19: =ROUND(((Tabla1[[#This Row],[Columna33]]*Tabla1[[#This Row],[Columna32]]*Tabla1[[#This Row],[Columna40]])+(Tabla1[[#This Row],[Columna34]]*Tabla1[[#This Row],[Columna32]]*Tabla1[[#This Row],[Columna41]])+Tabla1[[#This Row],[Columna47]]*Tabla1[[#This Row],[Columna32]]*Tabla1[[#This Row],[Columna49]]),0) -> 446060 | AZ19: =+'[4]FACTOR PRESTACIONAL STC'!$D$28 -> 0.6785 | BA19: =ROUND(Tabla1[[#This Row],[Columna42]]*AZ19+Tabla1[[#This Row],[Columna42]],0) -> 748712 | BB19: =+ROUND(Tabla1[[#This Row],[Columna34]]*AZ19+Tabla1[[#This Row],[Columna34]],0) -> 2495703
AT20: SUBTOTAL PERSONAL SIN PRESTACIONES | AY20: =SUM(AY8:AY19) -> 63998280 | BA20: =SUM(BA8:BA19) -> 97149978
AT22: VALOR TOTAL PERSONAL + PRESTACIONES | BA22: =+BA20 -> 97149978
AT23: VALOR PERSONAL POR MES | BA23: =+BA22/AJ6 -> 32383326

Sheet EQUIPOS Y OTROS
A1: COSTOS DIRECTOS OPERACIONALES: ALQUILER DE EQUIPOS, ENSAYOS DE LABORATORIO, SUMINISTROS Y OTROS ELEMENTOS
A3: D. ALQUILER DE EQUIPOS
A5: CÓDIGO CIO | B5: DESCRIPCIÓN | C5: UNIDAD | D5: VALOR 2025 | E5: VALOR 2026 + IPC (3,90%) | F5: DISEÑOS | H5: OBRA
F6: CANTIDAD | G6: COSTO TOTAL PARA EL PROYECTO ($) | H6: CANTIDAD | I6: COSTO TOTAL PARA EL PROYECTO ($)
A7: 100849 | B7: =IFERROR(IF(Tabla4[[#This Row],[Columna1]]="","",IF(VLOOKUP($A7,CIO,5,0)="2022",VLOOKUP($A7,CIO,2,0),"ÚLTIMA ACTUALIZACIÓN "&VLOOKUP($A7,CIO,5,0))),"CREAR INSUMO") -> Estación Total Topografia (mes) ** | C7: =IF(OR(Tabla4[[#This Row],[Columna2]]="CREAR INSUMO",LEFT(Tabla4[[#This Row],[Columna2]],6)="ÚLTIMA",Tabla4[[#This Row],[Columna2]]=""),"",VLOOKUP($A7,CIO,3,0)) -> MES | D7: =IF(OR(Tabla4[[#This Row],[Columna2]]="CREAR INSUMO",LEFT(Tabla4[[#This Row],[Columna2]],6)="ÚLTIMA",Tabla4[[#This Row],[Columna2]]=""),"",ROUND(VLOOKUP($A7,CIO,6,0),0)) -> 2220342 | E7: =ROUND(Tabla4[[#This Row],[Columna4]]*1.039,0) -> 2306935 | F7: 0 | G7: =IF(OR(Tabla4[[#This Row],[Columna4]]="",Tabla4[[#This Row],[Columna6]]=""),"",ROUND(Tabla4[[#This Row],[Columna4]]*Tabla4[[#This Row],[Columna6]],0)) -> 0 | H7: 0 | I7: =ROUND(IF(OR(Tabla4[[#This Row],[Columna4]]="",Tabla4[[#This Row],[Columna8]]=""),"",Tabla4[[#This Row],[Columna4]]*Tabla4[[#This Row],[Columna8]]),0) -> 0
A8: 100946 | B8: =IFERROR(IF(Tabla4[[#This Row],[Columna1]]="","",IF(VLOOKUP($A8,CIO,5,0)="2022",VLOOKUP($A8,CIO,2,0),"ÚLTIMA ACTUALIZACIÓN "&VLOOKUP($A8,CIO,5,0))),"CREAR INSUMO") -> GPS+operador+vigilancia ** | C8: =IF(OR(Tabla4[[#This Row],[Columna2]]="CREAR INSUMO",LEFT(Tabla4[[#This Row],[Columna2]],6)="ÚLTIMA",Tabla4[[#This Row],[Columna2]]=""),"",VLOOKUP($A8,CIO,3,0)) -> DD | D8: =IF(OR(Tabla4[[#This Row],[Columna2]]="CREAR INSUMO",LEFT(Tabla4[[#This Row],[Columna2]],6)="ÚLTIMA",Tabla4[[#This Row],[Columna2]]=""),"",ROUND(VLOOKUP($A8,CIO,6,0),0)) -> 325951 | E8: =ROUND(Tabla4[[#This Row],[Columna4]]*1.039,0) -> 338663 | F8: 0 | G8: =IF(OR(Tabla4[[#This Row],[Columna4]]="",Tabla4[[#This Row],[Columna6]]=""),"",ROUND(Tabla4[[#This Row],[Columna4]]*Tabla4[[#This Row],[Columna6]],0)) -> 0 | H8: =+H7 -> 0 | I8: =ROUND(IF(OR(Tabla4[[#This Row],[Columna4]]="",Tabla4[[#This Row],[Columna8]]=""),"",Tabla4[[#This Row],[Columna4]]*Tabla4[[#This Row],[Columna8]]),0) -> 0
A9: 104234 | B9: =IFERROR(IF(Tabla4[[#This Row],[Columna1]]="","",IF(VLOOKUP($A9,CIO,5,0)="2022",VLOOKUP($A9,CIO,2,0),"ÚLTIMA ACTUALIZACIÓN "&VLOOKUP($A9,CIO,5,0))),"CREAR INSUMO") -> NIVEL (AUTOMATICO)TOPOGRAFIA | C9: =IF(OR(Tabla4[[#This Row],[Columna2]]="CREAR INSUMO",LEFT(Tabla4[[#This Row],[Columna2]],6)="ÚLTIMA",Tabla4[[#This Row],[Columna2]]=""),"",VLOOKUP($A9,CIO,3,0)) -> MES | D9: =IF(OR(Tabla4[[#This Row],[Columna2]]="CREAR INSUMO",LEFT(Tabla4[[#This Row],[Columna2]],6)="ÚLTIMA",Tabla4[[#This Row],[Columna2]]=""),"",ROUND(VLOOKUP($A9,CIO,6,0),0)) -> 519228 | E9: =ROUND(Tabla4[[#This Row],[Columna4]]*1.039,0) -> 539478 | F9: 0 | G9: =IF(OR(Tabla4[[#This Row],[Columna4]]="",Tabla4[[#This Row],[Columna6]]=""),"",ROUND(Tabla4[[#This Row],[Columna4]]*Tabla4[[#This Row],[Columna6]],0)) -> 0 | H9: =+H7 -> 0 | I9: =ROUND(IF(OR(Tabla4[[#This Row],[Columna4]]="",Tabla4[[#This Row],[Columna8]]=""),"",Tabla4[[#This Row],[Columna4]]*Tabla4[[#This Row],[Columna8]]),0) -> 0
A10: 102542 | B10: Computador Alquiler con Software Autocad | C10: =IF(OR(Tabla4[[#This Row],[Columna2]]="CREAR INSUMO",LEFT(Tabla4[[#This Row],[Columna2]],6)="ÚLTIMA",Tabla4[[#This Row],[Columna2]]=""),"",VLOOKUP($A10,CIO,3,0)) -> MES | D10: =IF(OR(Tabla4[[#This Row],[Columna2]]="CREAR INSUMO",LEFT(Tabla4[[#This Row],[Columna2]],6)="ÚLTIMA",Tabla4[[#This Row],[Columna2]]=""),"",ROUND(VLOOKUP($A10,CIO,6,0),0)) -> 317906 | E10: =ROUND(Tabla4[[#This Row],[Columna4]]*1.039,0) -> 330304 | F10: 0 | G10: 0 | H10: =1*3 -> 3 | I10: =ROUND(IF(OR(Tabla4[[#This Row],[Columna4]]="",Tabla4[[#This Row],[Columna8]]=""),"",Tabla4[[#This Row],[Columna4]]*Tabla4[[#This Row],[Columna8]]),0) -> 953718
A11: 101031 | B11: =IFERROR(IF(Tabla4[[#This Row],[Columna1]]="","",IF(VLOOKUP($A11,CIO,5,0)="2022",VLOOKUP($A11,CIO,2,0),"ÚLTIMA ACTUALIZACIÓN "&VLOOKUP($A11,CIO,5,0))),"CREAR INSUMO") -> Transporte Contenedor oficina (20Pies)ida y regres | C11: =IF(OR(Tabla4[[#This Row],[Columna2]]="CREAR INSUMO",LEFT(Tabla4[[#This Row],[Columna2]],6)="ÚLTIMA",Tabla4[[#This Row],[Columna2]]=""),"",VLOOKUP($A15,CIO,3,0)) -> DD | D11: =IF(OR(Tabla4[[#This Row],[Columna2]]="CREAR INSUMO",LEFT(Tabla4[[#This Row],[Columna2]],6)="ÚLTIMA",Tabla4[[#This Row],[Columna2]]=""),"",ROUND(VLOOKUP($A11,CIO,6,0),0)) -> 641414 | E11: =ROUND(Tabla4[[#This Row],[Columna4]]*1.039,0) -> 666429 | F11: 0 | G11: =ROUND(IF(OR(Tabla4[[#This Row],[Columna4]]="",Tabla4[[#This Row],[Columna6]]=""),"",Tabla4[[#This Row],[Columna4]]*Tabla4[[#This Row],[Columna6]]),0) -> 0 | H11: 0 | I11: =ROUND(IF(OR(Tabla4[[#This Row],[Columna4]]="",Tabla4[[#This Row],[Columna8]]=""),"",Tabla4[[#This Row],[Columna4]]*Tabla4[[#This Row],[Columna8]]),0) -> 0
A12: 100766 | B12: =IFERROR(IF(Tabla4[[#This Row],[Columna1]]="","",IF(VLOOKUP($A12,CIO,5,0)="2022",VLOOKUP($A12,CIO,2,0),"ÚLTIMA ACTUALIZACIÓN "&VLOOKUP($A12,CIO,5,0))),"CREAR INSUMO") -> Alquiler de Contenedor para almacende obra(20Pies) | C12: =IF(OR(Tabla4[[#This Row],[Columna2]]="CREAR INSUMO",LEFT(Tabla4[[#This Row],[Columna2]],6)="ÚLTIMA",Tabla4[[#This Row],[Columna2]]=""),"",VLOOKUP($A15,CIO,3,0)) -> DD | D12: =IF(OR(Tabla4[[#This Row],[Columna2]]="CREAR INSUMO",LEFT(Tabla4[[#This Row],[Columna2]],6)="ÚLTIMA",Tabla4[[#This Row],[Columna2]]=""),"",ROUND(VLOOKUP($A12,CIO,6,0),0)) -> 400807 | E12: =ROUND(Tabla4[[#This Row],[Columna4]]*1.039,0) -> 416438 | F12: 0 | G12: =ROUND(IF(OR(Tabla4[[#This Row],[Columna4]]="",Tabla4[[#This Row],[Columna6]]=""),"",Tabla4[[#This Row],[Columna4]]*Tabla4[[#This Row],[Columna6]]),0) -> 0 | H12: 0 | I12: =ROUND(IF(OR(Tabla4[[#This Row],[Columna4]]="",Tabla4[[#This Row],[Columna8]]=""),"",Tabla4[[#This Row],[Columna4]]*Tabla4[[#This Row],[Columna8]]),0) -> 0
A13: 106836 | B13: =IFERROR(IF(Tabla4[[#This Row],[Columna1]]="","",IF(VLOOKUP($A13,CIO,5,0)="2023",VLOOKUP($A13,CIO,2,0),"ÚLTIMA ACTUALIZACIÓN "&VLOOKUP($A13,CIO,5,0))),"CREAR INSUMO") -> Licencia de Programas Computacionales Especiales | C13: =IF(OR(Tabla4[[#This Row],[Columna2]]="CREAR INSUMO",LEFT(Tabla4[[#This Row],[Columna2]],6)="ÚLTIMA",Tabla4[[#This Row],[Columna2]]=""),"",VLOOKUP($A13,CIO,3,0)) -> MES | D13: =IF(OR(Tabla4[[#This Row],[Columna2]]="CREAR INSUMO",LEFT(Tabla4[[#This Row],[Columna2]],6)="ÚLTIMA",Tabla4[[#This Row],[Columna2]]=""),"",ROUND(VLOOKUP($A13,CIO,6,0),0)) -> 469047 | E13: =ROUND(Tabla4[[#This Row],[Columna4]]*1.039,0) -> 487340 | F13: 0 | G13: =IF(OR(Tabla4[[#This Row],[Columna4]]="",Tabla4[[#This Row],[Columna6]]=""),"",ROUND(Tabla4[[#This Row],[Columna4]]*Tabla4[[#This Row],[Columna6]],0)) -> 0 | H13: =+H10 -> 3 | I13: =ROUND(IF(OR(Tabla4[[#This Row],[Columna4]]="",Tabla4[[#This Row],[Columna8]]=""),"",Tabla4[[#This Row],[Columna4]]*Tabla4[[#This Row],[Columna8]]),0) -> 1407141
A14: 100850 | B14: Plotter HP 510 (Alquiler) | C14: =IF(OR(Tabla4[[#This Row],[Columna2]]="CREAR INSUMO",LEFT(Tabla4[[#This Row],[Columna2]],6)="ÚLTIMA",Tabla4[[#This Row],[Columna2]]=""),"",VLOOKUP($A14,CIO,3,0)) -> MES | D14: =IF(OR(Tabla4[[#This Row],[Columna2]]="CREAR INSUMO",LEFT(Tabla4[[#This Row],[Columna2]],6)="ÚLTIMA",Tabla4[[#This Row],[Columna2]]=""),"",ROUND(VLOOKUP($A14,CIO,6,0),0)) -> 1241510 | E14: =ROUND(Tabla4[[#This Row],[Columna4]]*1.039,0) -> 1289929 | F14: 0 | G14: =IF(OR(Tabla4[[#This Row],[Columna4]]="",Tabla4[[#This Row],[Columna6]]=""),"",ROUND(Tabla4[[#This Row],[Columna4]]*Tabla4[[#This Row],[Columna6]],0)) -> 0 | H14: 0 | I14: =ROUND(IF(OR(Tabla4[[#This Row],[Columna4]]="",Tabla4[[#This Row],[Columna8]]=""),"",Tabla4[[#This Row],[Columna4]]*Tabla4[[#This Row],[Columna8]]),0) -> 0
A15: 100943 | B15: CAMIONETA PICKUP | C15: =IF(OR(Tabla4[[#This Row],[Columna2]]="CREAR INSUMO",LEFT(Tabla4[[#This Row],[Columna2]],6)="ÚLTIMA",Tabla4[[#This Row],[Columna2]]=""),"",VLOOKUP($A16,CIO,3,0)) -> DD | D15: =IF(OR(Tabla4[[#This Row],[Columna2]]="CREAR INSUMO",LEFT(Tabla4[[#This Row],[Columna2]],6)="ÚLTIMA",Tabla4[[#This Row],[Columna2]]=""),"",ROUND(VLOOKUP($A15,CIO,6,0),0)) -> 164264 | E15: =ROUND(Tabla4[[#This Row],[Columna4]]*1.039,0) -> 170670 | F15: 0 | G15: =ROUND(IF(OR(Tabla4[[#This Row],[Columna4]]="",Tabla4[[#This Row],[Columna6]]=""),"",Tabla4[[#This Row],[Columna4]]*Tabla4[[#This Row],[Columna6]]),0) -> 0 | H15: =1*20 -> 20 | I15: =ROUND(IF(OR(Tabla4[[#This Row],[Columna4]]="",Tabla4[[#This Row],[Columna8]]=""),"",Tabla4[[#This Row],[Columna4]]*Tabla4[[#This Row],[Columna8]]),0) -> 3285280
A16: 101243 | B16: PLANTA PORTATIL INDUST.10-12KVA-DIESEL- ALQUILER | C16: =IF(OR(Tabla4[[#This Row],[Columna2]]="CREAR INSUMO",LEFT(Tabla4[[#This Row],[Columna2]],6)="ÚLTIMA",Tabla4[[#This Row],[Columna2]]=""),"",VLOOKUP($A16,CIO,3,0)) -> DD | D16: =IF(OR(Tabla4[[#This Row],[Columna2]]="CREAR INSUMO",LEFT(Tabla4[[#This Row],[Columna2]],6)="ÚLTIMA",Tabla4[[#This Row],[Columna2]]=""),"",ROUND(VLOOKUP($A16,CIO,6,0),0)) -> 70897 | E16: =ROUND(Tabla4[[#This Row],[Columna4]]*1.039,0) -> 73662 | F16: 0 | G16: =IF(OR(Tabla4[[#This Row],[Columna4]]="",Tabla4[[#This Row],[Columna6]]=""),"",ROUND(Tabla4[[#This Row],[Columna4]]*Tabla4[[#This Row],[Columna6]],0)) -> 0 | H16: 0 | I16: =ROUND(IF(OR(Tabla4[[#This Row],[Columna4]]="",Tabla4[[#This Row],[Columna8]]=""),"",Tabla4[[#This Row],[Columna4]]*Tabla4[[#This Row],[Columna8]]),0) -> 0
A17: 101048 | B17: =IFERROR(IF(Tabla4[[#This Row],[Columna1]]="","",IF(VLOOKUP($A17,CIO,5,0)="2022",VLOOKUP($A17,CIO,2,0),"ÚLTIMA ACTUALIZACIÓN "&VLOOKUP($A17,CIO,5,0))),"CREAR INSUMO") -> ALQ.BAÑO PORTATIL(TRANSP+8 ASEOS+INSUM)S/DESC-TECN | C17: =IF(OR(Tabla4[[#This Row],[Columna2]]="CREAR INSUMO",LEFT(Tabla4[[#This Row],[Columna2]],6)="ÚLTIMA",Tabla4[[#This Row],[Columna2]]=""),"",VLOOKUP($A17,CIO,3,0)) -> MES | D17: =IF(OR(Tabla4[[#This Row],[Columna2]]="CREAR INSUMO",LEFT(Tabla4[[#This Row],[Columna2]],6)="ÚLTIMA",Tabla4[[#This Row],[Columna2]]=""),"",ROUND(VLOOKUP($A17,CIO,6,0),0)) -> 398250 | E17: =ROUND(Tabla4[[#This Row],[Columna4]]*1.039,0) -> 413782 | F17: 0 | G17: =IF(OR(Tabla4[[#This Row],[Columna4]]="",Tabla4[[#This Row],[Columna6]]=""),"",ROUND(Tabla4[[#This Row],[Columna4]]*Tabla4[[#This Row],[Columna6]],0)) -> 0 | H17: 0 | I17: =ROUND(IF(OR(Tabla4[[#This Row],[Columna4]]="",Tabla4[[#This Row],[Columna8]]=""),"",Tabla4[[#This Row],[Columna4]]*Tabla4[[#This Row],[Columna8]]),0) -> 0
A18: 100700 | B18: =IFERROR(IF(Tabla4[[#This Row],[Columna1]]="","",IF(VLOOKUP($A18,CIO,5,0)="2022",VLOOKUP($A18,CIO,2,0),"ÚLTIMA ACTUALIZACIÓN "&VLOOKUP($A18,CIO,5,0))),"CREAR INSUMO") -> Valla informativa de obra 1.50X2.50M (sumi+insta)l | C18: =IF(OR(Tabla4[[#This Row],[Columna2]]="CREAR INSUMO",LEFT(Tabla4[[#This Row],[Columna2]],6)="ÚLTIMA",Tabla4[[#This Row],[Columna2]]=""),"",VLOOKUP($A18,CIO,3,0)) -> UN | D18: =IF(OR(Tabla4[[#This Row],[Columna2]]="CREAR INSUMO",LEFT(Tabla4[[#This Row],[Columna2]],6)="ÚLTIMA",Tabla4[[#This Row],[Columna2]]=""),"",ROUND(VLOOKUP($A18,CIO,6,0),0)) -> 1248875 | E18: =ROUND(Tabla4[[#This Row],[Columna4]]*1.039,0) -> 1297581 | F18: 0 | G18: =ROUND(IF(OR(Tabla4[[#This Row],[Columna4]]="",Tabla4[[#This Row],[Columna6]]=""),"",Tabla4[[#This Row],[Columna4]]*Tabla4[[#This Row],[Columna6]]),0) -> 0 | H18: 0 | I18: =ROUND(IF(OR(Tabla4[[#This Row],[Columna4]]="",Tabla4[[#This Row],[Columna8]]=""),"",Tabla4[[#This Row],[Columna4]]*Tabla4[[#This Row],[Columna8]]),0) -> 0
A19: 100856 | B19: =IFERROR(IF(Tabla4[[#This Row],[Columna1]]="","",IF(VLOOKUP($A19,CIO,5,0)="2022",VLOOKUP($A19,CIO,2,0),"ÚLTIMA ACTUALIZACIÓN "&VLOOKUP($A19,CIO,5,0))),"CREAR INSUMO") -> Señal de Identificación Obra (0.40x0.70m)sum+Ins | C19: =IF(OR(Tabla4[[#This Row],[Columna2]]="CREAR INSUMO",LEFT(Tabla4[[#This Row],[Columna2]],6)="ÚLTIMA",Tabla4[[#This Row],[Columna2]]=""),"",VLOOKUP($A19,CIO,3,0)) -> UN | D19: =IF(OR(Tabla4[[#This Row],[Columna2]]="CREAR INSUMO",LEFT(Tabla4[[#This Row],[Columna2]],6)="ÚLTIMA",Tabla4[[#This Row],[Columna2]]=""),"",ROUND(VLOOKUP($A19,CIO,6,0),0)) -> 138037 | E19: =ROUND(Tabla4[[#This Row],[Columna4]]*1.039,0) -> 143420 | F19: 0 | G19: =ROUND(IF(OR(Tabla4[[#This Row],[Columna4]]="",Tabla4[[#This Row],[Columna6]]=""),"",Tabla4[[#This Row],[Columna4]]*Tabla4[[#This Row],[Columna6]]),0) -> 0 | H19: 0 | I19: =ROUND(IF(OR(Tabla4[[#This Row],[Columna4]]="",Tabla4[[#This Row],[Columna8]]=""),"",Tabla4[[#This Row],[Columna4]]*Tabla4[[#This Row],[Columna8]]),0) -> 0
A20: TOTAL | F20: =SUBTOTAL(109,Tabla4[[#All],[Columna7]]) -> 0 | H20: =SUBTOTAL(109,Tabla4[[#All],[Columna9]]) -> 5646139
A22: E. ENSAYOS DE LABORATORIO
A24: CÓDIGO CIO | B24: DESCRIPCIÓN | C24: UNIDAD | D24: VALOR 2025 | E24: VALOR 2026 + IPC (3,90%) | H24: OBRA
F25: CANTIDAD | G25: COSTO TOTAL PARA EL PROYECTO ($) | H25: CANTIDAD | I25: COSTO TOTAL PARA EL PROYECTO ($) | J25: =IF(OR(Tabla47[[#This Row],[Columna5]]="",Tabla47[[#This Row],[Columna8]]=""),"",Tabla47[[#This Row],[Columna5]]*Tabla47[[#This Row],[Columna8]]) -> #VALUE!
A26: 100907 | B26: =IFERROR(IF(Tabla47[[#This Row],[Columna1]]="","",IF(VLOOKUP($A26,CIO,5,0)="2024",VLOOKUP($A26,CIO,2,0),"ÚLTIMA ACTUALIZACIÓN "&VLOOKUP($A26,CIO,5,0))),"CREAR INSUMO") -> ENSAYO GRANULOMETRIA POR TAMIZADO CON LAVADO | C26: =IF(OR(Tabla47[[#This Row],[Columna2]]="CREAR INSUMO",LEFT(Tabla47[[#This Row],[Columna2]],6)="ÚLTIMA",Tabla47[[#This Row],[Columna2]]=""),"",VLOOKUP($A26,CIO,3,0)) -> UN | D26: =IF(OR(Tabla47[[#This Row],[Columna2]]="CREAR INSUMO",LEFT(Tabla47[[#This Row],[Columna2]],6)="ÚLTIMA",Tabla47[[#This Row],[Columna2]]=""),"",ROUND(VLOOKUP($A26,CIO,6,0),0)) -> 124494 | E26: =ROUND(Tabla47[[#This Row],[Columna4]]*1.0747,0) -> 133794 | G26: =IF(OR(Tabla47[[#This Row],[Columna5]]="",Tabla47[[#This Row],[Columna5]]=""),"",ROUND(Tabla47[[#This Row],[Columna4]]*Tabla47[[#This Row],[Columna5]],0)) | H26: 0 | I26: =IF(OR(Tabla47[[#This Row],[Columna4]]="",Tabla47[[#This Row],[Columna7]]=""),"",Tabla47[[#This Row],[Columna4]]*Tabla47[[#This Row],[Columna7]]) -> 0
A27: 100883 | B27: =IFERROR(IF(Tabla47[[#This Row],[Columna1]]="","",IF(VLOOKUP($A27,CIO,5,0)="2024",VLOOKUP($A27,CIO,2,0),"ÚLTIMA ACTUALIZACIÓN "&VLOOKUP($A27,CIO,5,0))),"CREAR INSUMO") -> ENSAYO CBR MATERIAL GRANULAR INCLUYE PROCTOR | C27: =IF(OR(Tabla47[[#This Row],[Columna2]]="CREAR INSUMO",LEFT(Tabla47[[#This Row],[Columna2]],6)="ÚLTIMA",Tabla47[[#This Row],[Columna2]]=""),"",VLOOKUP($A27,CIO,3,0)) -> UN | D27: =IF(OR(Tabla47[[#This Row],[Columna2]]="CREAR INSUMO",LEFT(Tabla47[[#This Row],[Columna2]],6)="ÚLTIMA",Tabla47[[#This Row],[Columna2]]=""),"",ROUND(VLOOKUP($A27,CIO,6,0),0)) -> 432420 | E27: =ROUND(Tabla47[[#This Row],[Columna4]]*1.0747,0) -> 464722 | G27: =IF(OR(Tabla47[[#This Row],[Columna5]]="",Tabla47[[#This Row],[Columna5]]=""),"",Tabla47[[#This Row],[Columna4]]*Tabla47[[#This Row],[Columna5]]) | H27: 0 | I27: =IF(OR(Tabla47[[#This Row],[Columna4]]="",Tabla47[[#This Row],[Columna7]]=""),"",Tabla47[[#This Row],[Columna4]]*Tabla47[[#This Row],[Columna7]]) -> 0
A28: 100877 | B28: =IFERROR(IF(Tabla47[[#This Row],[Columna1]]="","",IF(VLOOKUP($A28,CIO,5,0)="2024",VLOOKUP($A28,CIO,2,0),"ÚLTIMA ACTUALIZACIÓN "&VLOOKUP($A28,CIO,5,0))),"CREAR INSUMO") -> ENSAYO LIMITES DE CONSISTENCIA ATTERBERG | C28: =IF(OR(Tabla47[[#This Row],[Columna2]]="CREAR INSUMO",LEFT(Tabla47[[#This Row],[Columna2]],6)="ÚLTIMA",Tabla47[[#This Row],[Columna2]]=""),"",VLOOKUP($A28,CIO,3,0)) -> UN | D28: =IF(OR(Tabla47[[#This Row],[Columna2]]="CREAR INSUMO",LEFT(Tabla47[[#This Row],[Columna2]],6)="ÚLTIMA",Tabla47[[#This Row],[Columna2]]=""),"",ROUND(VLOOKUP($A28,CIO,6,0),0)) -> 74365 | E28: =ROUND(Tabla47[[#This Row],[Columna4]]*1.0747,0) -> 79920 | G28: =IF(OR(Tabla47[[#This Row],[Columna5]]="",Tabla47[[#This Row],[Columna5]]=""),"",Tabla47[[#This Row],[Columna4]]*Tabla47[[#This Row],[Columna5]]) | H28: 0 | I28: =IF(OR(Tabla47[[#This Row],[Columna4]]="",Tabla47[[#This Row],[Columna7]]=""),"",Tabla47[[#This Row],[Columna4]]*Tabla47[[#This Row],[Columna7]]) -> 0
A29: 100906 | B29: =IFERROR(IF(Tabla47[[#This Row],[Columna1]]="","",IF(VLOOKUP($A29,CIO,5,0)="2024",VLOOKUP($A29,CIO,2,0),"ÚLTIMA ACTUALIZACIÓN "&VLOOKUP($A29,CIO,5,0))),"CREAR INSUMO") -> ENSAYO DESGASTE MAQUINA DE LOS ANGELES SIN TRITURA | C29: =IF(OR(Tabla47[[#This Row],[Columna2]]="CREAR INSUMO",LEFT(Tabla47[[#This Row],[Columna2]],6)="ÚLTIMA",Tabla47[[#This Row],[Columna2]]=""),"",VLOOKUP($A29,CIO,3,0)) -> UN | D29: =IF(OR(Tabla47[[#This Row],[Columna2]]="CREAR INSUMO",LEFT(Tabla47[[#This Row],[Columna2]],6)="ÚLTIMA",Tabla47[[#This Row],[Columna2]]=""),"",ROUND(VLOOKUP($A29,CIO,6,0),0)) -> 142974 | E29: =ROUND(Tabla47[[#This Row],[Columna4]]*1.0747,0) -> 153654 | G29: =IF(OR(Tabla47[[#This Row],[Columna5]]="",Tabla47[[#This Row],[Columna5]]=""),"",Tabla47[[#This Row],[Columna4]]*Tabla47[[#This Row],[Columna5]]) | H29: 0 | I29: =IF(OR(Tabla47[[#This Row],[Columna4]]="",Tabla47[[#This Row],[Columna7]]=""),"",Tabla47[[#This Row],[Columna4]]*Tabla47[[#This Row],[Columna7]]) -> 0
A30: 100875 | B30: =IFERROR(IF(Tabla47[[#This Row],[Columna1]]="","",IF(VLOOKUP($A30,CIO,5,0)="2024",VLOOKUP($A30,CIO,2,0),"ÚLTIMA ACTUALIZACIÓN "&VLOOKUP($A30,CIO,5,0))),"CREAR INSUMO") -> ENSAYO HUMEDAD NATURAL | C30: =IF(OR(Tabla47[[#This Row],[Columna2]]="CREAR INSUMO",LEFT(Tabla47[[#This Row],[Columna2]],6)="ÚLTIMA",Tabla47[[#This Row],[Columna2]]=""),"",VLOOKUP($A30,CIO,3,0)) -> UN | D30: =IF(OR(Tabla47[[#This Row],[Columna2]]="CREAR INSUMO",LEFT(Tabla47[[#This Row],[Columna2]],6)="ÚLTIMA",Tabla47[[#This Row],[Columna2]]=""),"",ROUND(VLOOKUP($A30,CIO,6,0),0)) -> 13437 | E30: =ROUND(Tabla47[[#This Row],[Columna4]]*1.0747,0) -> 14441 | G30: =IF(OR(Tabla47[[#This Row],[Columna5]]="",Tabla47[[#This Row],[Columna5]]=""),"",Tabla47[[#This Row],[Columna4]]*Tabla47[[#This Row],[Columna5]]) | H30: 0 | I30: =IF(OR(Tabla47[[#This Row],[Columna4]]="",Tabla47[[#This Row],[Columna7]]=""),"",Tabla47[[#This Row],[Columna4]]*Tabla47[[#This Row],[Columna7]]) -> 0
A31: 100879 | B31: =IFERROR(IF(Tabla47[[#This Row],[Columna1]]="","",IF(VLOOKUP($A31,CIO,5,0)="2024",VLOOKUP($A31,CIO,2,0),"ÚLTIMA ACTUALIZACIÓN "&VLOOKUP($A31,CIO,5,0))),"CREAR INSUMO") -> ENSAYO ANÁLISIS COMPACTACIÓN SUELO (Curva de compa | C31: =IF(OR(Tabla47[[#This Row],[Columna2]]="CREAR INSUMO",LEFT(Tabla47[[#This Row],[Columna2]],6)="ÚLTIMA",Tabla47[[#This Row],[Columna2]]=""),"",VLOOKUP($A31,CIO,3,0)) -> UN | D31: =IF(OR(Tabla47[[#This Row],[Columna2]]="CREAR INSUMO",LEFT(Tabla47[[#This Row],[Columna2]],6)="ÚLTIMA",Tabla47[[#This Row],[Columna2]]=""),"",ROUND(VLOOKUP($A31,CIO,6,0),0)) -> 212948 | E31: =ROUND(Tabla47[[#This Row],[Columna4]]*1.0747,0) -> 228855 | G31: =IF(OR(Tabla47[[#This Row],[Columna5]]="",Tabla47[[#This Row],[Columna5]]=""),"",Tabla47[[#This Row],[Columna4]]*Tabla47[[#This Row],[Columna5]]) | H31: 0 | I31: =IF(OR(Tabla47[[#This Row],[Columna4]]="",Tabla47[[#This Row],[Columna7]]=""),"",Tabla47[[#This Row],[Columna4]]*Tabla47[[#This Row],[Columna7]]) -> 0
A32: 1682 | B32: =IFERROR(IF(Tabla47[[#This Row],[Columna1]]="","",IF(VLOOKUP($A32,CIO,5,0)="2024",VLOOKUP($A32,CIO,2,0),"ÚLTIMA ACTUALIZACIÓN "&VLOOKUP($A32,CIO,5,0))),"CREAR INSUMO") -> ENSAYO PROCTOR MODIFICADO | C32: UN | D32: 119000 | E32: =ROUND(Tabla47[[#This Row],[Columna4]]*1.0747,0) -> 127889 | G32: =IF(OR(Tabla47[[#This Row],[Columna5]]="",Tabla47[[#This Row],[Columna5]]=""),"",Tabla47[[#This Row],[Columna4]]*Tabla47[[#This Row],[Columna5]]) | H32: 0 | I32: =IF(OR(Tabla47[[#This Row],[Columna4]]="",Tabla47[[#This Row],[Columna7]]=""),"",Tabla47[[#This Row],[Columna4]]*Tabla47[[#This Row],[Columna7]]) -> 0
A33: 100916 | B33: =IFERROR(IF(Tabla47[[#This Row],[Columna1]]="","",IF(VLOOKUP($A33,CIO,5,0)="2024",VLOOKUP($A33,CIO,2,0),"ÚLTIMA ACTUALIZACIÓN "&VLOOKUP($A33,CIO,5,0))),"CREAR INSUMO") -> ALQUILER DE CAMISAS 6" X 12" | C33: =IF(OR(Tabla47[[#This Row],[Columna2]]="CREAR INSUMO",LEFT(Tabla47[[#This Row],[Columna2]],6)="ÚLTIMA",Tabla47[[#This Row],[Columna2]]=""),"",VLOOKUP($A33,CIO,3,0)) -> DD | D33: =IF(OR(Tabla47[[#This Row],[Columna2]]="CREAR INSUMO",LEFT(Tabla47[[#This Row],[Columna2]],6)="ÚLTIMA",Tabla47[[#This Row],[Columna2]]=""),"",ROUND(VLOOKUP($A33,CIO,6,0),0)) -> 1429 | E33: =ROUND(Tabla47[[#This Row],[Columna4]]*1.0747,0) -> 1536 | G33: =IF(OR(Tabla47[[#This Row],[Columna5]]="",Tabla47[[#This Row],[Columna5]]=""),"",Tabla47[[#This Row],[Columna4]]*Tabla47[[#This Row],[Columna5]]) | H33: 0 | I33: =IF(OR(Tabla47[[#This Row],[Columna4]]="",Tabla47[[#This Row],[Columna7]]=""),"",Tabla47[[#This Row],[Columna4]]*Tabla47[[#This Row],[Columna7]]) -> 0
A34: 100905 | B34: =IFERROR(IF(Tabla47[[#This Row],[Columna1]]="","",IF(VLOOKUP($A34,CIO,5,0)="2024",VLOOKUP($A34,CIO,2,0),"ÚLTIMA ACTUALIZACIÓN "&VLOOKUP($A34,CIO,5,0))),"CREAR INSUMO") -> ENSAYO CONTENIDO DE MATERIA ORGANICA M. COLORIMETR | C34: =IF(OR(Tabla47[[#This Row],[Columna2]]="CREAR INSUMO",LEFT(Tabla47[[#This Row],[Columna2]],6)="ÚLTIMA",Tabla47[[#This Row],[Columna2]]=""),"",VLOOKUP($A34,CIO,3,0)) -> UN | D34: =IF(OR(Tabla47[[#This Row],[Columna2]]="CREAR INSUMO",LEFT(Tabla47[[#This Row],[Columna2]],6)="ÚLTIMA",Tabla47[[#This Row],[Columna2]]=""),"",ROUND(VLOOKUP($A34,CIO,6,0),0)) -> 33731 | E34: =ROUND(Tabla47[[#This Row],[Columna4]]*1.0747,0) -> 36251 | G34: =IF(OR(Tabla47[[#This Row],[Columna5]]="",Tabla47[[#This Row],[Columna5]]=""),"",Tabla47[[#This Row],[Columna4]]*Tabla47[[#This Row],[Columna5]]) | H34: 0 | I34: =IF(OR(Tabla47[[#This Row],[Columna4]]="",Tabla47[[#This Row],[Columna7]]=""),"",Tabla47[[#This Row],[Columna4]]*Tabla47[[#This Row],[Columna7]]) -> 0
A35: 100934 | B35: =IFERROR(IF(Tabla47[[#This Row],[Columna1]]="","",IF(VLOOKUP($A35,CIO,5,0)="2024",VLOOKUP($A35,CIO,2,0),"ÚLTIMA ACTUALIZACIÓN "&VLOOKUP($A35,CIO,5,0))),"CREAR INSUMO") -> ENSAYO DENSIDAD EN TERRENO CON DENSIMETRO | C35: =IF(OR(Tabla47[[#This Row],[Columna2]]="CREAR INSUMO",LEFT(Tabla47[[#This Row],[Columna2]],6)="ÚLTIMA",Tabla47[[#This Row],[Columna2]]=""),"",VLOOKUP($A35,CIO,3,0)) -> UN | D35: =IF(OR(Tabla47[[#This Row],[Columna2]]="CREAR INSUMO",LEFT(Tabla47[[#This Row],[Columna2]],6)="ÚLTIMA",Tabla47[[#This Row],[Columna2]]=""),"",ROUND(VLOOKUP($A35,CIO,6,0),0)) -> 64304 | E35: =ROUND(Tabla47[[#This Row],[Columna4]]*1.0747,0) -> 69108 | G35: =IF(OR(Tabla47[[#This Row],[Columna5]]="",Tabla47[[#This Row],[Columna5]]=""),"",Tabla47[[#This Row],[Columna4]]*Tabla47[[#This Row],[Columna5]]) | H35: 0 | I35: =IF(OR(Tabla47[[#This Row],[Columna4]]="",Tabla47[[#This Row],[Columna7]]=""),"",Tabla47[[#This Row],[Columna4]]*Tabla47[[#This Row],[Columna7]]) -> 0
A36: 104198 | B36: =IFERROR(IF(Tabla47[[#This Row],[Columna1]]="","",IF(VLOOKUP($A36,CIO,5,0)="2024",VLOOKUP($A36,CIO,2,0),"ÚLTIMA ACTUALIZACIÓN "&VLOOKUP($A36,CIO,5,0))),"CREAR INSUMO") -> ENSAYO (Prueba corte directo con veleta) SVT ** | C36: =IF(OR(Tabla47[[#This Row],[Columna2]]="CREAR INSUMO",LEFT(Tabla47[[#This Row],[Columna2]],6)="ÚLTIMA",Tabla47[[#This Row],[Columna2]]=""),"",VLOOKUP($A36,CIO,3,0)) -> UN | D36: =IF(OR(Tabla47[[#This Row],[Columna2]]="CREAR INSUMO",LEFT(Tabla47[[#This Row],[Columna2]],6)="ÚLTIMA",Tabla47[[#This Row],[Columna2]]=""),"",ROUND(VLOOKUP($A36,CIO,6,0),0)) -> 55177 | E36: =ROUND(Tabla47[[#This Row],[Columna4]]*1.0747,0) -> 59299 | G36: =IF(OR(Tabla47[[#This Row],[Columna5]]="",Tabla47[[#This Row],[Columna5]]=""),"",Tabla47[[#This Row],[Columna4]]*Tabla47[[#This Row],[Columna5]]) | H36: 0 | I36: =IF(OR(Tabla47[[#This Row],[Columna4]]="",Tabla47[[#This Row],[Columna7]]=""),"",Tabla47[[#This Row],[Columna4]]*Tabla47[[#This Row],[Columna7]]) -> 0
A37: 104197 | B37: =IFERROR(IF(Tabla47[[#This Row],[Columna1]]="","",IF(VLOOKUP($A37,CIO,5,0)="2024",VLOOKUP($A37,CIO,2,0),"ÚLTIMA ACTUALIZACIÓN "&VLOOKUP($A37,CIO,5,0))),"CREAR INSUMO") -> ENSAYO (Prueba estandar de penetración) SPT ** | C37: =IF(OR(Tabla47[[#This Row],[Columna2]]="CREAR INSUMO",LEFT(Tabla47[[#This Row],[Columna2]],6)="ÚLTIMA",Tabla47[[#This Row],[Columna2]]=""),"",VLOOKUP($A37,CIO,3,0)) -> UN | D37: =IF(OR(Tabla47[[#This Row],[Columna2]]="CREAR INSUMO",LEFT(Tabla47[[#This Row],[Columna2]],6)="ÚLTIMA",Tabla47[[#This Row],[Columna2]]=""),"",ROUND(VLOOKUP($A37,CIO,6,0),0)) -> 83060 | E37: =ROUND(Tabla47[[#This Row],[Columna4]]*1.0747,0) -> 89265 | G37: =IF(OR(Tabla47[[#This Row],[Columna5]]="",Tabla47[[#This Row],[Columna5]]=""),"",Tabla47[[#This Row],[Columna4]]*Tabla47[[#This Row],[Columna5]]) | H37: 0 | I37: =IF(OR(Tabla47[[#This Row],[Columna4]]="",Tabla47[[#This Row],[Columna7]]=""),"",Tabla47[[#This Row],[Columna4]]*Tabla47[[#This Row],[Columna7]]) -> 0
A38: 100862 | B38: =IFERROR(IF(Tabla47[[#This Row],[Columna1]]="","",IF(VLOOKUP($A38,CIO,5,0)="2024",VLOOKUP($A38,CIO,2,0),"ÚLTIMA ACTUALIZACIÓN "&VLOOKUP($A38,CIO,5,0))),"CREAR INSUMO") -> ENSAYO (Prueba penetración dinámica cono) PDC | C38: =IF(OR(Tabla47[[#This Row],[Columna2]]="CREAR INSUMO",LEFT(Tabla47[[#This Row],[Columna2]],6)="ÚLTIMA",Tabla47[[#This Row],[Columna2]]=""),"",VLOOKUP($A38,CIO,3,0)) -> UN | D38: =IF(OR(Tabla47[[#This Row],[Columna2]]="CREAR INSUMO",LEFT(Tabla47[[#This Row],[Columna2]],6)="ÚLTIMA",Tabla47[[#This Row],[Columna2]]=""),"",ROUND(VLOOKUP($A38,CIO,6,0),0)) -> 49001 | E38: =ROUND(Tabla47[[#This Row],[Columna4]]*1.0747,0) -> 52661 | G38: =IF(OR(Tabla47[[#This Row],[Columna5]]="",Tabla47[[#This Row],[Columna5]]=""),"",Tabla47[[#This Row],[Columna4]]*Tabla47[[#This Row],[Columna5]]) | H38: 0 | I38: =IF(OR(Tabla47[[#This Row],[Columna4]]="",Tabla47[[#This Row],[Columna7]]=""),"",Tabla47[[#This Row],[Columna4]]*Tabla47[[#This Row],[Columna7]]) -> 0
A39: 100898 | B39: =IFERROR(IF(Tabla47[[#This Row],[Columna1]]="","",IF(VLOOKUP($A39,CIO,5,0)="2024",VLOOKUP($A39,CIO,2,0),"ÚLTIMA ACTUALIZACIÓN "&VLOOKUP($A39,CIO,5,0))),"CREAR INSUMO") -> ENSAYO CALIDAD DEL ADOQUIN(MODULO DE ROTURA) | C39: =IF(OR(Tabla47[[#This Row],[Columna2]]="CREAR INSUMO",LEFT(Tabla47[[#This Row],[Columna2]],6)="ÚLTIMA",Tabla47[[#This Row],[Columna2]]=""),"",VLOOKUP($A39,CIO,3,0)) -> UN | D39: =IF(OR(Tabla47[[#This Row],[Columna2]]="CREAR INSUMO",LEFT(Tabla47[[#This Row],[Columna2]],6)="ÚLTIMA",Tabla47[[#This Row],[Columna2]]=""),"",ROUND(VLOOKUP($A39,CIO,6,0),0)) -> 39824 | E39: =ROUND(Tabla47[[#This Row],[Columna4]]*1.0747,0) -> 42799 | G39: =IF(OR(Tabla47[[#This Row],[Columna5]]="",Tabla47[[#This Row],[Columna5]]=""),"",Tabla47[[#This Row],[Columna4]]*Tabla47[[#This Row],[Columna5]]) | H39: 0 | I39: =IF(OR(Tabla47[[#This Row],[Columna4]]="",Tabla47[[#This Row],[Columna7]]=""),"",Tabla47[[#This Row],[Columna4]]*Tabla47[[#This Row],[Columna7]]) -> 0
A40: 100836 | B40: =IFERROR(IF(Tabla47[[#This Row],[Columna1]]="","",IF(VLOOKUP($A40,CIO,5,0)="2024",VLOOKUP($A40,CIO,2,0),"ÚLTIMA ACTUALIZACIÓN "&VLOOKUP($A40,CIO,5,0))),"CREAR INSUMO") -> ENSAYO CALIDAD DEL CONCRETO(COMPRESION) | C40: =IF(OR(Tabla47[[#This Row],[Columna2]]="CREAR INSUMO",LEFT(Tabla47[[#This Row],[Columna2]],6)="ÚLTIMA",Tabla47[[#This Row],[Columna2]]=""),"",VLOOKUP($A40,CIO,3,0)) -> UN | D40: =IF(OR(Tabla47[[#This Row],[Columna2]]="CREAR INSUMO",LEFT(Tabla47[[#This Row],[Columna2]],6)="ÚLTIMA",Tabla47[[#This Row],[Columna2]]=""),"",ROUND(VLOOKUP($A40,CIO,6,0),0)) -> 10690 | E40: =ROUND(Tabla47[[#This Row],[Columna4]]*1.0747,0) -> 11489 | G40: =IF(OR(Tabla47[[#This Row],[Columna5]]="",Tabla47[[#This Row],[Columna5]]=""),"",Tabla47[[#This Row],[Columna4]]*Tabla47[[#This Row],[Columna5]]) | H40: 0 | I40: =IF(OR(Tabla47[[#This Row],[Columna4]]="",Tabla47[[#This Row],[Columna7]]=""),"",Tabla47[[#This Row],[Columna4]]*Tabla47[[#This Row],[Columna7]]) -> 0 | P40: =2*3.1416*(0.1*0.1) -> 0.062832
A41: 100899 | B41: =IFERROR(IF(Tabla47[[#This Row],[Columna1]]="","",IF(VLOOKUP($A41,CIO,5,0)="2024",VLOOKUP($A41,CIO,2,0),"ÚLTIMA ACTUALIZACIÓN "&VLOOKUP($A41,CIO,5,0))),"CREAR INSUMO") -> TRANSPORTE DE MUESTRAS CILINDROS | C41: =IF(OR(Tabla47[[#This Row],[Columna2]]="CREAR INSUMO",LEFT(Tabla47[[#This Row],[Columna2]],6)="ÚLTIMA",Tabla47[[#This Row],[Columna2]]=""),"",VLOOKUP($A41,CIO,3,0)) -> UN | D41: =IF(OR(Tabla47[[#This Row],[Columna2]]="CREAR INSUMO",LEFT(Tabla47[[#This Row],[Columna2]],6)="ÚLTIMA",Tabla47[[#This Row],[Columna2]]=""),"",ROUND(VLOOKUP($A41,CIO,6,0),0)) -> 4459 | E41: =ROUND(Tabla47[[#This Row],[Columna4]]*1.0747,0) -> 4792 | G41: =IF(OR(Tabla47[[#This Row],[Columna5]]="",Tabla47[[#This Row],[Columna5]]=""),"",Tabla47[[#This Row],[Columna4]]*Tabla47[[#This Row],[Columna5]]) | H41: 0 | I41: =IF(OR(Tabla47[[#This Row],[Columna4]]="",Tabla47[[#This Row],[Columna7]]=""),"",Tabla47[[#This Row],[Columna4]]*Tabla47[[#This Row],[Columna7]]) -> 0 | P41: 0.4 | Q41: =+P41*P40 -> 0.0251328 | R41: =+Q41*H40 -> 0
A42: 2137 | B42: =IFERROR(IF(Tabla47[[#This Row],[Columna1]]="","",IF(VLOOKUP($A42,CIO,5,0)="2024",VLOOKUP($A42,CIO,2,0),"ÚLTIMA ACTUALIZACIÓN "&VLOOKUP($A42,CIO,5,0))),"CREAR INSUMO") -> CONO DE ABRAMS (Alquiler) | C42: =IF(OR(Tabla47[[#This Row],[Columna2]]="CREAR INSUMO",LEFT(Tabla47[[#This Row],[Columna2]],6)="ÚLTIMA",Tabla47[[#This Row],[Columna2]]=""),"",VLOOKUP($A42,CIO,3,0)) -> DD | D42: =IF(OR(Tabla47[[#This Row],[Columna2]]="CREAR INSUMO",LEFT(Tabla47[[#This Row],[Columna2]],6)="ÚLTIMA",Tabla47[[#This Row],[Columna2]]=""),"",ROUND(VLOOKUP($A42,CIO,6,0),0)) -> 1521 | E42: =ROUND(Tabla47[[#This Row],[Columna4]]*1.0747,0) -> 1635 | G42: =IF(OR(Tabla47[[#This Row],[Columna5]]="",Tabla47[[#This Row],[Columna5]]=""),"",Tabla47[[#This Row],[Columna4]]*Tabla47[[#This Row],[Columna5]]) | H42: 0 | I42: =IF(OR(Tabla47[[#This Row],[Columna4]]="",Tabla47[[#This Row],[Columna7]]=""),"",Tabla47[[#This Row],[Columna4]]*Tabla47[[#This Row],[Columna7]]) -> 0
A43: 100916 | B43: =IFERROR(IF(Tabla47[[#This Row],[Columna1]]="","",IF(VLOOKUP($A43,CIO,5,0)="2024",VLOOKUP($A43,CIO,2,0),"ÚLTIMA ACTUALIZACIÓN "&VLOOKUP($A43,CIO,5,0))),"CREAR INSUMO") -> ALQUILER DE CAMISAS 6" X 12" | C43: =IF(OR(Tabla47[[#This Row],[Columna2]]="CREAR INSUMO",LEFT(Tabla47[[#This Row],[Columna2]],6)="ÚLTIMA",Tabla47[[#This Row],[Columna2]]=""),"",VLOOKUP($A43,CIO,3,0)) -> DD | D43: =IF(OR(Tabla47[[#This Row],[Columna2]]="CREAR INSUMO",LEFT(Tabla47[[#This Row],[Columna2]],6)="ÚLTIMA",Tabla47[[#This Row],[Columna2]]=""),"",ROUND(VLOOKUP($A43,CIO,6,0),0)) -> 1429 | E43: =ROUND(Tabla47[[#This Row],[Columna4]]*1.0747,0) -> 1536 | G43: =IF(OR(Tabla47[[#This Row],[Columna5]]="",Tabla47[[#This Row],[Columna5]]=""),"",Tabla47[[#This Row],[Columna4]]*Tabla47[[#This Row],[Columna5]]) | H43: 0 | I43: =IF(OR(Tabla47[[#This Row],[Columna4]]="",Tabla47[[#This Row],[Columna7]]=""),"",Tabla47[[#This Row],[Columna4]]*Tabla47[[#This Row],[Columna7]]) -> 0
A44: 3582 | B44: =IFERROR(IF(Tabla47[[#This Row],[Columna1]]="","",IF(VLOOKUP($A44,CIO,5,0)="2024",VLOOKUP($A44,CIO,2,0),"ÚLTIMA ACTUALIZACIÓN "&VLOOKUP($A44,CIO,5,0))),"CREAR INSUMO") -> ENSAYO MORTERO ROTURA POR COMPRESION | C44: =IF(OR(Tabla47[[#This Row],[Columna2]]="CREAR INSUMO",LEFT(Tabla47[[#This Row],[Columna2]],6)="ÚLTIMA",Tabla47[[#This Row],[Columna2]]=""),"",VLOOKUP($A44,CIO,3,0)) -> UN | D44: =IF(OR(Tabla47[[#This Row],[Columna2]]="CREAR INSUMO",LEFT(Tabla47[[#This Row],[Columna2]],6)="ÚLTIMA",Tabla47[[#This Row],[Columna2]]=""),"",ROUND(VLOOKUP($A44,CIO,6,0),0)) -> 8269 | E44: =ROUND(Tabla47[[#This Row],[Columna4]]*1.0747,0) -> 8887 | G44: =IF(OR(Tabla47[[#This Row],[Columna5]]="",Tabla47[[#This Row],[Columna5]]=""),"",Tabla47[[#This Row],[Columna4]]*Tabla47[[#This Row],[Columna5]]) | H44: 0 | I44: =IF(OR(Tabla47[[#This Row],[Columna4]]="",Tabla47[[#This Row],[Columna7]]=""),"",Tabla47[[#This Row],[Columna4]]*Tabla47[[#This Row],[Columna7]]) -> 0
A45: 104989 | B45: =IFERROR(IF(Tabla47[[#This Row],[Columna1]]="","",IF(VLOOKUP($A45,CIO,5,0)="2024",VLOOKUP($A45,CIO,2,0),"ÚLTIMA ACTUALIZACIÓN "&VLOOKUP($A45,CIO,5,0))),"CREAR INSUMO") -> Ensayo azul de metileno (cantidad arcilla) | C45: =IF(OR(Tabla47[[#This Row],[Columna2]]="CREAR INSUMO",LEFT(Tabla47[[#This Row],[Columna2]],6)="ÚLTIMA",Tabla47[[#This Row],[Columna2]]=""),"",VLOOKUP($A45,CIO,3,0)) -> UN | D45: =IF(OR(Tabla47[[#This Row],[Columna2]]="CREAR INSUMO",LEFT(Tabla47[[#This Row],[Columna2]],6)="ÚLTIMA",Tabla47[[#This Row],[Columna2]]=""),"",ROUND(VLOOKUP($A45,CIO,6,0),0)) -> 162893 | E45: =ROUND(Tabla47[[#This Row],[Columna4]]*1.0747,0) -> 175061 | G45: =IF(OR(Tabla47[[#This Row],[Columna5]]="",Tabla47[[#This Row],[Columna5]]=""),"",Tabla47[[#This Row],[Columna4]]*Tabla47[[#This Row],[Columna5]]) | H45: 0 | I45: =IF(OR(Tabla47[[#This Row],[Columna4]]="",Tabla47[[#This Row],[Columna7]]=""),"",Tabla47[[#This Row],[Columna4]]*Tabla47[[#This Row],[Columna7]]) -> 0
A46: 100897 | B46: =IFERROR(IF(Tabla47[[#This Row],[Columna1]]="","",IF(VLOOKUP($A46,CIO,5,0)="2024",VLOOKUP($A46,CIO,2,0),"ÚLTIMA ACTUALIZACIÓN "&VLOOKUP($A46,CIO,5,0))),"CREAR INSUMO") -> ENSAYO CALIDAD DEL ACERO <= 1" | C46: =IF(OR(Tabla47[[#This Row],[Columna2]]="CREAR INSUMO",LEFT(Tabla47[[#This Row],[Columna2]],6)="ÚLTIMA",Tabla47[[#This Row],[Columna2]]=""),"",VLOOKUP($A46,CIO,3,0)) -> UN | D46: =IF(OR(Tabla47[[#This Row],[Columna2]]="CREAR INSUMO",LEFT(Tabla47[[#This Row],[Columna2]],6)="ÚLTIMA",Tabla47[[#This Row],[Columna2]]=""),"",ROUND(VLOOKUP($A46,CIO,6,0),0)) -> 129330 | E46: =ROUND(Tabla47[[#This Row],[Columna4]]*1.0747,0) -> 138991 | G46: =IF(OR(Tabla47[[#This Row],[Columna5]]="",Tabla47[[#This Row],[Columna5]]=""),"",Tabla47[[#This Row],[Columna4]]*Tabla47[[#This Row],[Columna5]]) | H46: 0 | I46: =IF(OR(Tabla47[[#This Row],[Columna4]]="",Tabla47[[#This Row],[Columna7]]=""),"",Tabla47[[#This Row],[Columna4]]*Tabla47[[#This Row],[Columna7]]) -> 0
A47: 104197 | B47: =IFERROR(IF(Tabla47[[#This Row],[Columna1]]="","",IF(VLOOKUP($A47,CIO,5,0)="2024",VLOOKUP($A47,CIO,2,0),"ÚLTIMA ACTUALIZACIÓN "&VLOOKUP($A47,CIO,5,0))),"CREAR INSUMO") -> ENSAYO (Prueba estandar de penetración) SPT ** | C47: =IF(OR(Tabla47[[#This Row],[Columna2]]="CREAR INSUMO",LEFT(Tabla47[[#This Row],[Columna2]],6)="ÚLTIMA",Tabla47[[#This Row],[Columna2]]=""),"",VLOOKUP($A47,CIO,3,0)) -> UN | D47: =IF(OR(Tabla47[[#This Row],[Columna2]]="CREAR INSUMO",LEFT(Tabla47[[#This Row],[Columna2]],6)="ÚLTIMA",Tabla47[[#This Row],[Columna2]]=""),"",ROUND(VLOOKUP($A47,CIO,6,0),0)) -> 83060 | E47: =ROUND(Tabla47[[#This Row],[Columna4]]*1.0747,0) -> 89265 | G47: =IF(OR(Tabla47[[#This Row],[Columna5]]="",Tabla47[[#This Row],[Columna5]]=""),"",Tabla47[[#This Row],[Columna4]]*Tabla47[[#This Row],[Columna5]]) | H47: 0 | I47: =IF(OR(Tabla47[[#This Row],[Columna4]]="",Tabla47[[#This Row],[Columna7]]=""),"",Tabla47[[#This Row],[Columna4]]*Tabla47[[#This Row],[Columna7]]) -> 0
A48: 100871 | B48: =IFERROR(IF(Tabla47[[#This Row],[Columna1]]="","",IF(VLOOKUP($A48,CIO,5,0)="2024",VLOOKUP($A48,CIO,2,0),"ÚLTIMA ACTUALIZACIÓN "&VLOOKUP($A48,CIO,5,0))),"CREAR INSUMO") -> ENSAYO CONSOLIDACION LENTA | C48: =IF(OR(Tabla47[[#This Row],[Columna2]]="CREAR INSUMO",LEFT(Tabla47[[#This Row],[Columna2]],6)="ÚLTIMA",Tabla47[[#This Row],[Columna2]]=""),"",VLOOKUP($A48,CIO,3,0)) -> UN | D48: =IF(OR(Tabla47[[#This Row],[Columna2]]="CREAR INSUMO",LEFT(Tabla47[[#This Row],[Columna2]],6)="ÚLTIMA",Tabla47[[#This Row],[Columna2]]=""),"",ROUND(VLOOKUP($A48,CIO,6,0),0)) -> 630925 | E48: =ROUND(Tabla47[[#This Row],[Columna4]]*1.0747,0) -> 678055 | G48: =IF(OR(Tabla47[[#This Row],[Columna5]]="",Tabla47[[#This Row],[Columna5]]=""),"",Tabla47[[#This Row],[Columna4]]*Tabla47[[#This Row],[Columna5]]) | H48: 0 | I48: =IF(OR(Tabla47[[#This Row],[Columna4]]="",Tabla47[[#This Row],[Columna7]]=""),"",Tabla47[[#This Row],[Columna4]]*Tabla47[[#This Row],[Columna7]]) -> 0
A49: 100864 | B49: =IFERROR(IF(Tabla47[[#This Row],[Columna1]]="","",IF(VLOOKUP($A49,CIO,5,0)="2024",VLOOKUP($A49,CIO,2,0),"ÚLTIMA ACTUALIZACIÓN "&VLOOKUP($A49,CIO,5,0))),"CREAR INSUMO") -> ENSAYO CONTENIDO DE MATERIA ORGANICA M. IGNICION | C49: =IF(OR(Tabla47[[#This Row],[Columna2]]="CREAR INSUMO",LEFT(Tabla47[[#This Row],[Columna2]],6)="ÚLTIMA",Tabla47[[#This Row],[Columna2]]=""),"",VLOOKUP($A49,CIO,3,0)) -> UN | D49: =IF(OR(Tabla47[[#This Row],[Columna2]]="CREAR INSUMO",LEFT(Tabla47[[#This Row],[Columna2]],6)="ÚLTIMA",Tabla47[[#This Row],[Columna2]]=""),"",ROUND(VLOOKUP($A49,CIO,6,0),0)) -> 60425 | E49: =ROUND(Tabla47[[#This Row],[Columna4]]*1.0747,0) -> 64939 | G49: =IF(OR(Tabla47[[#This Row],[Columna5]]="",Tabla47[[#This Row],[Columna5]]=""),"",Tabla47[[#This Row],[Columna4]]*Tabla47[[#This Row],[Columna5]]) | H49: 0 | I49: =IF(OR(Tabla47[[#This Row],[Columna4]]="",Tabla47[[#This Row],[Columna7]]=""),"",Tabla47[[#This Row],[Columna4]]*Tabla47[[#This Row],[Columna7]]) -> 0
A50: 101395 | B50: =IFERROR(IF(Tabla47[[#This Row],[Columna1]]="","",IF(VLOOKUP($A50,CIO,5,0)="2024",VLOOKUP($A50,CIO,2,0),"ÚLTIMA ACTUALIZACIÓN "&VLOOKUP($A50,CIO,5,0))),"CREAR INSUMO") -> ENSAYO CORTE DIRECTO M. COHESIVO CU 3P-NO DRENADO | C50: =IF(OR(Tabla47[[#This Row],[Columna2]]="CREAR INSUMO",LEFT(Tabla47[[#This Row],[Columna2]],6)="ÚLTIMA",Tabla47[[#This Row],[Columna2]]=""),"",VLOOKUP($A50,CIO,3,0)) -> UN | D50: =IF(OR(Tabla47[[#This Row],[Columna2]]="CREAR INSUMO",LEFT(Tabla47[[#This Row],[Columna2]],6)="ÚLTIMA",Tabla47[[#This Row],[Columna2]]=""),"",ROUND(VLOOKUP($A50,CIO,6,0),0)) -> 672316 | E50: =ROUND(Tabla47[[#This Row],[Columna4]]*1.0747,0) -> 722538 | G50: =IF(OR(Tabla47[[#This Row],[Columna5]]="",Tabla47[[#This Row],[Columna5]]=""),"",Tabla47[[#This Row],[Columna4]]*Tabla47[[#This Row],[Columna5]]) | H50: 0 | I50: =IF(OR(Tabla47[[#This Row],[Columna4]]="",Tabla47[[#This Row],[Columna7]]=""),"",Tabla47[[#This Row],[Columna4]]*Tabla47[[#This Row],[Columna7]]) -> 0
A51: 100876 | B51: =IFERROR(IF(Tabla47[[#This Row],[Columna1]]="","",IF(VLOOKUP($A51,CIO,5,0)="2024",VLOOKUP($A51,CIO,2,0),"ÚLTIMA ACTUALIZACIÓN "&VLOOKUP($A51,CIO,5,0))),"CREAR INSUMO") -> ENSAYO PESO UNITARIO DE SUELOS | C51: =IF(OR(Tabla47[[#This Row],[Columna2]]="CREAR INSUMO",LEFT(Tabla47[[#This Row],[Columna2]],6)="ÚLTIMA",Tabla47[[#This Row],[Columna2]]=""),"",VLOOKUP($A51,CIO,3,0)) -> UN | D51: =IF(OR(Tabla47[[#This Row],[Columna2]]="CREAR INSUMO",LEFT(Tabla47[[#This Row],[Columna2]],6)="ÚLTIMA",Tabla47[[#This Row],[Columna2]]=""),"",ROUND(VLOOKUP($A51,CIO,6,0),0)) -> 39863 | E51: =ROUND(Tabla47[[#This Row],[Columna4]]*1.0747,0) -> 42841 | G51: =IF(OR(Tabla47[[#This Row],[Columna5]]="",Tabla47[[#This Row],[Columna5]]=""),"",Tabla47[[#This Row],[Columna4]]*Tabla47[[#This Row],[Columna5]]) | H51: 0 | I51: =IF(OR(Tabla47[[#This Row],[Columna4]]="",Tabla47[[#This Row],[Columna7]]=""),"",Tabla47[[#This Row],[Columna4]]*Tabla47[[#This Row],[Columna7]]) -> 0
A52: 102466 | B52: =IFERROR(IF(Tabla47[[#This Row],[Columna1]]="","",IF(VLOOKUP($A52,CIO,5,0)="2024",VLOOKUP($A52,CIO,2,0),"ÚLTIMA ACTUALIZACIÓN "&VLOOKUP($A52,CIO,5,0))),"CREAR INSUMO") -> ÚLTIMA ACTUALIZACIÓN 2022 | C52: =IF(OR(Tabla47[[#This Row],[Columna2]]="CREAR INSUMO",LEFT(Tabla47[[#This Row],[Columna2]],6)="ÚLTIMA",Tabla47[[#This Row],[Columna2]]=""),"",VLOOKUP($A52,CIO,3,0)) | D52: =IF(OR(Tabla47[[#This Row],[Columna2]]="CREAR INSUMO",LEFT(Tabla47[[#This Row],[Columna2]],6)="ÚLTIMA",Tabla47[[#This Row],[Columna2]]=""),"",ROUND(VLOOKUP($A52,CIO,6,0),0)) | E52: =ROUND(Tabla47[[#This Row],[Columna4]]*1.0747,0) -> #VALUE! | G52: =IF(OR(Tabla47[[#This Row],[Columna5]]="",Tabla47[[#This Row],[Columna5]]=""),"",Tabla47[[#This Row],[Columna4]]*Tabla47[[#This Row],[Columna5]]) | H52: 0 | I52: =IF(OR(Tabla47[[#This Row],[Columna4]]="",Tabla47[[#This Row],[Columna7]]=""),"",Tabla47[[#This Row],[Columna4]]*Tabla47[[#This Row],[Columna7]])
A53: 12782 | B53: =IFERROR(IF(Tabla47[[#This Row],[Columna1]]="","",IF(VLOOKUP($A53,CIO,5,0)="2024",VLOOKUP($A53,CIO,2,0),"ÚLTIMA ACTUALIZACIÓN "&VLOOKUP($A53,CIO,5,0))),"CREAR INSUMO") -> EXTRACCION MEDICIÓN DE RECUBRIMIENTO DE PINTURA (días de 8 horas según rendimiento promedio) | C53: =IF(OR(Tabla47[[#This Row],[Columna2]]="CREAR INSUMO",LEFT(Tabla47[[#This Row],[Columna2]],6)="ÚLTIMA",Tabla47[[#This Row],[Columna2]]=""),"",VLOOKUP($A53,CIO,3,0)) -> DD | D53: =IF(OR(Tabla47[[#This Row],[Columna2]]="CREAR INSUMO",LEFT(Tabla47[[#This Row],[Columna2]],6)="ÚLTIMA",Tabla47[[#This Row],[Columna2]]=""),"",ROUND(VLOOKUP($A53,CIO,6,0),0)) -> 1168953 | E53: =ROUND(Tabla47[[#This Row],[Columna4]]*1.0747,0) -> 1256274 | G53: =IF(OR(Tabla47[[#This Row],[Columna5]]="",Tabla47[[#This Row],[Columna5]]=""),"",Tabla47[[#This Row],[Columna5]]*Tabla47[[#This Row],[Columna5]]) | H53: 0 | I53: =IF(OR(Tabla47[[#This Row],[Columna4]]="",Tabla47[[#This Row],[Columna7]]=""),"",Tabla47[[#This Row],[Columna4]]*Tabla47[[#This Row],[Columna7]]) -> 0
A54: 12783 | B54: =IFERROR(IF(Tabla47[[#This Row],[Columna1]]="","",IF(VLOOKUP($A54,CIO,5,0)="2024",VLOOKUP($A54,CIO,2,0),"ÚLTIMA ACTUALIZACIÓN "&VLOOKUP($A54,CIO,5,0))),"CREAR INSUMO") -> ENSAYO INSPECCIÓN MEDIANTE TÉCNICA DE ULTRASONIDO para estructuras metálicas CON ELEMENTOS SOLDADOS | C54: =IF(OR(Tabla47[[#This Row],[Columna2]]="CREAR INSUMO",LEFT(Tabla47[[#This Row],[Columna2]],6)="ÚLTIMA",Tabla47[[#This Row],[Columna2]]=""),"",VLOOKUP($A54,CIO,3,0)) -> DD | D54: =IF(OR(Tabla47[[#This Row],[Columna2]]="CREAR INSUMO",LEFT(Tabla47[[#This Row],[Columna2]],6)="ÚLTIMA",Tabla47[[#This Row],[Columna2]]=""),"",ROUND(VLOOKUP($A54,CIO,6,0),0)) -> 1248575 | E54: =ROUND(Tabla47[[#This Row],[Columna4]]*1.0747,0) -> 1341844 | G54: =IF(OR(Tabla47[[#This Row],[Columna5]]="",Tabla47[[#This Row],[Columna5]]=""),"",Tabla47[[#This Row],[Columna5]]*Tabla47[[#This Row],[Columna5]]) | H54: 0 | I54: =IF(OR(Tabla47[[#This Row],[Columna4]]="",Tabla47[[#This Row],[Columna7]]=""),"",Tabla47[[#This Row],[Columna4]]*Tabla47[[#This Row],[Columna7]]) -> 0
A55: TOTAL | F55: =SUBTOTAL(109,Tabla47[[#All],[Columna6]]) -> 0 | H55: =SUM(Tabla47[[#All],[Columna8]]) -> 0
A58: F. OTROS COSTOS DIRECTOS OPERACIONALES: COMUNICACIONES, PAPELERIA E INFORMES, VIGILANCIA, ETC. Y OTROS GASTOS
A60: CÓDIGO CIO | B60: DESCRIPCIÓN | C60: UNIDAD | D60: VALOR 2025 | E60: DISEÑOS | H60: OBRA
E61: CANTIDAD | F61: PLAZO | G61: COSTO TOTAL PARA EL PROYECTO ($) | H61: CANTIDAD | I61: PLAZO | J61: COSTO TOTAL PARA EL PROYECTO ($)
A62: - | B62: COMUNICACIONES E INFORMÁTICA | C62: MES | D62: =ROUND(Resumen!$C$36*'GASTOS ADMINISTRATIVOS '!G149,0)/Personal!AJ6 -> 356353.67 | E62: 0 | F62: 0 | G62: =ROUND(IF(OR(Tabla47810[[#This Row],[Columna4]]="",Tabla47810[[#This Row],[Columna5]]="",Tabla47810[[#This Row],[Columna6]]=""),"",Tabla47810[[#This Row],[Columna4]]*Tabla47810[[#This Row],[Columna5]]*Tabla47810[[#This Row],[Columna6]]),0) -> 0 | H62: 0.6 | I62: 3 | J62: =ROUND(IF(OR(Tabla47810[[#This Row],[Columna4]]="",Tabla47810[[#This Row],[Columna8]]="",Tabla47810[[#This Row],[Columna9]]=""),"",Tabla47810[[#This Row],[Columna4]]*Tabla47810[[#This Row],[Columna8]]*Tabla47810[[#This Row],[Columna9]]),0) -> 641437
A63: - | B63: ALCANTARILLADO | C63: UNIDAD | D63: =(25001/3) -> 8333.6667 | E63: 0 | F63: 0 | G63: =ROUND(IF(OR(Tabla47810[[#This Row],[Columna4]]="",Tabla47810[[#This Row],[Columna5]]="",Tabla47810[[#This Row],[Columna6]]=""),"",Tabla47810[[#This Row],[Columna4]]*Tabla47810[[#This Row],[Columna5]]*Tabla47810[[#This Row],[Columna6]]),0) -> 0 | H63: 0 | I63: 18 | J63: =ROUND(IF(OR(Tabla47810[[#This Row],[Columna4]]="",Tabla47810[[#This Row],[Columna8]]="",Tabla47810[[#This Row],[Columna9]]=""),"",Tabla47810[[#This Row],[Columna4]]*Tabla47810[[#This Row],[Columna8]]*Tabla47810[[#This Row],[Columna9]]),0) -> 0
A64: - | B64: ACUEDUCTO | C64: UNIDAD | D64: =(75000/3) -> 25000 | E64: 0 | F64: 0 | G64: =ROUND(IF(OR(Tabla47810[[#This Row],[Columna4]]="",Tabla47810[[#This Row],[Columna5]]="",Tabla47810[[#This Row],[Columna6]]=""),"",Tabla47810[[#This Row],[Columna4]]*Tabla47810[[#This Row],[Columna5]]*Tabla47810[[#This Row],[Columna6]]),0) -> 0 | H64: 0 | I64: =+I63 -> 18 | J64: =ROUND(IF(OR(Tabla47810[[#This Row],[Columna4]]="",Tabla47810[[#This Row],[Columna8]]="",Tabla47810[[#This Row],[Columna9]]=""),"",Tabla47810[[#This Row],[Columna4]]*Tabla47810[[#This Row],[Columna8]]*Tabla47810[[#This Row],[Columna9]]),0) -> 0
A65: - | B65: ENERGIA | C65: UNIDAD | D65: =(125000/3) -> 41666.667 | E65: 0 | F65: 0 | G65: =ROUND(IF(OR(Tabla47810[[#This Row],[Columna4]]="",Tabla47810[[#This Row],[Columna5]]="",Tabla47810[[#This Row],[Columna6]]=""),"",Tabla47810[[#This Row],[Columna4]]*Tabla47810[[#This Row],[Columna5]]*Tabla47810[[#This Row],[Columna6]]),0) -> 0 | H65: 0 | I65: =+I64 -> 18 | J65: =ROUND(IF(OR(Tabla47810[[#This Row],[Columna4]]="",Tabla47810[[#This Row],[Columna8]]="",Tabla47810[[#This Row],[Columna9]]=""),"",Tabla47810[[#This Row],[Columna4]]*Tabla47810[[#This Row],[Columna8]]*Tabla47810[[#This Row],[Columna9]]),0) -> 0
A66: - | B66: TELEFONOS | C66: UNIDAD | D66: =(80000/3) -> 26666.667 | E66: 0 | F66: 0 | G66: =ROUND(IF(OR(Tabla47810[[#This Row],[Columna4]]="",Tabla47810[[#This Row],[Columna5]]="",Tabla47810[[#This Row],[Columna6]]=""),"",Tabla47810[[#This Row],[Columna4]]*Tabla47810[[#This Row],[Columna5]]*Tabla47810[[#This Row],[Columna6]]),0) -> 0 | H66: 0 | I66: =+I65 -> 18 | J66: =ROUND(IF(OR(Tabla47810[[#This Row],[Columna4]]="",Tabla47810[[#This Row],[Columna8]]="",Tabla47810[[#This Row],[Columna9]]=""),"",Tabla47810[[#This Row],[Columna4]]*Tabla47810[[#This Row],[Columna8]]*Tabla47810[[#This Row],[Columna9]]),0) -> 0
A67: - | B67: DOTACIÓN SEGURIDAD INDUSTRIAL | C67: UNIDAD | D67: =1000000/Personal!AJ6 -> 333333.33 | E67: 0 | F67: 0 | G67: =ROUND(IF(OR(Tabla47810[[#This Row],[Columna4]]="",Tabla47810[[#This Row],[Columna5]]="",Tabla47810[[#This Row],[Columna6]]=""),"",Tabla47810[[#This Row],[Columna4]]*Tabla47810[[#This Row],[Columna5]]*Tabla47810[[#This Row],[Columna6]]),0) -> 0 | H67: 1 | I67: 3 | J67: =ROUND(IF(OR(Tabla47810[[#This Row],[Columna4]]="",Tabla47810[[#This Row],[Columna8]]="",Tabla47810[[#This Row],[Columna9]]=""),"",Tabla47810[[#This Row],[Columna4]]*Tabla47810[[#This Row],[Columna8]]*Tabla47810[[#This Row],[Columna9]]),0) -> 1000000
A68: - | B68: Elaboración de informes, reproduccción de documentos, planos y otros gastos | C68: UNIDAD | D68: =ROUND(Resumen!$C$36*'GASTOS ADMINISTRATIVOS '!G150,0)/Personal!AJ6 -> 1035579.7 | E68: 0 | F68: 0 | G68: =ROUND(IF(OR(Tabla47810[[#This Row],[Columna4]]="",Tabla47810[[#This Row],[Columna5]]="",Tabla47810[[#This Row],[Columna6]]=""),"",Tabla47810[[#This Row],[Columna4]]*Tabla47810[[#This Row],[Columna5]]*Tabla47810[[#This Row],[Columna6]]),0) -> 0 | H68: 0.3 | I68: =+I67 -> 3 | J68: =ROUND(IF(OR(Tabla47810[[#This Row],[Columna4]]="",Tabla47810[[#This Row],[Columna8]]="",Tabla47810[[#This Row],[Columna9]]=""),"",Tabla47810[[#This Row],[Columna4]]*Tabla47810[[#This Row],[Columna8]]*Tabla47810[[#This Row],[Columna9]]),0) -> 932022
A69: - | B69: Equipos de oficina | C69: MES | D69: =ROUND(Resumen!$C$36*'GASTOS ADMINISTRATIVOS '!G154,0)/Personal!AJ6 -> 1058829.3 | E69: 0 | F69: 0 | G69: =ROUND(IF(OR(Tabla47810[[#This Row],[Columna4]]="",Tabla47810[[#This Row],[Columna5]]="",Tabla47810[[#This Row],[Columna6]]=""),"",Tabla47810[[#This Row],[Columna4]]*Tabla47810[[#This Row],[Columna5]]*Tabla47810[[#This Row],[Columna6]]),0) -> 0 | H69: 0.4 | I69: 1 | J69: =ROUND(IF(OR(Tabla47810[[#This Row],[Columna4]]="",Tabla47810[[#This Row],[Columna8]]="",Tabla47810[[#This Row],[Columna9]]=""),"",Tabla47810[[#This Row],[Columna4]]*Tabla47810[[#This Row],[Columna8]]*Tabla47810[[#This Row],[Columna9]]),0) -> 423532
A70: - | B70: Caja Menor | C70: MES | D70: =450000 -> 450000 | E70: 0 | F70: 0 | G70: =ROUND(IF(OR(Tabla47810[[#This Row],[Columna4]]="",Tabla47810[[#This Row],[Columna5]]="",Tabla47810[[#This Row],[Columna6]]=""),"",Tabla47810[[#This Row],[Columna4]]*Tabla47810[[#This Row],[Columna5]]*Tabla47810[[#This Row],[Columna6]]),0) -> 0 | H70: 1 | I70: =+I69 -> 1 | J70: =ROUND(IF(OR(Tabla47810[[#This Row],[Columna4]]="",Tabla47810[[#This Row],[Columna8]]="",Tabla47810[[#This Row],[Columna9]]=""),"",Tabla47810[[#This Row],[Columna4]]*Tabla47810[[#This Row],[Columna8]]*Tabla47810[[#This Row],[Columna9]]),0) -> 450000
F71: TOTAL | G71: =SUBTOTAL(109,Tabla47810[[#All],[Columna7]]) -> 0 | I71: TOTAL | J71: =SUM(Tabla47810[[#All],[Columna10]]) -> 3446991
J202: =+J71+G71 -> 3446991
D203: =3134543+1203033 -> 4337576 | E203: 1 | J203: =+J202-D203 -> -890585
D204: =1264309+485166 -> 1749475 | E204: =+(D204*E203)/D203 -> 0.40333011 | F204: ARQUITECTURA
D205: =1870234+717867 -> 2588101 | E205: =+(D205*E203)/D203 -> 0.59666989 | F205: INGENIERIA

Sheet GASTOS ADMINISTRATIVOS 
B2: INTERVENTORÍA
B3: COSTOS ADMINISTRATIVOS POR PROYECTO
B7: DURACION PROMEDIO PROYECTOS / CONTRATOS | C7: MES | D7: =AVERAGE(D67:D72,D75:D80,D83:D88,D91:D96,D99:D104,D107:D112,D115:D120,D123:D128,D131:D136,D139:D144) -> 7.8
B9: DESCRIPCION | C9: UNIDAD | E9: VLR. UNITARIO | G9: VLR. PARCIAL
B10: Vigilancio Obras de Parques
B11: VIGILANTE ARMADO CON CANINO 24 HORAS | C11: MES | D11: 1 | E11: 8985317 | F11: =+D11*E11 -> 8985317
B12: VIGILANTE ARMADO 24 HORAS | C12: MES | D12: 1 | E12: 8168470 | F12: =+D12*E12 -> 8168470
B13: SUBTOTAL | F13: =SUM(F10:F12) -> 17153787 | G13: =+F13 -> 17153787
B15: Comunicaciones e Informática
B16: internet y telefonía fija | C16: MES | D16: 1 | E16: 246900 | F16: =+D16*E16 -> 246900 | G16: CLARO
C17: MES | E17: 169900 | F17: =+D17*E17 -> 0 | G17: TIGO
B18: telefonía móvil | C18: MES | E18: 63000 | G18: TIGO
C19: MES | D19: =+D20 -> 5 | E19: 57199 | F19: =+D19*E19 -> 285995 | G19: MOVISTAR
B20: Teléfono móvil | C20: UN | D20: 5 | E20: 617900 | F20: =+D20*E20/$D$7 -> 396089.74 | H20: Celular Huawei P Smart 2019 4G DS 32GB - Azul - Celular Huawei P Smart 2019 3G DS 32GB - Azul
B21: SUBTOTAL | E21: PROYECTO | F21: =SUM(F16:F20) -> 928984.74 | G21: =+F21 -> 928984.74
B22: Equipos de oficina
B23: escritorio | C23: UN | D23: =+$D$19 -> 5 | E23: 237900 | F23: =+D23*E23 -> 1189500
B24: silla | C24: UN | D24: =+$D$19 -> 5 | E24: 75990 | F24: =+D24*E24 -> 379950
B25: archivo | C25: UN | D25: 1 | E25: 284990 | F25: =+D25*E25 -> 284990
B26: mesa juntas | C26: UN | D26: 1 | E26: 449900 | F26: =+D26*E26 -> 449900
B27: sillas juntas | C27: UN | D27: 6 | E27: =+E24 -> 75990 | F27: =+D27*E27 -> 455940
B28: computador | C28: UN | D28: =+$D$19 -> 5 | E28: 3264000 | G28: ALQUILER
B29: plotter | C29: UN | D29: 1 | G29: ALQUILER
B30: impresora | C30: UN | D30: 2 | E30: 549000 | G30: ALQUILER
B31: SUBTOTAL | E31: PROYECTO | F31: =SUM(F23:F30) -> 2760280 | G31: =+F31/$D$7 -> 353882.05
B33: tintas y consumibles | C33: MES | D33: 10 | E33: 125200 | F33: =+D33*E33 -> 1252000
B35: Papelería (consumible/Mes)
B36: papel oficio / carta | C36: RESMA | D36: 8 | E36: 10450 | F36: =+D36*E36 -> 83600
B37: lapices CAJA X 12 UN | C37: UN | D37: 8 | E37: 7600 | F37: =+D37*E37 -> 60800
B38: carpetas | C38: UN | D38: 50 | E38: 2200 | F38: =+D38*E38 -> 110000
B39: esferos | C39: UN | D39: 10 | E39: 7667 | F39: =+D39*E39 -> 76670
B40: papel bond planos | C40: RLL | D40: 2 | E40: 75000 | F40: =+D40*E40 -> 150000
B41: otros - tintas | C41: UN | D41: 2 | E41: 134550 | F41: =+D41*E41 -> 269100
B42: SUBTOTAL | E42: MES | F42: =SUM(F33:F41) -> 2002170 | G42: =+F42 -> 2002170
B44: Fotocopias e impresiones
B45: Fotocopias e impresiones | C45: UN | D45: 400 | E45: 100 | F45: =+D45*E45 -> 40000
B46: Impresión planos | C46: UN | D46: 45 | E46: 3500 | F46: =+D46*E46 -> 157500
B47: Impresión informes | C47: UN | D47: 1 | E47: 500000 | F47: =+D47*E47 -> 500000
B48: SUBTOTAL | E48: MES | F48: =SUM(F45:F47) -> 697500 | G48: =+F48 -> 697500
B50: Licencia de Programas Computacionales Especiales
B51: acad | C51: UN | D51: 4 | E51: 4205000 | F51: =+D51*E51 -> 16820000
B52: office | C52: UN | D52: 5 | E52: 1145500 | F52: =+D52*E52 -> 5727500
B53: antivirus | C53: UN | D53: 5 | E53: 305370 | F53: =+D53*E53 -> 1526850
B54: project | C54: UN | D54: 4 | E54: 3938000 | F54: =+D54*E54 -> 15752000
B55: SUBTOTAL | E55: MES | F55: =SUM(F52:F54) -> 23006350 | G55: =+F55/$D$7 -> 2949532.1
B57: PRESUPUESTO MENSUAL POR PROYECTO COSTOS ADMINISTRATIVOS | G57: =SUM(G21:G55) -> 6932068.8
A60: INCIDENCIA ESTADÍSTICA PORCENTUAL POR PROYECTO
A63: DEPENDENCIA | B63: PROYECTO | C63: DURACIÓN | E63: VLR. PROYECTO PRESUPUESTO | F63: VLR. ACTIVIDAD CALCULADO | G63: INCIDENCIA PRESUPUESTAL
C64: UNIDAD | D64: CANT.
B65: CONSULTORÍA INTERVENTORÍA
A66: SUBDIRECCIÓN DE PARQUES | B66: ZONAS DURAS 2018 | E66: 525000000
B67: Comunicaciones e informática | C67: MES | D67: 8 | F67: 2776070 | G67: =+F67/$E$66 -> 0.0052877524
B68: Elaboración de informes, reproducción de documentos, planos y otros gastos | C68: MES | D68: 8 | F68: 2550000 | G68: =+F68/$E$66 -> 0.0048571429
B69: Licencia de Programas Computacionales Especiales, tales como: Autocad 2013, ArcGIS, CivilCad, TransModeler, VisSim, entre otros | C69: MES | D69: 8 | F69: 0 | G69: =+F69/$E$66 -> 0
B70: Computador (Mínimo: Procesador Intel CORE i5, RAM 4Gb DD 500Gb, Tarjeta Red. CDRW/DVDRW, Pantalla LCD 17"" teclado y mouse scroll optico) | C70: MES | D70: 8 | F70: 0 | G70: =+F70/$E$66 -> 0
B71: Impresora ( Mínimo: LaserJet 27ppm resolucion 1200x1200dpi y toner remanofacturado hasta 2500 pag.) | C71: MES | D71: 8 | F71: 0 | G71: =+F71/$E$66 -> 0
B72: Equipos de oficina | C72: MES | D72: 8 | F72: 0 | G72: =+F72/$E$66 -> 0
F73: =SUM(F67:F72) -> 5326070
B74: MOBILIARIO | E74: 360000000
B75: Comunicaciones e informática | C75: MES | D75: 8 | F75: 767751 | G75: =+F75/$E$74 -> 0.0021326417
B76: Elaboración de informes, reproducción de documentos, planos y otros gastos | C76: MES | D76: 8 | F76: 710952 | G76: =+F76/$E$74 -> 0.0019748667
B77: Licencia de Programas Computacionales Especiales, tales como: Autocad 2013, ArcGIS, CivilCad, TransModeler, VisSim, entre otros | C77: MES | D77: 8 | F77: 0 | G77: =+F77/$E$74 -> 0
B78: Computador (Mínimo: Procesador Intel CORE i5, RAM 4Gb DD 500Gb, Tarjeta Red. CDRW/DVDRW, Pantalla LCD 17"" teclado y mouse scroll optico) | C78: MES | D78: 8 | F78: 0 | G78: =+F78/$E$74 -> 0
B79: Impresora ( Mínimo: LaserJet 27ppm resolucion 1200x1200dpi y toner remanofacturado hasta 2500 pag.) | C79: MES | D79: 8 | F79: 0 | G79: =+F79/$E$74 -> 0
B80: Equipos de oficina | C80: MES | D80: 8 | F80: 0 | G80: =+F80/$E$74 -> 0
F81: =SUM(F75:F80) -> 1478703
B82: INFRAESTRUCTURA FISICA | E82: 1200000000
B83: Comunicaciones e informática | C83: MES | D83: 8 | F83: 3259304 | G83: =+F83/$E$82 -> 0.0027160867
B84: Elaboración de informes, reproducción de documentos, planos y otros gastos | C84: MES | D84: 8 | F84: 4175000 | G84: =+F84/$E$82 -> 0.0034791667
B85: Licencia de Programas Computacionales Especiales, tales como: Autocad 2013, ArcGIS, CivilCad, TransModeler, VisSim, entre otros | C85: MES | D85: 8 | F85: 0 | G85: =+F85/$E$82 -> 0
B86: Computador (Mínimo: Procesador Intel CORE i5, RAM 4Gb DD 500Gb, Tarjeta Red. CDRW/DVDRW, Pantalla LCD 17"" teclado y mouse scroll optico) | C86: MES | D86: 8 | F86: 0 | G86: =+F86/$E$82 -> 0
B87: Impresora ( Mínimo: LaserJet 27ppm resolucion 1200x1200dpi y toner remanofacturado hasta 2500 pag.) | C87: MES | D87: 8 | F87: 0 | G87: =+F87/$E$82 -> 0
B88: Equipos de oficina | C88: MES | D88: 8 | F88: 0 | G88: =+F88/$E$82 -> 0
F89: =SUM(F83:F88) -> 7434304
B90: GRAMAS | E90: 1634969089
B91: Comunicaciones e informática | C91: MES | D91: 8 | F91: 1000000 | G91: =+F91/$E$90 -> 0.00061163236
B92: Elaboración de informes, reproducción de documentos, planos y otros gastos | C92: MES | D92: 8 | F92: 1285000 | G92: =+F92/$E$90 -> 0.00078594758
B93: Licencia de Programas Computacionales Especiales, tales como: Autocad 2013, ArcGIS, CivilCad, TransModeler, VisSim, entre otros | C93: MES | D93: 8 | F93: 0 | G93: =+F93/$E$90 -> 0
B94: Computador (Mínimo: Procesador Intel CORE i5, RAM 4Gb DD 500Gb, Tarjeta Red. CDRW/DVDRW, Pantalla LCD 17"" teclado y mouse scroll optico) | C94: MES | D94: 8 | F94: 0 | G94: =+F94/$E$90 -> 0
B95: Impresora ( Mínimo: LaserJet 27ppm resolucion 1200x1200dpi y toner remanofacturado hasta 2500 pag.) | C95: MES | D95: 8 | F95: 0 | G95: =+F95/$E$90 -> 0
B96: Equipos de oficina | C96: MES | D96: 8 | F96: 0 | G96: =+F96/$E$90 -> 0
F97: =SUM(F91:F96) -> 2285000
A98: SUBDIRECCIÓN DE CONSTRUCCIONES | B98: TERCER MILENIO | E98: 908741802
B99: Comunicaciones e informática | C99: MES | D99: 9.5 | F99: 2050000 | G99: =+F99/$E$98 -> 0.0022558663
B100: Elaboración de informes, reproducción de documentos, planos y otros gastos | C100: MES | D100: 9.5 | F100: 3471462 | G100: =+F100/$E$98 -> 0.0038200752
B101: Licencia de Programas Computacionales Especiales, tales como: Autocad 2013, ArcGIS, CivilCad, TransModeler, VisSim, entre otros | C101: MES | D101: 9.5 | F101: 4000004 | G101: =+F101/$E$98 -> 0.0044016947
B102: Computador (Mínimo: Procesador Intel CORE i5, RAM 4Gb DD 500Gb, Tarjeta Red. CDRW/DVDRW, Pantalla LCD 17"" teclado y mouse scroll optico) | C102: MES | D102: 9.5 | F102: 0 | G102: =+F102/$E$98 -> 0
B103: Impresora ( Mínimo: LaserJet 27ppm resolucion 1200x1200dpi y toner remanofacturado hasta 2500 pag.) | C103: MES | D103: 9.5 | F103: 0 | G103: =+F103/$E$98 -> 0
B104: Equipos de oficina | C104: MES | D104: 9.5 | F104: 0 | G104: =+F104/$E$98 -> 0
F105: =SUM(F99:F104) -> 9521466
B106: VECINALES X 4 | E106: 1.4480679e+08
B107: Comunicaciones e informática | C107: MES | D107: 4.5 | F107: 438000 | G107: =+F107/$E$106 -> 0.0030247201
B108: Elaboración de informes, reproducción de documentos, planos y otros gastos | C108: MES | D108: 4.5 | F108: 520002 | G108: =+F108/$E$106 -> 0.0035910057
B109: Licencia de Programas Computacionales Especiales, tales como: Autocad 2013, ArcGIS, CivilCad, TransModeler, VisSim, entre otros | C109: MES | D109: 4.5 | F109: 700000 | G109: =+F109/$E$106 -> 0.0048340275
B110: Computador (Mínimo: Procesador Intel CORE i5, RAM 4Gb DD 500Gb, Tarjeta Red. CDRW/DVDRW, Pantalla LCD 17"" teclado y mouse scroll optico) | C110: MES | D110: 4.5 | F110: 0 | G110: =+F110/$E$106 -> 0
B111: Impresora ( Mínimo: LaserJet 27ppm resolucion 1200x1200dpi y toner remanofacturado hasta 2500 pag.) | C111: MES | D111: 4.5 | F111: 0 | G111: =+F111/$E$106 -> 0
B112: Equipos de oficina | C112: MES | D112: 4.5 | F112: 0 | G112: =+F112/$E$106 -> 0
F113: =SUM(F107:F112) -> 1658002
B114: JUAN AMARILLO COLSUBSIDIO | E114: 854499084
B115: Comunicaciones e informática | C115: MES | D115: 8.5 | F115: 3540003.5 | G115: =+F115/$E$114 -> 0.0041427821
...
